Workbook

Sheet FY2026 outlook
A1: FY2026 revenue: budget → outlook
A2: line | B2: FY outlook
A3: Revenue | B3: ='Year to date and full year, P&L'!E2 -> 77300427
A5: FY2026 EBITDA: budget → outlook
A6: line | B6: FY outlook
A7: EBITDA | B7: ='Year to date and full year, P&L'!E12 -> 12247963
A9: FY2026 EBITDA margin: budget → outlook
A10: line | B10: FY outlook
A11: EBITDA margin | B11: ='Year to date and full year, P&L'!E13 -> 0.15844625
A13: YTD revenue: budget → actual
A14: line | B14: YTD actual
A15: Revenue | B15: ='Year to date and full year, P&L'!B2 -> 50093798
A17: Year to date (January to August) and full year: outlook vs budget
A18: line | B18: YTD actual | C18: YTD budget | D18: YTD variance | E18: FY outlook | F18: FY budget | G18: FY variance | H18: FY variance %
A19: Revenue | B19: ='Year to date and full year, P&L'!B2 -> 50093798 | C19: ='Year to date and full year, P&L'!C2 -> 51108500 | D19: ='Year to date and full year, P&L'!D2 -> -1014702 | E19: ='Year to date and full year, P&L'!E2 -> 77300427 | F19: ='Year to date and full year, P&L'!F2 -> 81322000 | G19: ='Year to date and full year, P&L'!G2 -> -4021573.1 | H19: ='Year to date and full year, P&L'!H2 -> -0.049452462
A20: Cost of revenue | B20: ='Year to date and full year, P&L'!B3 -> -8497233 | C20: ='Year to date and full year, P&L'!C3 -> -8177300 | D20: ='Year to date and full year, P&L'!D3 -> -319933 | E20: ='Year to date and full year, P&L'!E3 -> -13095153 | F20: ='Year to date and full year, P&L'!F3 -> -13011400 | G20: ='Year to date and full year, P&L'!G3 -> -83753.278 | H20: ='Year to date and full year, P&L'!H3 -> -0.0064369152
A21: Gross profit | B21: ='Year to date and full year, P&L'!B4 -> 41596565 | C21: ='Year to date and full year, P&L'!C4 -> 42931200 | D21: ='Year to date and full year, P&L'!D4 -> -1334635 | E21: ='Year to date and full year, P&L'!E4 -> 64205274 | F21: ='Year to date and full year, P&L'!F4 -> 68310600 | G21: ='Year to date and full year, P&L'!G4 -> -4105326.4 | H21: ='Year to date and full year, P&L'!H4 -> -0.060097941
A22: Gross margin | B22: ='Year to date and full year, P&L'!B5 -> 0.83037355 | C22: ='Year to date and full year, P&L'!C5 -> 0.84000117 | D22: ='Year to date and full year, P&L'!D5 -> -0.0096276215 | E22: ='Year to date and full year, P&L'!E5 -> 0.83059404 | F22: ='Year to date and full year, P&L'!F5 -> 0.84000148 | G22: ='Year to date and full year, P&L'!G5 -> -0.0094074389 | H22: ='Year to date and full year, P&L'!H5
A23: Sales | B23: ='Year to date and full year, P&L'!B6 -> -7176944 | C23: ='Year to date and full year, P&L'!C6 -> -7238600 | D23: ='Year to date and full year, P&L'!D6 -> 61656 | E23: ='Year to date and full year, P&L'!E6 -> -11420640 | F23: ='Year to date and full year, P&L'!F6 -> -11550500 | G23: ='Year to date and full year, P&L'!G6 -> 129859.58 | H23: ='Year to date and full year, P&L'!H6 -> 0.011242767
A24: Marketing | B24: ='Year to date and full year, P&L'!B7 -> -6046043 | C24: ='Year to date and full year, P&L'!C7 -> -5997300 | D24: ='Year to date and full year, P&L'!D7 -> -48743 | E24: ='Year to date and full year, P&L'!E7 -> -9407009.1 | F24: ='Year to date and full year, P&L'!F7 -> -9519100 | G24: ='Year to date and full year, P&L'!G7 -> 112090.9 | H24: ='Year to date and full year, P&L'!H7 -> 0.011775367
A25: Engineering | B25: ='Year to date and full year, P&L'!B8 -> -14550616 | C25: ='Year to date and full year, P&L'!C8 -> -14196200 | D25: ='Year to date and full year, P&L'!D8 -> -354416 | E25: ='Year to date and full year, P&L'!E8 -> -23242687 | F25: ='Year to date and full year, P&L'!F8 -> -22713100 | G25: ='Year to date and full year, P&L'!G8 -> -529587.04 | H25: ='Year to date and full year, P&L'!H8 -> -0.02331637
A26: Customer success | B26: ='Year to date and full year, P&L'!B9 -> -1765931 | C26: ='Year to date and full year, P&L'!C9 -> -1739600 | D26: ='Year to date and full year, P&L'!D9 -> -26331 | E26: ='Year to date and full year, P&L'!E9 -> -2758987.5 | F26: ='Year to date and full year, P&L'!F9 -> -2729700 | G26: ='Year to date and full year, P&L'!G9 -> -29287.548 | H26: ='Year to date and full year, P&L'!H9 -> -0.010729219
A27: G&A | B27: ='Year to date and full year, P&L'!B10 -> -3321804 | C27: ='Year to date and full year, P&L'!C10 -> -3298300 | D27: ='Year to date and full year, P&L'!D10 -> -23504 | E27: ='Year to date and full year, P&L'!E10 -> -5127986.8 | F27: ='Year to date and full year, P&L'!F10 -> -5101500 | G27: ='Year to date and full year, P&L'!G10 -> -26486.841 | H27: ='Year to date and full year, P&L'!H10 -> -0.0051919712
A28: Total operating expenses | B28: ='Year to date and full year, P&L'!B11 -> -32861338 | C28: ='Year to date and full year, P&L'!C11 -> -32470000 | D28: ='Year to date and full year, P&L'!D11 -> -391338 | E28: ='Year to date and full year, P&L'!E11 -> -51957311 | F28: ='Year to date and full year, P&L'!F11 -> -51613900 | G28: ='Year to date and full year, P&L'!G11 -> -343410.95 | H28: ='Year to date and full year, P&L'!H11 -> -0.0066534586
A29: EBITDA | B29: ='Year to date and full year, P&L'!B12 -> 8735227 | C29: ='Year to date and full year, P&L'!C12 -> 10461200 | D29: ='Year to date and full year, P&L'!D12 -> -1725973 | E29: ='Year to date and full year, P&L'!E12 -> 12247963 | F29: ='Year to date and full year, P&L'!F12 -> 16696700 | G29: ='Year to date and full year, P&L'!G12 -> -4448737.4 | H29: ='Year to date and full year, P&L'!H12 -> -0.26644411
A30: EBITDA margin | B30: ='Year to date and full year, P&L'!B13 -> 0.17437741 | C30: ='Year to date and full year, P&L'!C13 -> 0.20468611 | D30: ='Year to date and full year, P&L'!D13 -> -0.030308694 | E30: ='Year to date and full year, P&L'!E13 -> 0.15844625 | F30: ='Year to date and full year, P&L'!F13 -> 0.2053159 | G30: ='Year to date and full year, P&L'!G13 -> -0.046869656 | H30: ='Year to date and full year, P&L'!H13
A31: Headcount (period end) | B31: ='Year to date and full year, P&L'!B14 -> 157 | C31: ='Year to date and full year, P&L'!C14 | D31: ='Year to date and full year, P&L'!D14 | E31: ='Year to date and full year, P&L'!E14 -> 181 | F31: ='Year to date and full year, P&L'!F14 | G31: ='Year to date and full year, P&L'!G14 | H31: ='Year to date and full year, P&L'!H14
A33: P&L by month: actuals through August, forecast from September
A34: line | B34: Jan-26 | C34: Feb-26 | D34: Mar-26 | E34: Apr-26 | F34: May-26 | G34: Jun-26 | H34: Jul-26 | I34: Aug-26 | J34: Sep-26 | K34: Oct-26 | L34: Nov-26 | M34: Dec-26
A35: Revenue | B35: ='P&L, company'!B2 -> 5805377 | C35: ='P&L, company'!C2 -> 5971791 | D35: ='P&L, company'!D2 -> 6163400 | E35: ='P&L, company'!E2 -> 6308539 | F35: ='P&L, company'!F2 -> 6303996 | G35: ='P&L, company'!G2 -> 6697760 | H35: ='P&L, company'!H2 -> 6355349 | I35: ='P&L, company'!I2 -> 6487586 | ... M35: ='P&L, company'!M2 -> 6994873.5
A36: Cost of revenue | B36: ='P&L, company'!B3 -> -986170 | C36: ='P&L, company'!C3 -> -952408 | D36: ='P&L, company'!D3 -> -1034787 | E36: ='P&L, company'!E3 -> -1087972 | F36: ='P&L, company'!F3 -> -1096306 | G36: ='P&L, company'!G3 -> -1135360 | H36: ='P&L, company'!H3 -> -1071020 | I36: ='P&L, company'!I3 -> -1133210 | ... M36: ='P&L, company'!M3 -> -1182133.6
A37: Gross profit | B37: ='P&L, company'!B4 -> 4819207 | C37: ='P&L, company'!C4 -> 5019383 | D37: ='P&L, company'!D4 -> 5128613 | E37: ='P&L, company'!E4 -> 5220567 | F37: ='P&L, company'!F4 -> 5207690 | G37: ='P&L, company'!G4 -> 5562400 | H37: ='P&L, company'!H4 -> 5284329 | I37: ='P&L, company'!I4 -> 5354376 | ... M37: ='P&L, company'!M4 -> 5812739.9
A38: Gross margin | B38: ='P&L, company'!B5 -> 0.83012817 | C38: ='P&L, company'!C5 -> 0.84051552 | D38: ='P&L, company'!D5 -> 0.83210777 | E38: ='P&L, company'!E5 -> 0.82753978 | F38: ='P&L, company'!F5 -> 0.82609348 | G38: ='P&L, company'!G5 -> 0.83048661 | H38: ='P&L, company'!H5 -> 0.83147739 | I38: ='P&L, company'!I5 -> 0.8253264 | ... M38: ='P&L, company'!M5 -> 0.831
A39: Sales | B39: ='P&L, company'!B6 -> -849341 | C39: ='P&L, company'!C6 -> -867858 | D39: ='P&L, company'!D6 -> -863615 | E39: ='P&L, company'!E6 -> -886420 | F39: ='P&L, company'!F6 -> -936465 | G39: ='P&L, company'!G6 -> -929182 | H39: ='P&L, company'!H6 -> -923299 | I39: ='P&L, company'!I6 -> -920764 | ... M39: ='P&L, company'!M6 -> -1087331.7
A40: Marketing | B40: ='P&L, company'!B7 -> -683393 | C40: ='P&L, company'!C7 -> -705740 | D40: ='P&L, company'!D7 -> -788776 | E40: ='P&L, company'!E7 -> -747374 | F40: ='P&L, company'!F7 -> -783071 | G40: ='P&L, company'!G7 -> -786388 | H40: ='P&L, company'!H7 -> -783573 | I40: ='P&L, company'!I7 -> -767728 | ... M40: ='P&L, company'!M7 -> -860152.44
A41: Engineering | B41: ='P&L, company'!B8 -> -1600623 | C41: ='P&L, company'!C8 -> -1720715 | D41: ='P&L, company'!D8 -> -1799591 | E41: ='P&L, company'!E8 -> -1815438 | F41: ='P&L, company'!F8 -> -1777277 | G41: ='P&L, company'!G8 -> -1978006 | H41: ='P&L, company'!H8 -> -1935577 | I41: ='P&L, company'!I8 -> -1923389 | ... M41: ='P&L, company'!M8 -> -2228332.4
A42: Customer success | B42: ='P&L, company'!B9 -> -183354 | C42: ='P&L, company'!C9 -> -216793 | D42: ='P&L, company'!D9 -> -212232 | E42: ='P&L, company'!E9 -> -214549 | F42: ='P&L, company'!F9 -> -225075 | G42: ='P&L, company'!G9 -> -229633 | H42: ='P&L, company'!H9 -> -234078 | I42: ='P&L, company'!I9 -> -250217 | ... M42: ='P&L, company'!M9 -> -251189.49
A43: G&A | B43: ='P&L, company'!B10 -> -387726 | C43: ='P&L, company'!C10 -> -409294 | D43: ='P&L, company'!D10 -> -403582 | E43: ='P&L, company'!E10 -> -422121 | F43: ='P&L, company'!F10 -> -420311 | G43: ='P&L, company'!G10 -> -420183 | H43: ='P&L, company'!H10 -> -439279 | I43: ='P&L, company'!I10 -> -419308 | ... M43: ='P&L, company'!M10 -> -453386.14
A44: Total operating expenses | B44: ='P&L, company'!B11 -> -3704437 | C44: ='P&L, company'!C11 -> -3920400 | D44: ='P&L, company'!D11 -> -4067796 | E44: ='P&L, company'!E11 -> -4085902 | F44: ='P&L, company'!F11 -> -4142199 | G44: ='P&L, company'!G11 -> -4343392 | H44: ='P&L, company'!H11 -> -4315806 | I44: ='P&L, company'!I11 -> -4281406 | ... M44: ='P&L, company'!M11 -> -4880392.2
A45: EBITDA | B45: ='P&L, company'!B12 -> 1114770 | C45: ='P&L, company'!C12 -> 1098983 | D45: ='P&L, company'!D12 -> 1060817 | E45: ='P&L, company'!E12 -> 1134665 | F45: ='P&L, company'!F12 -> 1065491 | G45: ='P&L, company'!G12 -> 1219008 | H45: ='P&L, company'!H12 -> 968523 | I45: ='P&L, company'!I12 -> 1072970 | ... M45: ='P&L, company'!M12 -> 932347.64
A46: EBITDA margin | B46: ='P&L, company'!B13 -> 0.1920237 | C46: ='P&L, company'!C13 -> 0.18402905 | D46: ='P&L, company'!D13 -> 0.17211555 | E46: ='P&L, company'!E13 -> 0.17986177 | F46: ='P&L, company'!F13 -> 0.16901835 | G46: ='P&L, company'!G13 -> 0.18200234 | H46: ='P&L, company'!H13 -> 0.15239494 | I46: ='P&L, company'!I13 -> 0.16538817 | ... M46: ='P&L, company'!M13 -> 0.13329014
A47: Headcount (period end) | B47: ='P&L, company'!B14 -> 131 | C47: ='P&L, company'!C14 -> 134 | D47: ='P&L, company'!D14 -> 140 | E47: ='P&L, company'!E14 -> 143 | F47: ='P&L, company'!F14 -> 147 | G47: ='P&L, company'!G14 -> 150 | H47: ='P&L, company'!H14 -> 154 | I47: ='P&L, company'!I14 -> 157 | ... M47: ='P&L, company'!M14 -> 181
A49: Revenue, gross profit and EBITDA by month
A50: line | B50: Jan-26 | C50: Feb-26 | D50: Mar-26 | E50: Apr-26 | F50: May-26 | G50: Jun-26 | H50: Jul-26 | I50: Aug-26 | J50: Sep-26 | K50: Oct-26 | L50: Nov-26 | M50: Dec-26
A51: Revenue | B51: ='P&L, company'!B2 -> 5805377 | C51: ='P&L, company'!C2 -> 5971791 | D51: ='P&L, company'!D2 -> 6163400 | E51: ='P&L, company'!E2 -> 6308539 | F51: ='P&L, company'!F2 -> 6303996 | G51: ='P&L, company'!G2 -> 6697760 | H51: ='P&L, company'!H2 -> 6355349 | I51: ='P&L, company'!I2 -> 6487586 | ... M51: ='P&L, company'!M2 -> 6994873.5
A52: Gross profit | B52: ='P&L, company'!B4 -> 4819207 | C52: ='P&L, company'!C4 -> 5019383 | D52: ='P&L, company'!D4 -> 5128613 | E52: ='P&L, company'!E4 -> 5220567 | F52: ='P&L, company'!F4 -> 5207690 | G52: ='P&L, company'!G4 -> 5562400 | H52: ='P&L, company'!H4 -> 5284329 | I52: ='P&L, company'!I4 -> 5354376 | ... M52: ='P&L, company'!M4 -> 5812739.9
A53: EBITDA | B53: ='P&L, company'!B12 -> 1114770 | C53: ='P&L, company'!C12 -> 1098983 | D53: ='P&L, company'!D12 -> 1060817 | E53: ='P&L, company'!E12 -> 1134665 | F53: ='P&L, company'!F12 -> 1065491 | G53: ='P&L, company'!G12 -> 1219008 | H53: ='P&L, company'!H12 -> 968523 | I53: ='P&L, company'!I12 -> 1072970 | ... M53: ='P&L, company'!M12 -> 932347.64
A72: Margins by month
A73: line | B73: Jan-26 | C73: Feb-26 | D73: Mar-26 | E73: Apr-26 | F73: May-26 | G73: Jun-26 | H73: Jul-26 | I73: Aug-26 | J73: Sep-26 | K73: Oct-26 | L73: Nov-26 | M73: Dec-26
A74: Gross margin | B74: ='P&L, company'!B5 -> 0.83012817 | C74: ='P&L, company'!C5 -> 0.84051552 | D74: ='P&L, company'!D5 -> 0.83210777 | E74: ='P&L, company'!E5 -> 0.82753978 | F74: ='P&L, company'!F5 -> 0.82609348 | G74: ='P&L, company'!G5 -> 0.83048661 | H74: ='P&L, company'!H5 -> 0.83147739 | I74: ='P&L, company'!I5 -> 0.8253264 | ... M74: ='P&L, company'!M5 -> 0.831
A75: EBITDA margin | B75: ='P&L, company'!B13 -> 0.1920237 | C75: ='P&L, company'!C13 -> 0.18402905 | D75: ='P&L, company'!D13 -> 0.17211555 | E75: ='P&L, company'!E13 -> 0.17986177 | F75: ='P&L, company'!F13 -> 0.16901835 | G75: ='P&L, company'!G13 -> 0.18200234 | H75: ='P&L, company'!H13 -> 0.15239494 | I75: ='P&L, company'!I13 -> 0.16538817 | ... M75: ='P&L, company'!M13 -> 0.13329014
A94: Operating expenses by department
A95: line | B95: Jan-26 | C95: Feb-26 | D95: Mar-26 | E95: Apr-26 | F95: May-26 | G95: Jun-26 | H95: Jul-26 | I95: Aug-26 | J95: Sep-26 | K95: Oct-26 | L95: Nov-26 | M95: Dec-26
A96: Sales | B96: ='P&L, company'!B6 -> -849341 | C96: ='P&L, company'!C6 -> -867858 | D96: ='P&L, company'!D6 -> -863615 | E96: ='P&L, company'!E6 -> -886420 | F96: ='P&L, company'!F6 -> -936465 | G96: ='P&L, company'!G6 -> -929182 | H96: ='P&L, company'!H6 -> -923299 | I96: ='P&L, company'!I6 -> -920764 | ... M96: ='P&L, company'!M6 -> -1087331.7
A97: Marketing | B97: ='P&L, company'!B7 -> -683393 | C97: ='P&L, company'!C7 -> -705740 | D97: ='P&L, company'!D7 -> -788776 | E97: ='P&L, company'!E7 -> -747374 | F97: ='P&L, company'!F7 -> -783071 | G97: ='P&L, company'!G7 -> -786388 | H97: ='P&L, company'!H7 -> -783573 | I97: ='P&L, company'!I7 -> -767728 | ... M97: ='P&L, company'!M7 -> -860152.44
A98: Engineering | B98: ='P&L, company'!B8 -> -1600623 | C98: ='P&L, company'!C8 -> -1720715 | D98: ='P&L, company'!D8 -> -1799591 | E98: ='P&L, company'!E8 -> -1815438 | F98: ='P&L, company'!F8 -> -1777277 | G98: ='P&L, company'!G8 -> -1978006 | H98: ='P&L, company'!H8 -> -1935577 | I98: ='P&L, company'!I8 -> -1923389 | ... M98: ='P&L, company'!M8 -> -2228332.4
A99: Customer success | B99: ='P&L, company'!B9 -> -183354 | C99: ='P&L, company'!C9 -> -216793 | D99: ='P&L, company'!D9 -> -212232 | E99: ='P&L, company'!E9 -> -214549 | F99: ='P&L, company'!F9 -> -225075 | G99: ='P&L, company'!G9 -> -229633 | H99: ='P&L, company'!H9 -> -234078 | I99: ='P&L, company'!I9 -> -250217 | ... M99: ='P&L, company'!M9 -> -251189.49
A100: G&A | B100: ='P&L, company'!B10 -> -387726 | C100: ='P&L, company'!C10 -> -409294 | D100: ='P&L, company'!D10 -> -403582 | E100: ='P&L, company'!E10 -> -422121 | F100: ='P&L, company'!F10 -> -420311 | G100: ='P&L, company'!G10 -> -420183 | H100: ='P&L, company'!H10 -> -439279 | I100: ='P&L, company'!I10 -> -419308 | ... M100: ='P&L, company'!M10 -> -453386.14
A119: Revenue by entity
A120: subsidiary | B120: Jan-26 | C120: Feb-26 | D120: Mar-26 | E120: Apr-26 | F120: May-26 | G120: Jun-26 | H120: Jul-26 | I120: Aug-26 | J120: Sep-26 | K120: Oct-26 | L120: Nov-26 | M120: Dec-26
A121: United States | B121: ='P&L by entity'!C2 -> 4131437 | C121: ='P&L by entity'!D2 -> 4250476 | D121: ='P&L by entity'!E2 -> 4370513 | E121: ='P&L by entity'!F2 -> 4448928 | F121: ='P&L by entity'!G2 -> 4429226 | G121: ='P&L by entity'!H2 -> 4725798 | H121: ='P&L by entity'!I2 -> 4406956 | I121: ='P&L by entity'!J2 -> 4544037 | ... M121: ='P&L by entity'!N2 -> 4899351.5
A122: United Kingdom | B122: ='P&L by entity'!C3 -> 1673940 | C122: ='P&L by entity'!D3 -> 1721315 | D122: ='P&L by entity'!E3 -> 1792887 | E122: ='P&L by entity'!F3 -> 1859611 | F122: ='P&L by entity'!G3 -> 1874770 | G122: ='P&L by entity'!H3 -> 1971962 | H122: ='P&L by entity'!I3 -> 1948393 | I122: ='P&L by entity'!J3 -> 1943549 | ... M122: ='P&L by entity'!N3 -> 2095522
A141: Every cell on this sheet refers to the statement sheets; edit inputs there (blue) and this dashboard follows.

Sheet Departments and headcount
A1: Department spend: year to date and full year, outlook vs budget
A2: subsidiary | B2: department | C2: YTD actual | D2: YTD budget | E2: YTD variance | F2: FY outlook | G2: FY budget | H2: FY variance | I2: FY variance %
A3: United States | B3: Sales | C3: ='Year to date and full year, by '!D159 -> -5295380 | D3: ='Year to date and full year, by '!E159 -> -5295300 | E3: ='Year to date and full year, by '!F159 -> -80 | F3: ='Year to date and full year, by '!G159 -> -8387819.1 | G3: ='Year to date and full year, by '!H159 -> -8444400 | H3: ='Year to date and full year, by '!I159 -> 56580.869 | I3: ='Year to date and full year, by '!J159 -> 0.0067004013
B4: Marketing | C4: ='Year to date and full year, by '!D160 -> -4228473 | D4: ='Year to date and full year, by '!E160 -> -4219400 | E4: ='Year to date and full year, by '!F160 -> -9073 | F4: ='Year to date and full year, by '!G160 -> -6577552.5 | G4: ='Year to date and full year, by '!H160 -> -6693000 | H4: ='Year to date and full year, by '!I160 -> 115447.48 | I4: ='Year to date and full year, by '!J160 -> 0.017248989
B5: Engineering | C5: ='Year to date and full year, by '!D161 -> -10444615 | D5: ='Year to date and full year, by '!E161 -> -10173900 | E5: ='Year to date and full year, by '!F161 -> -270715 | F5: ='Year to date and full year, by '!G161 -> -16601305 | G5: ='Year to date and full year, by '!H161 -> -16214600 | H5: ='Year to date and full year, by '!I161 -> -386704.76 | I5: ='Year to date and full year, by '!J161 -> -0.023849171
B6: Customer success | C6: ='Year to date and full year, by '!D162 -> -1305948 | D6: ='Year to date and full year, by '!E162 -> -1286900 | E6: ='Year to date and full year, by '!F162 -> -19048 | F6: ='Year to date and full year, by '!G162 -> -2050949.9 | G6: ='Year to date and full year, by '!H162 -> -2031500 | H6: ='Year to date and full year, by '!I162 -> -19449.865 | I6: ='Year to date and full year, by '!J162 -> -0.00957414
B7: G&A | C7: ='Year to date and full year, by '!D163 -> -2423375 | D7: ='Year to date and full year, by '!E163 -> -2413200 | E7: ='Year to date and full year, by '!F163 -> -10175 | F7: ='Year to date and full year, by '!G163 -> -3747097 | G7: ='Year to date and full year, by '!H163 -> -3716700 | H7: ='Year to date and full year, by '!I163 -> -30397.021 | I7: ='Year to date and full year, by '!J163 -> -0.0081784973
A8: United Kingdom | B8: Sales | C8: ='Year to date and full year, by '!D165 -> -1881564 | D8: ='Year to date and full year, by '!E165 -> -1943300 | E8: ='Year to date and full year, by '!F165 -> 61736 | F8: ='Year to date and full year, by '!G165 -> -3032821.3 | G8: ='Year to date and full year, by '!H165 -> -3106100 | H8: ='Year to date and full year, by '!I165 -> 73278.713 | I8: ='Year to date and full year, by '!J165 -> 0.023591872
B9: Marketing | C9: ='Year to date and full year, by '!D166 -> -1817570 | D9: ='Year to date and full year, by '!E166 -> -1777900 | E9: ='Year to date and full year, by '!F166 -> -39670 | F9: ='Year to date and full year, by '!G166 -> -2829456.6 | G9: ='Year to date and full year, by '!H166 -> -2826100 | H9: ='Year to date and full year, by '!I166 -> -3356.5861 | I9: ='Year to date and full year, by '!J166 -> -0.0011877096
B10: Engineering | C10: ='Year to date and full year, by '!D167 -> -4106001 | D10: ='Year to date and full year, by '!E167 -> -4022300 | E10: ='Year to date and full year, by '!F167 -> -83701 | F10: ='Year to date and full year, by '!G167 -> -6641382.3 | G10: ='Year to date and full year, by '!H167 -> -6498500 | H10: ='Year to date and full year, by '!I167 -> -142882.27 | I10: ='Year to date and full year, by '!J167 -> -0.021986962
B11: Customer success | C11: ='Year to date and full year, by '!D168 -> -459983 | D11: ='Year to date and full year, by '!E168 -> -452700 | E11: ='Year to date and full year, by '!F168 -> -7283 | F11: ='Year to date and full year, by '!G168 -> -708037.68 | G11: ='Year to date and full year, by '!H168 -> -698200 | H11: ='Year to date and full year, by '!I168 -> -9837.6828 | I11: ='Year to date and full year, by '!J168 -> -0.014090064
B12: G&A | C12: ='Year to date and full year, by '!D169 -> -898429 | D12: ='Year to date and full year, by '!E169 -> -885100 | E12: ='Year to date and full year, by '!F169 -> -13329 | F12: ='Year to date and full year, by '!G169 -> -1380889.8 | G12: ='Year to date and full year, by '!H169 -> -1384800 | H12: ='Year to date and full year, by '!I169 -> 3910.1801 | I12: ='Year to date and full year, by '!J169 -> 0.0028236425
A14: US departments by account: outlook vs budget
A15: department | B15: line | C15: YTD actual | D15: YTD budget | E15: YTD variance | F15: FY outlook | G15: FY budget | H15: FY variance | I15: FY variance %
A16: Sales | B16: Revenue | C16: ='Year to date and full year, by '!D3 -> 0 | D16: ='Year to date and full year, by '!E3 -> 0 | E16: ='Year to date and full year, by '!F3 -> 0 | F16: ='Year to date and full year, by '!G3 -> 0 | G16: ='Year to date and full year, by '!H3 -> 0 | H16: ='Year to date and full year, by '!I3 -> 0 | I16: ='Year to date and full year, by '!J3
B17: Cost of revenue: hosting | C17: ='Year to date and full year, by '!D15 -> 0 | D17: ='Year to date and full year, by '!E15 -> 0 | E17: ='Year to date and full year, by '!F15 -> 0 | F17: ='Year to date and full year, by '!G15 -> 0 | G17: ='Year to date and full year, by '!H15 -> 0 | H17: ='Year to date and full year, by '!I15 -> 0 | I17: ='Year to date and full year, by '!J15
B18: Cost of revenue: support | C18: ='Year to date and full year, by '!D27 -> 0 | D18: ='Year to date and full year, by '!E27 -> 0 | E18: ='Year to date and full year, by '!F27 -> 0 | F18: ='Year to date and full year, by '!G27 -> 0 | G18: ='Year to date and full year, by '!H27 -> 0 | H18: ='Year to date and full year, by '!I27 -> 0 | I18: ='Year to date and full year, by '!J27
B19: Salaries | C19: ='Year to date and full year, by '!D39 -> -2709304 | D19: ='Year to date and full year, by '!E39 -> -2722500 | E19: ='Year to date and full year, by '!F39 -> 13196 | F19: ='Year to date and full year, by '!G39 -> -4359304 | G19: ='Year to date and full year, by '!H39 -> -4372500 | H19: ='Year to date and full year, by '!I39 -> 13196 | I19: ='Year to date and full year, by '!J39 -> 0.0030179531
B20: Benefits and payroll taxes | C20: ='Year to date and full year, by '!D51 -> -553831 | D20: ='Year to date and full year, by '!E51 -> -571800 | E20: ='Year to date and full year, by '!F51 -> 17969 | F20: ='Year to date and full year, by '!G51 -> -906931 | G20: ='Year to date and full year, by '!H51 -> -918200 | H20: ='Year to date and full year, by '!I51 -> 11269 | I20: ='Year to date and full year, by '!J51 -> 0.012272925
B21: Commissions | C21: ='Year to date and full year, by '!D63 -> -1644744 | D21: ='Year to date and full year, by '!E63 -> -1619600 | E21: ='Year to date and full year, by '!F63 -> -25144 | F21: ='Year to date and full year, by '!G63 -> -2540379.5 | G21: ='Year to date and full year, by '!H63 -> -2577100 | H21: ='Year to date and full year, by '!I63 -> 36720.455 | I21: ='Year to date and full year, by '!J63 -> 0.01424875
B22: Contractors | C22: ='Year to date and full year, by '!D75 -> 0 | D22: ='Year to date and full year, by '!E75 -> 0 | E22: ='Year to date and full year, by '!F75 -> 0 | F22: ='Year to date and full year, by '!G75 -> 0 | G22: ='Year to date and full year, by '!H75 -> 0 | H22: ='Year to date and full year, by '!I75 -> 0 | I22: ='Year to date and full year, by '!J75
B23: Cloud and infrastructure | C23: ='Year to date and full year, by '!D87 -> 0 | D23: ='Year to date and full year, by '!E87 -> 0 | E23: ='Year to date and full year, by '!F87 -> 0 | F23: ='Year to date and full year, by '!G87 -> 0 | G23: ='Year to date and full year, by '!H87 -> 0 | H23: ='Year to date and full year, by '!I87 -> 0 | I23: ='Year to date and full year, by '!J87
B24: Marketing programs | C24: ='Year to date and full year, by '!D99 -> 0 | D24: ='Year to date and full year, by '!E99 -> 0 | E24: ='Year to date and full year, by '!F99 -> 0 | F24: ='Year to date and full year, by '!G99 -> 0 | G24: ='Year to date and full year, by '!H99 -> 0 | H24: ='Year to date and full year, by '!I99 -> 0 | I24: ='Year to date and full year, by '!J99
B25: Software and tools | C25: ='Year to date and full year, by '!D111 -> -74243 | D25: ='Year to date and full year, by '!E111 -> -73000 | E25: ='Year to date and full year, by '!F111 -> -1243 | F25: ='Year to date and full year, by '!G111 -> -111163.86 | G25: ='Year to date and full year, by '!H111 -> -110400 | H25: ='Year to date and full year, by '!I111 -> -763.86331 | I25: ='Year to date and full year, by '!J111 -> -0.0069190517
B26: Travel and events | C26: ='Year to date and full year, by '!D123 -> -313258 | D26: ='Year to date and full year, by '!E123 -> -308400 | E26: ='Year to date and full year, by '!F123 -> -4858 | F26: ='Year to date and full year, by '!G123 -> -470040.72 | G26: ='Year to date and full year, by '!H123 -> -466200 | H26: ='Year to date and full year, by '!I123 -> -3840.7224 | I26: ='Year to date and full year, by '!J123 -> -0.0082383579
B27: Rent and facilities | C27: ='Year to date and full year, by '!D135 -> 0 | D27: ='Year to date and full year, by '!E135 -> 0 | E27: ='Year to date and full year, by '!F135 -> 0 | F27: ='Year to date and full year, by '!G135 -> 0 | G27: ='Year to date and full year, by '!H135 -> 0 | H27: ='Year to date and full year, by '!I135 -> 0 | I27: ='Year to date and full year, by '!J135
B28: Professional fees | C28: ='Year to date and full year, by '!D147 -> 0 | D28: ='Year to date and full year, by '!E147 -> 0 | E28: ='Year to date and full year, by '!F147 -> 0 | F28: ='Year to date and full year, by '!G147 -> 0 | G28: ='Year to date and full year, by '!H147 -> 0 | H28: ='Year to date and full year, by '!I147 -> 0 | I28: ='Year to date and full year, by '!J147
B29: Net | C29: ='Year to date and full year, by '!D159 -> -5295380 | D29: ='Year to date and full year, by '!E159 -> -5295300 | E29: ='Year to date and full year, by '!F159 -> -80 | F29: ='Year to date and full year, by '!G159 -> -8387819.1 | G29: ='Year to date and full year, by '!H159 -> -8444400 | H29: ='Year to date and full year, by '!I159 -> 56580.869 | I29: ='Year to date and full year, by '!J159 -> 0.0067004013
A30: Marketing | B30: Revenue | C30: ='Year to date and full year, by '!D4 -> 0 | D30: ='Year to date and full year, by '!E4 -> 0 | E30: ='Year to date and full year, by '!F4 -> 0 | F30: ='Year to date and full year, by '!G4 -> 0 | G30: ='Year to date and full year, by '!H4 -> 0 | H30: ='Year to date and full year, by '!I4 -> 0 | I30: ='Year to date and full year, by '!J4
B31: Cost of revenue: hosting | C31: ='Year to date and full year, by '!D16 -> 0 | D31: ='Year to date and full year, by '!E16 -> 0 | E31: ='Year to date and full year, by '!F16 -> 0 | F31: ='Year to date and full year, by '!G16 -> 0 | G31: ='Year to date and full year, by '!H16 -> 0 | H31: ='Year to date and full year, by '!I16 -> 0 | I31: ='Year to date and full year, by '!J16
B32: Cost of revenue: support | C32: ='Year to date and full year, by '!D28 -> 0 | D32: ='Year to date and full year, by '!E28 -> 0 | E32: ='Year to date and full year, by '!F28 -> 0 | F32: ='Year to date and full year, by '!G28 -> 0 | G32: ='Year to date and full year, by '!H28 -> 0 | H32: ='Year to date and full year, by '!I28 -> 0 | I32: ='Year to date and full year, by '!J28
B33: Salaries | C33: ='Year to date and full year, by '!D40 -> -905854 | D33: ='Year to date and full year, by '!E40 -> -933400 | E33: ='Year to date and full year, by '!F40 -> 27546 | F33: ='Year to date and full year, by '!G40 -> -1454187.3 | G33: ='Year to date and full year, by '!H40 -> -1481700 | H33: ='Year to date and full year, by '!I40 -> 27512.667 | I33: ='Year to date and full year, by '!J40 -> 0.018568311
B34: Benefits and payroll taxes | C34: ='Year to date and full year, by '!D52 -> -201537 | D34: ='Year to date and full year, by '!E52 -> -195800 | E34: ='Year to date and full year, by '!F52 -> -5737 | F34: ='Year to date and full year, by '!G52 -> -318880.33 | G34: ='Year to date and full year, by '!H52 -> -310900 | H34: ='Year to date and full year, by '!I52 -> -7980.3333 | I34: ='Year to date and full year, by '!J52 -> -0.025668489
B35: Commissions | C35: ='Year to date and full year, by '!D64 -> 0 | D35: ='Year to date and full year, by '!E64 -> 0 | E35: ='Year to date and full year, by '!F64 -> 0 | F35: ='Year to date and full year, by '!G64 -> 0 | G35: ='Year to date and full year, by '!H64 -> 0 | H35: ='Year to date and full year, by '!I64 -> 0 | I35: ='Year to date and full year, by '!J64
B36: Contractors | C36: ='Year to date and full year, by '!D76 -> 0 | D36: ='Year to date and full year, by '!E76 -> 0 | E36: ='Year to date and full year, by '!F76 -> 0 | F36: ='Year to date and full year, by '!G76 -> 0 | G36: ='Year to date and full year, by '!H76 -> 0 | H36: ='Year to date and full year, by '!I76 -> 0 | I36: ='Year to date and full year, by '!J76
B37: Cloud and infrastructure | C37: ='Year to date and full year, by '!D88 -> 0 | D37: ='Year to date and full year, by '!E88 -> 0 | E37: ='Year to date and full year, by '!F88 -> 0 | F37: ='Year to date and full year, by '!G88 -> 0 | G37: ='Year to date and full year, by '!H88 -> 0 | H37: ='Year to date and full year, by '!I88 -> 0 | I37: ='Year to date and full year, by '!J88
B38: Marketing programs | C38: ='Year to date and full year, by '!D100 -> -2912888 | D38: ='Year to date and full year, by '!E100 -> -2879400 | E38: ='Year to date and full year, by '!F100 -> -33488 | F38: ='Year to date and full year, by '!G100 -> -4494542.3 | G38: ='Year to date and full year, by '!H100 -> -4581600 | H38: ='Year to date and full year, by '!I100 -> 87057.739 | I38: ='Year to date and full year, by '!J100 -> 0.019001602
B39: Software and tools | C39: ='Year to date and full year, by '!D112 -> -111750 | D39: ='Year to date and full year, by '!E112 -> -113600 | E39: ='Year to date and full year, by '!F112 -> 1850 | F39: ='Year to date and full year, by '!G112 -> -165764.98 | G39: ='Year to date and full year, by '!H112 -> -171800 | H39: ='Year to date and full year, by '!I112 -> 6035.0165 | I39: ='Year to date and full year, by '!J112 -> 0.035128152
B40: Travel and events | C40: ='Year to date and full year, by '!D124 -> -96444 | D40: ='Year to date and full year, by '!E124 -> -97200 | E40: ='Year to date and full year, by '!F124 -> 756 | F40: ='Year to date and full year, by '!G124 -> -144177.6 | G40: ='Year to date and full year, by '!H124 -> -147000 | H40: ='Year to date and full year, by '!I124 -> 2822.3951 | I40: ='Year to date and full year, by '!J124 -> 0.019199967
B41: Rent and facilities | C41: ='Year to date and full year, by '!D136 -> 0 | D41: ='Year to date and full year, by '!E136 -> 0 | E41: ='Year to date and full year, by '!F136 -> 0 | F41: ='Year to date and full year, by '!G136 -> 0 | G41: ='Year to date and full year, by '!H136 -> 0 | H41: ='Year to date and full year, by '!I136 -> 0 | I41: ='Year to date and full year, by '!J136
B42: Professional fees | C42: ='Year to date and full year, by '!D148 -> 0 | D42: ='Year to date and full year, by '!E148 -> 0 | E42: ='Year to date and full year, by '!F148 -> 0 | F42: ='Year to date and full year, by '!G148 -> 0 | G42: ='Year to date and full year, by '!H148 -> 0 | H42: ='Year to date and full year, by '!I148 -> 0 | I42: ='Year to date and full year, by '!J148
B43: Net | C43: ='Year to date and full year, by '!D160 -> -4228473 | D43: ='Year to date and full year, by '!E160 -> -4219400 | E43: ='Year to date and full year, by '!F160 -> -9073 | F43: ='Year to date and full year, by '!G160 -> -6577552.5 | G43: ='Year to date and full year, by '!H160 -> -6693000 | H43: ='Year to date and full year, by '!I160 -> 115447.48 | I43: ='Year to date and full year, by '!J160 -> 0.017248989
A44: Engineering | B44: Revenue | C44: ='Year to date and full year, by '!D5 -> 0 | D44: ='Year to date and full year, by '!E5 -> 0 | E44: ='Year to date and full year, by '!F5 -> 0 | F44: ='Year to date and full year, by '!G5 -> 0 | G44: ='Year to date and full year, by '!H5 -> 0 | H44: ='Year to date and full year, by '!I5 -> 0 | I44: ='Year to date and full year, by '!J5
B45: Cost of revenue: hosting | C45: ='Year to date and full year, by '!D17 -> 0 | D45: ='Year to date and full year, by '!E17 -> 0 | E45: ='Year to date and full year, by '!F17 -> 0 | F45: ='Year to date and full year, by '!G17 -> 0 | G45: ='Year to date and full year, by '!H17 -> 0 | H45: ='Year to date and full year, by '!I17 -> 0 | I45: ='Year to date and full year, by '!J17
B46: Cost of revenue: support | C46: ='Year to date and full year, by '!D29 -> 0 | D46: ='Year to date and full year, by '!E29 -> 0 | E46: ='Year to date and full year, by '!F29 -> 0 | F46: ='Year to date and full year, by '!G29 -> 0 | G46: ='Year to date and full year, by '!H29 -> 0 | H46: ='Year to date and full year, by '!I29 -> 0 | I46: ='Year to date and full year, by '!J29
B47: Salaries | C47: ='Year to date and full year, by '!D41 -> -5402747 | D47: ='Year to date and full year, by '!E41 -> -5620800 | E47: ='Year to date and full year, by '!F41 -> 218053 | F47: ='Year to date and full year, by '!G41 -> -8791080.3 | G47: ='Year to date and full year, by '!H41 -> -9009100 | H47: ='Year to date and full year, by '!I41 -> 218019.67 | I47: ='Year to date and full year, by '!J41 -> 0.024199939
B48: Benefits and payroll taxes | C48: ='Year to date and full year, by '!D53 -> -1183673 | D48: ='Year to date and full year, by '!E53 -> -1180400 | E48: ='Year to date and full year, by '!F53 -> -3273 | F48: ='Year to date and full year, by '!G53 -> -1908776.3 | G48: ='Year to date and full year, by '!H53 -> -1892000 | H48: ='Year to date and full year, by '!I53 -> -16776.333 | I48: ='Year to date and full year, by '!J53 -> -0.0088669838
B49: Commissions | C49: ='Year to date and full year, by '!D65 -> 0 | D49: ='Year to date and full year, by '!E65 -> 0 | E49: ='Year to date and full year, by '!F65 -> 0 | F49: ='Year to date and full year, by '!G65 -> 0 | G49: ='Year to date and full year, by '!H65 -> 0 | H49: ='Year to date and full year, by '!I65 -> 0 | I49: ='Year to date and full year, by '!J65
B50: Contractors | C50: ='Year to date and full year, by '!D77 -> -491954 | D50: ='Year to date and full year, by '!E77 -> -502900 | E50: ='Year to date and full year, by '!F77 -> 10946 | F50: ='Year to date and full year, by '!G77 -> -749445.86 | G50: ='Year to date and full year, by '!H77 -> -760500 | H50: ='Year to date and full year, by '!I77 -> 11054.142 | I50: ='Year to date and full year, by '!J77 -> 0.014535361
B51: Cloud and infrastructure | C51: ='Year to date and full year, by '!D89 -> -3195620 | D51: ='Year to date and full year, by '!E89 -> -2699400 | E51: ='Year to date and full year, by '!F89 -> -496220 | F51: ='Year to date and full year, by '!G89 -> -4891610.7 | G51: ='Year to date and full year, by '!H89 -> -4295300 | H51: ='Year to date and full year, by '!I89 -> -596310.71 | I51: ='Year to date and full year, by '!J89 -> -0.13882865
B52: Marketing programs | C52: ='Year to date and full year, by '!D101 -> 0 | D52: ='Year to date and full year, by '!E101 -> 0 | E52: ='Year to date and full year, by '!F101 -> 0 | F52: ='Year to date and full year, by '!G101 -> 0 | G52: ='Year to date and full year, by '!H101 -> 0 | H52: ='Year to date and full year, by '!I101 -> 0 | I52: ='Year to date and full year, by '!J101
B53: Software and tools | C53: ='Year to date and full year, by '!D113 -> -170621 | D53: ='Year to date and full year, by '!E113 -> -170400 | E53: ='Year to date and full year, by '!F113 -> -221 | F53: ='Year to date and full year, by '!G113 -> -260391.52 | G53: ='Year to date and full year, by '!H113 -> -257700 | H53: ='Year to date and full year, by '!I113 -> -2691.5231 | I53: ='Year to date and full year, by '!J113 -> -0.010444405
B54: Travel and events | C54: ='Year to date and full year, by '!D125 -> 0 | D54: ='Year to date and full year, by '!E125 -> 0 | E54: ='Year to date and full year, by '!F125 -> 0 | F54: ='Year to date and full year, by '!G125 -> 0 | G54: ='Year to date and full year, by '!H125 -> 0 | H54: ='Year to date and full year, by '!I125 -> 0 | I54: ='Year to date and full year, by '!J125
B55: Rent and facilities | C55: ='Year to date and full year, by '!D137 -> 0 | D55: ='Year to date and full year, by '!E137 -> 0 | E55: ='Year to date and full year, by '!F137 -> 0 | F55: ='Year to date and full year, by '!G137 -> 0 | G55: ='Year to date and full year, by '!H137 -> 0 | H55: ='Year to date and full year, by '!I137 -> 0 | I55: ='Year to date and full year, by '!J137
B56: Professional fees | C56: ='Year to date and full year, by '!D149 -> 0 | D56: ='Year to date and full year, by '!E149 -> 0 | E56: ='Year to date and full year, by '!F149 -> 0 | F56: ='Year to date and full year, by '!G149 -> 0 | G56: ='Year to date and full year, by '!H149 -> 0 | H56: ='Year to date and full year, by '!I149 -> 0 | I56: ='Year to date and full year, by '!J149
B57: Net | C57: ='Year to date and full year, by '!D161 -> -10444615 | D57: ='Year to date and full year, by '!E161 -> -10173900 | E57: ='Year to date and full year, by '!F161 -> -270715 | F57: ='Year to date and full year, by '!G161 -> -16601305 | G57: ='Year to date and full year, by '!H161 -> -16214600 | H57: ='Year to date and full year, by '!I161 -> -386704.76 | I57: ='Year to date and full year, by '!J161 -> -0.023849171
A58: Customer success | B58: Revenue | C58: ='Year to date and full year, by '!D6 -> 0 | D58: ='Year to date and full year, by '!E6 -> 0 | E58: ='Year to date and full year, by '!F6 -> 0 | F58: ='Year to date and full year, by '!G6 -> 0 | G58: ='Year to date and full year, by '!H6 -> 0 | H58: ='Year to date and full year, by '!I6 -> 0 | I58: ='Year to date and full year, by '!J6
B59: Cost of revenue: hosting | C59: ='Year to date and full year, by '!D18 -> 0 | D59: ='Year to date and full year, by '!E18 -> 0 | E59: ='Year to date and full year, by '!F18 -> 0 | F59: ='Year to date and full year, by '!G18 -> 0 | G59: ='Year to date and full year, by '!H18 -> 0 | H59: ='Year to date and full year, by '!I18 -> 0 | I59: ='Year to date and full year, by '!J18
B60: Cost of revenue: support | C60: ='Year to date and full year, by '!D30 -> 0 | D60: ='Year to date and full year, by '!E30 -> 0 | E60: ='Year to date and full year, by '!F30 -> 0 | F60: ='Year to date and full year, by '!G30 -> 0 | G60: ='Year to date and full year, by '!H30 -> 0 | H60: ='Year to date and full year, by '!I30 -> 0 | I60: ='Year to date and full year, by '!J30
B61: Salaries | C61: ='Year to date and full year, by '!D42 -> -998089 | D61: ='Year to date and full year, by '!E42 -> -990000 | E61: ='Year to date and full year, by '!F42 -> -8089 | F61: ='Year to date and full year, by '!G42 -> -1575589 | G61: ='Year to date and full year, by '!H42 -> -1567600 | H61: ='Year to date and full year, by '!I42 -> -7989 | I61: ='Year to date and full year, by '!J42 -> -0.0050963256
B62: Benefits and payroll taxes | C62: ='Year to date and full year, by '!D54 -> -216700 | D62: ='Year to date and full year, by '!E54 -> -207700 | E62: ='Year to date and full year, by '!F54 -> -9000 | F62: ='Year to date and full year, by '!G54 -> -340285 | G62: ='Year to date and full year, by '!H54 -> -329000 | H62: ='Year to date and full year, by '!I54 -> -11285 | I62: ='Year to date and full year, by '!J54 -> -0.034300912
B63: Commissions | C63: ='Year to date and full year, by '!D66 -> 0 | D63: ='Year to date and full year, by '!E66 -> 0 | E63: ='Year to date and full year, by '!F66 -> 0 | F63: ='Year to date and full year, by '!G66 -> 0 | G63: ='Year to date and full year, by '!H66 -> 0 | H63: ='Year to date and full year, by '!I66 -> 0 | I63: ='Year to date and full year, by '!J66
B64: Contractors | C64: ='Year to date and full year, by '!D78 -> 0 | D64: ='Year to date and full year, by '!E78 -> 0 | E64: ='Year to date and full year, by '!F78 -> 0 | F64: ='Year to date and full year, by '!G78 -> 0 | G64: ='Year to date and full year, by '!H78 -> 0 | H64: ='Year to date and full year, by '!I78 -> 0 | I64: ='Year to date and full year, by '!J78
B65: Cloud and infrastructure | C65: ='Year to date and full year, by '!D90 -> 0 | D65: ='Year to date and full year, by '!E90 -> 0 | E65: ='Year to date and full year, by '!F90 -> 0 | F65: ='Year to date and full year, by '!G90 -> 0 | G65: ='Year to date and full year, by '!H90 -> 0 | H65: ='Year to date and full year, by '!I90 -> 0 | I65: ='Year to date and full year, by '!J90
B66: Marketing programs | C66: ='Year to date and full year, by '!D102 -> 0 | D66: ='Year to date and full year, by '!E102 -> 0 | E66: ='Year to date and full year, by '!F102 -> 0 | F66: ='Year to date and full year, by '!G102 -> 0 | G66: ='Year to date and full year, by '!H102 -> 0 | H66: ='Year to date and full year, by '!I102 -> 0 | I66: ='Year to date and full year, by '!J102
B67: Software and tools | C67: ='Year to date and full year, by '!D114 -> -57883 | D67: ='Year to date and full year, by '!E114 -> -56800 | E67: ='Year to date and full year, by '!F114 -> -1083 | F67: ='Year to date and full year, by '!G114 -> -85359.463 | G67: ='Year to date and full year, by '!H114 -> -85900 | H67: ='Year to date and full year, by '!I114 -> 540.53656 | I67: ='Year to date and full year, by '!J114 -> 0.0062926259
B68: Travel and events | C68: ='Year to date and full year, by '!D126 -> -33276 | D68: ='Year to date and full year, by '!E126 -> -32400 | E68: ='Year to date and full year, by '!F126 -> -876 | F68: ='Year to date and full year, by '!G126 -> -49716.402 | G68: ='Year to date and full year, by '!H126 -> -49000 | H68: ='Year to date and full year, by '!I126 -> -716.40202 | I68: ='Year to date and full year, by '!J126 -> -0.014620449
B69: Rent and facilities | C69: ='Year to date and full year, by '!D138 -> 0 | D69: ='Year to date and full year, by '!E138 -> 0 | E69: ='Year to date and full year, by '!F138 -> 0 | F69: ='Year to date and full year, by '!G138 -> 0 | G69: ='Year to date and full year, by '!H138 -> 0 | H69: ='Year to date and full year, by '!I138 -> 0 | I69: ='Year to date and full year, by '!J138
B70: Professional fees | C70: ='Year to date and full year, by '!D150 -> 0 | D70: ='Year to date and full year, by '!E150 -> 0 | E70: ='Year to date and full year, by '!F150 -> 0 | F70: ='Year to date and full year, by '!G150 -> 0 | G70: ='Year to date and full year, by '!H150 -> 0 | H70: ='Year to date and full year, by '!I150 -> 0 | I70: ='Year to date and full year, by '!J150
B71: Net | C71: ='Year to date and full year, by '!D162 -> -1305948 | D71: ='Year to date and full year, by '!E162 -> -1286900 | E71: ='Year to date and full year, by '!F162 -> -19048 | F71: ='Year to date and full year, by '!G162 -> -2050949.9 | G71: ='Year to date and full year, by '!H162 -> -2031500 | H71: ='Year to date and full year, by '!I162 -> -19449.865 | I71: ='Year to date and full year, by '!J162 -> -0.00957414
A72: G&A | B72: Revenue | C72: ='Year to date and full year, by '!D7 -> 0 | D72: ='Year to date and full year, by '!E7 -> 0 | E72: ='Year to date and full year, by '!F7 -> 0 | F72: ='Year to date and full year, by '!G7 -> 0 | G72: ='Year to date and full year, by '!H7 -> 0 | H72: ='Year to date and full year, by '!I7 -> 0 | I72: ='Year to date and full year, by '!J7
B73: Cost of revenue: hosting | C73: ='Year to date and full year, by '!D19 -> 0 | D73: ='Year to date and full year, by '!E19 -> 0 | E73: ='Year to date and full year, by '!F19 -> 0 | F73: ='Year to date and full year, by '!G19 -> 0 | G73: ='Year to date and full year, by '!H19 -> 0 | H73: ='Year to date and full year, by '!I19 -> 0 | I73: ='Year to date and full year, by '!J19
B74: Cost of revenue: support | C74: ='Year to date and full year, by '!D31 -> 0 | D74: ='Year to date and full year, by '!E31 -> 0 | E74: ='Year to date and full year, by '!F31 -> 0 | F74: ='Year to date and full year, by '!G31 -> 0 | G74: ='Year to date and full year, by '!H31 -> 0 | H74: ='Year to date and full year, by '!I31 -> 0 | I74: ='Year to date and full year, by '!J31
B75: Salaries | C75: ='Year to date and full year, by '!D43 -> -1075245 | D75: ='Year to date and full year, by '!E43 -> -1062500 | E75: ='Year to date and full year, by '!F43 -> -12745 | F75: ='Year to date and full year, by '!G43 -> -1675245 | G75: ='Year to date and full year, by '!H43 -> -1662500 | H75: ='Year to date and full year, by '!I43 -> -12745 | I75: ='Year to date and full year, by '!J43 -> -0.0076661654
B76: Benefits and payroll taxes | C76: ='Year to date and full year, by '!D55 -> -224338 | D76: ='Year to date and full year, by '!E55 -> -223100 | E76: ='Year to date and full year, by '!F55 -> -1238 | F76: ='Year to date and full year, by '!G55 -> -352738 | G76: ='Year to date and full year, by '!H55 -> -349100 | H76: ='Year to date and full year, by '!I55 -> -3638 | I76: ='Year to date and full year, by '!J55 -> -0.010421083
B77: Commissions | C77: ='Year to date and full year, by '!D67 -> 0 | D77: ='Year to date and full year, by '!E67 -> 0 | E77: ='Year to date and full year, by '!F67 -> 0 | F77: ='Year to date and full year, by '!G67 -> 0 | G77: ='Year to date and full year, by '!H67 -> 0 | H77: ='Year to date and full year, by '!I67 -> 0 | I77: ='Year to date and full year, by '!J67
B78: Contractors | C78: ='Year to date and full year, by '!D79 -> 0 | D78: ='Year to date and full year, by '!E79 -> 0 | E78: ='Year to date and full year, by '!F79 -> 0 | F78: ='Year to date and full year, by '!G79 -> 0 | G78: ='Year to date and full year, by '!H79 -> 0 | H78: ='Year to date and full year, by '!I79 -> 0 | I78: ='Year to date and full year, by '!J79
B79: Cloud and infrastructure | C79: ='Year to date and full year, by '!D91 -> 0 | D79: ='Year to date and full year, by '!E91 -> 0 | E79: ='Year to date and full year, by '!F91 -> 0 | F79: ='Year to date and full year, by '!G91 -> 0 | G79: ='Year to date and full year, by '!H91 -> 0 | H79: ='Year to date and full year, by '!I91 -> 0 | I79: ='Year to date and full year, by '!J91
B80: Marketing programs | C80: ='Year to date and full year, by '!D103 -> 0 | D80: ='Year to date and full year, by '!E103 -> 0 | E80: ='Year to date and full year, by '!F103 -> 0 | F80: ='Year to date and full year, by '!G103 -> 0 | G80: ='Year to date and full year, by '!H103 -> 0 | H80: ='Year to date and full year, by '!I103 -> 0 | I80: ='Year to date and full year, by '!J103
B81: Software and tools | C81: ='Year to date and full year, by '!D115 -> -91063 | D81: ='Year to date and full year, by '!E115 -> -89200 | E81: ='Year to date and full year, by '!F115 -> -1863 | F81: ='Year to date and full year, by '!G115 -> -138674.79 | G81: ='Year to date and full year, by '!H115 -> -134900 | H81: ='Year to date and full year, by '!I115 -> -3774.794 | I81: ='Year to date and full year, by '!J115 -> -0.027982165
B82: Travel and events | C82: ='Year to date and full year, by '!D127 -> -48515 | D82: ='Year to date and full year, by '!E127 -> -48600 | E82: ='Year to date and full year, by '!F127 -> 85 | F82: ='Year to date and full year, by '!G127 -> -72487.372 | G82: ='Year to date and full year, by '!H127 -> -73500 | H82: ='Year to date and full year, by '!I127 -> 1012.6282 | I82: ='Year to date and full year, by '!J127 -> 0.013777254
B83: Rent and facilities | C83: ='Year to date and full year, by '!D139 -> -710849 | D83: ='Year to date and full year, by '!E139 -> -714000 | E83: ='Year to date and full year, by '!F139 -> 3151 | F83: ='Year to date and full year, by '!G139 -> -1096010.8 | G83: ='Year to date and full year, by '!H139 -> -1079700 | H83: ='Year to date and full year, by '!I139 -> -16310.792 | I83: ='Year to date and full year, by '!J139 -> -0.015106781
B84: Professional fees | C84: ='Year to date and full year, by '!D151 -> -273365 | D84: ='Year to date and full year, by '!E151 -> -275800 | E84: ='Year to date and full year, by '!F151 -> 2435 | F84: ='Year to date and full year, by '!G151 -> -411941.06 | G84: ='Year to date and full year, by '!H151 -> -417000 | H84: ='Year to date and full year, by '!I151 -> 5058.9367 | I84: ='Year to date and full year, by '!J151 -> 0.012131743
B85: Net | C85: ='Year to date and full year, by '!D163 -> -2423375 | D85: ='Year to date and full year, by '!E163 -> -2413200 | E85: ='Year to date and full year, by '!F163 -> -10175 | F85: ='Year to date and full year, by '!G163 -> -3747097 | G85: ='Year to date and full year, by '!H163 -> -3716700 | H85: ='Year to date and full year, by '!I163 -> -30397.021 | I85: ='Year to date and full year, by '!J163 -> -0.0081784973
A87: Headcount plan (period end; edit September to December) | B87: Inputs: edit the blue cells on the 'Headcount plan' sheet; this table follows them.
A88: subsidiary | B88: department | C88: Jan-26 | D88: Feb-26 | E88: Mar-26 | F88: Apr-26 | G88: May-26 | H88: Jun-26 | I88: Jul-26 | J88: Aug-26 | K88: Sep-26 | L88: Oct-26 | M88: Nov-26 | N88: Dec-26
A89: United States | B89: Sales | C89: ='Headcount plan'!D3 -> 22 | D89: ='Headcount plan'!E3 -> 23 | E89: ='Headcount plan'!F3 -> 23 | F89: ='Headcount plan'!G3 -> 24 | G89: ='Headcount plan'!H3 -> 24 | H89: ='Headcount plan'!I3 -> 25 | I89: ='Headcount plan'!J3 -> 25 | J89: ='Headcount plan'!K3 -> 26 | ... N89: ='Headcount plan'!O3 -> 31
B90: Marketing | C90: ='Headcount plan'!D4 -> 9 | D90: ='Headcount plan'!E4 -> 9 | E90: ='Headcount plan'!F4 -> 10 | F90: ='Headcount plan'!G4 -> 10 | G90: ='Headcount plan'!H4 -> 10 | H90: ='Headcount plan'!I4 -> 10 | I90: ='Headcount plan'!J4 -> 11 | J90: ='Headcount plan'!K4 -> 11 | ... N90: ='Headcount plan'!O4 -> 12
B91: Engineering | C91: ='Headcount plan'!D5 -> 39 | D91: ='Headcount plan'!E5 -> 40 | E91: ='Headcount plan'!F5 -> 42 | F91: ='Headcount plan'!G5 -> 43 | G91: ='Headcount plan'!H5 -> 44 | H91: ='Headcount plan'!I5 -> 46 | I91: ='Headcount plan'!J5 -> 47 | J91: ='Headcount plan'!K5 -> 48 | ... N91: ='Headcount plan'!O5 -> 55
B92: Customer success | C92: ='Headcount plan'!D6 -> 12 | D92: ='Headcount plan'!E6 -> 13 | E92: ='Headcount plan'!F6 -> 13 | F92: ='Headcount plan'!G6 -> 13 | G92: ='Headcount plan'!H6 -> 14 | H92: ='Headcount plan'!I6 -> 14 | I92: ='Headcount plan'!J6 -> 14 | J92: ='Headcount plan'!K6 -> 15 | ... N92: ='Headcount plan'!O6 -> 16
B93: G&A | C93: ='Headcount plan'!D7 -> 10 | D93: ='Headcount plan'!E7 -> 10 | E93: ='Headcount plan'!F7 -> 10 | F93: ='Headcount plan'!G7 -> 11 | G93: ='Headcount plan'!H7 -> 11 | H93: ='Headcount plan'!I7 -> 11 | I93: ='Headcount plan'!J7 -> 11 | J93: ='Headcount plan'!K7 -> 11 | ... N93: ='Headcount plan'!O7 -> 12
A94: United Kingdom | B94: Sales | C94: ='Headcount plan'!D9 -> 9 | D94: ='Headcount plan'!E9 -> 9 | E94: ='Headcount plan'!F9 -> 9 | F94: ='Headcount plan'!G9 -> 9 | G94: ='Headcount plan'!H9 -> 9 | H94: ='Headcount plan'!I9 -> 9 | I94: ='Headcount plan'!J9 -> 9 | J94: ='Headcount plan'!K9 -> 9 | ... N94: ='Headcount plan'!O9 -> 12
B95: Marketing | C95: ='Headcount plan'!D10 -> 4 | D95: ='Headcount plan'!E10 -> 4 | E95: ='Headcount plan'!F10 -> 5 | F95: ='Headcount plan'!G10 -> 5 | G95: ='Headcount plan'!H10 -> 5 | H95: ='Headcount plan'!I10 -> 5 | I95: ='Headcount plan'!J10 -> 6 | J95: ='Headcount plan'!K10 -> 6 | ... N95: ='Headcount plan'!O10 -> 6
B96: Engineering | C96: ='Headcount plan'!D11 -> 17 | D96: ='Headcount plan'!E11 -> 17 | E96: ='Headcount plan'!F11 -> 19 | F96: ='Headcount plan'!G11 -> 19 | G96: ='Headcount plan'!H11 -> 20 | H96: ='Headcount plan'!I11 -> 20 | I96: ='Headcount plan'!J11 -> 21 | J96: ='Headcount plan'!K11 -> 21 | ... N96: ='Headcount plan'!O11 -> 26
B97: Customer success | C97: ='Headcount plan'!D12 -> 5 | D97: ='Headcount plan'!E12 -> 5 | E97: ='Headcount plan'!F12 -> 5 | F97: ='Headcount plan'!G12 -> 5 | G97: ='Headcount plan'!H12 -> 6 | H97: ='Headcount plan'!I12 -> 6 | I97: ='Headcount plan'!J12 -> 6 | J97: ='Headcount plan'!K12 -> 6 | ... N97: ='Headcount plan'!O12 -> 6
B98: G&A | C98: ='Headcount plan'!D13 -> 4 | D98: ='Headcount plan'!E13 -> 4 | E98: ='Headcount plan'!F13 -> 4 | F98: ='Headcount plan'!G13 -> 4 | G98: ='Headcount plan'!H13 -> 4 | H98: ='Headcount plan'!I13 -> 4 | I98: ='Headcount plan'!J13 -> 4 | J98: ='Headcount plan'!K13 -> 4 | ... N98: ='Headcount plan'!O13 -> 5
A100: US headcount by department
A101: department | B101: Jan-26 | C101: Feb-26 | D101: Mar-26 | E101: Apr-26 | F101: May-26 | G101: Jun-26 | H101: Jul-26 | I101: Aug-26 | J101: Sep-26 | K101: Oct-26 | L101: Nov-26 | M101: Dec-26
A102: Sales | B102: ='Headcount plan'!D3 -> 22 | C102: ='Headcount plan'!E3 -> 23 | D102: ='Headcount plan'!F3 -> 23 | E102: ='Headcount plan'!G3 -> 24 | F102: ='Headcount plan'!H3 -> 24 | G102: ='Headcount plan'!I3 -> 25 | H102: ='Headcount plan'!J3 -> 25 | I102: ='Headcount plan'!K3 -> 26 | ... M102: ='Headcount plan'!O3 -> 31
A103: Marketing | B103: ='Headcount plan'!D4 -> 9 | C103: ='Headcount plan'!E4 -> 9 | D103: ='Headcount plan'!F4 -> 10 | E103: ='Headcount plan'!G4 -> 10 | F103: ='Headcount plan'!H4 -> 10 | G103: ='Headcount plan'!I4 -> 10 | H103: ='Headcount plan'!J4 -> 11 | I103: ='Headcount plan'!K4 -> 11 | ... M103: ='Headcount plan'!O4 -> 12
...

Sheet Drivers, budget and ledger
A1: Forecast drivers, September to December (edit any cell) | B1: Inputs: edit the blue cells on the 'Forecast drivers' sheet; this table follows them.
A2: line | B2: Sep-26 | C2: Oct-26 | D2: Nov-26 | E2: Dec-26
A3: Revenue growth per month | B3: ='Forecast drivers'!J2 -> 0.019 | C3: ='Forecast drivers'!K2 -> 0.019 | D3: ='Forecast drivers'!L2 -> 0.019 | E3: ='Forecast drivers'!M2 -> 0.019
A4: Hosting cost, % of revenue | B4: ='Forecast drivers'!J3 -> 0.118 | C4: ='Forecast drivers'!K3 -> 0.118 | D4: ='Forecast drivers'!L3 -> 0.118 | E4: ='Forecast drivers'!M3 -> 0.118
A5: Support cost, % of revenue | B5: ='Forecast drivers'!J4 -> 0.051 | C5: ='Forecast drivers'!K4 -> 0.051 | D5: ='Forecast drivers'!L4 -> 0.051 | E5: ='Forecast drivers'!M4 -> 0.051
A6: Benefits, % of salaries | B6: ='Forecast drivers'!J5 -> 0.214 | C6: ='Forecast drivers'!K5 -> 0.214 | D6: ='Forecast drivers'!L5 -> 0.214 | E6: ='Forecast drivers'!M5 -> 0.214
A7: Commissions, % of revenue | B7: ='Forecast drivers'!J6 -> 0.047 | C7: ='Forecast drivers'!K6 -> 0.047 | D7: ='Forecast drivers'!L6 -> 0.047 | E7: ='Forecast drivers'!M6 -> 0.047
A8: Marketing programs, % of revenue | B8: ='Forecast drivers'!J7 -> 0.083 | C8: ='Forecast drivers'!K7 -> 0.083 | D8: ='Forecast drivers'!L7 -> 0.083 | E8: ='Forecast drivers'!M7 -> 0.083
A9: Cloud, % of revenue | B9: ='Forecast drivers'!J8 -> 0.089 | C9: ='Forecast drivers'!K8 -> 0.089 | D9: ='Forecast drivers'!L8 -> 0.089 | E9: ='Forecast drivers'!M8 -> 0.089
A10: Other opex growth per month | B10: ='Forecast drivers'!J9 -> 0.006 | C10: ='Forecast drivers'!K9 -> 0.006 | D10: ='Forecast drivers'!L9 -> 0.006 | E10: ='Forecast drivers'!M9 -> 0.006
A12: Loaded cost per head, annual (edit any cell) | B12: Inputs: edit the blue cells on the 'Headcount plan' sheet; this table follows them.
A13: subsidiary | B13: department | C13: Sep-26 | D13: Oct-26 | E13: Nov-26 | F13: Dec-26
A14: United States | B14: Sales | C14: ='Headcount plan'!L15 -> 165000 | D14: ='Headcount plan'!M15 -> 165000 | E14: ='Headcount plan'!N15 -> 165000 | F14: ='Headcount plan'!O15 -> 165000
B15: Marketing | C15: ='Headcount plan'!L16 -> 140000 | D15: ='Headcount plan'!M16 -> 140000 | E15: ='Headcount plan'!N16 -> 140000 | F15: ='Headcount plan'!O16 -> 140000
B16: Engineering | C16: ='Headcount plan'!L17 -> 190000 | D16: ='Headcount plan'!M17 -> 190000 | E16: ='Headcount plan'!N17 -> 190000 | F16: ='Headcount plan'!O17 -> 190000
B17: Customer success | C17: ='Headcount plan'!L18 -> 110000 | D17: ='Headcount plan'!M18 -> 110000 | E17: ='Headcount plan'!N18 -> 110000 | F17: ='Headcount plan'!O18 -> 110000
B18: G&A | C18: ='Headcount plan'!L19 -> 150000 | D18: ='Headcount plan'!M19 -> 150000 | E18: ='Headcount plan'!N19 -> 150000 | F18: ='Headcount plan'!O19 -> 150000
A19: United Kingdom | B19: Sales | C19: ='Headcount plan'!L21 -> 140000 | D19: ='Headcount plan'!M21 -> 140000 | E19: ='Headcount plan'!N21 -> 140000 | F19: ='Headcount plan'!O21 -> 140000
B20: Marketing | C20: ='Headcount plan'!L22 -> 119000 | D20: ='Headcount plan'!M22 -> 119000 | E20: ='Headcount plan'!N22 -> 119000 | F20: ='Headcount plan'!O22 -> 119000
B21: Engineering | C21: ='Headcount plan'!L23 -> 162000 | D21: ='Headcount plan'!M23 -> 162000 | E21: ='Headcount plan'!N23 -> 162000 | F21: ='Headcount plan'!O23 -> 162000
B22: Customer success | C22: ='Headcount plan'!L24 -> 94000 | D22: ='Headcount plan'!M24 -> 94000 | E22: ='Headcount plan'!N24 -> 94000 | F22: ='Headcount plan'!O24 -> 94000
B23: G&A | C23: ='Headcount plan'!L25 -> 128000 | D23: ='Headcount plan'!M25 -> 128000 | E23: ='Headcount plan'!N25 -> 128000 | F23: ='Headcount plan'!O25 -> 128000
A25: Outlook by account: last three actual months and the first two forecast months
A26: subsidiary | B26: department | C26: line | D26: Jun-26 | E26: Jul-26 | F26: Aug-26 | G26: Sep-26 | H26: Oct-26
A27: United States | B27: Company (revenue and cost of revenue) | C27: Revenue | D27: ='Outlook actuals from the ledger'!I2 -> 4725798 | E27: ='Outlook actuals from the ledger'!J2 -> 4406956 | F27: ='Outlook actuals from the ledger'!K2 -> 4544037 | G27: ='Outlook actuals from the ledger'!L2 -> 4630373.7 | H27: ='Outlook actuals from the ledger'!M2 -> 4718350.8
C28: Cost of revenue: hosting | D28: ='Outlook actuals from the ledger'!I14 -> -565452 | E28: ='Outlook actuals from the ledger'!J14 -> -519886 | F28: ='Outlook actuals from the ledger'!K14 -> -545435 | G28: ='Outlook actuals from the ledger'!L14 -> -546384.1 | H28: ='Outlook actuals from the ledger'!M14 -> -556765.39
C29: Cost of revenue: support | D29: ='Outlook actuals from the ledger'!I26 -> -231642 | E29: ='Outlook actuals from the ledger'!J26 -> -231061 | F29: ='Outlook actuals from the ledger'!K26 -> -242311 | G29: ='Outlook actuals from the ledger'!L26 -> -236149.06 | H29: ='Outlook actuals from the ledger'!M26 -> -240635.89
C30: Salaries | D30: ='Outlook actuals from the ledger'!I38 -> 0 | E30: ='Outlook actuals from the ledger'!J38 -> 0 | F30: ='Outlook actuals from the ledger'!K38 -> 0 | G30: ='Outlook actuals from the ledger'!L38 -> 0 | H30: ='Outlook actuals from the ledger'!M38 -> 0
C31: Benefits and payroll taxes | D31: ='Outlook actuals from the ledger'!I50 -> 0 | E31: ='Outlook actuals from the ledger'!J50 -> 0 | F31: ='Outlook actuals from the ledger'!K50 -> 0 | G31: ='Outlook actuals from the ledger'!L50 -> 0 | H31: ='Outlook actuals from the ledger'!M50 -> 0
C32: Commissions | D32: ='Outlook actuals from the ledger'!I62 -> 0 | E32: ='Outlook actuals from the ledger'!J62 -> 0 | F32: ='Outlook actuals from the ledger'!K62 -> 0 | G32: ='Outlook actuals from the ledger'!L62 -> 0 | H32: ='Outlook actuals from the ledger'!M62 -> 0
C33: Contractors | D33: ='Outlook actuals from the ledger'!I74 -> 0 | E33: ='Outlook actuals from the ledger'!J74 -> 0 | F33: ='Outlook actuals from the ledger'!K74 -> 0 | G33: ='Outlook actuals from the ledger'!L74 -> 0 | H33: ='Outlook actuals from the ledger'!M74 -> 0
C34: Cloud and infrastructure | D34: ='Outlook actuals from the ledger'!I86 -> 0 | E34: ='Outlook actuals from the ledger'!J86 -> 0 | F34: ='Outlook actuals from the ledger'!K86 -> 0 | G34: ='Outlook actuals from the ledger'!L86 -> 0 | H34: ='Outlook actuals from the ledger'!M86 -> 0
C35: Marketing programs | D35: ='Outlook actuals from the ledger'!I98 -> 0 | E35: ='Outlook actuals from the ledger'!J98 -> 0 | F35: ='Outlook actuals from the ledger'!K98 -> 0 | G35: ='Outlook actuals from the ledger'!L98 -> 0 | H35: ='Outlook actuals from the ledger'!M98 -> 0
C36: Software and tools | D36: ='Outlook actuals from the ledger'!I110 -> 0 | E36: ='Outlook actuals from the ledger'!J110 -> 0 | F36: ='Outlook actuals from the ledger'!K110 -> 0 | G36: ='Outlook actuals from the ledger'!L110 -> 0 | H36: ='Outlook actuals from the ledger'!M110 -> 0
C37: Travel and events | D37: ='Outlook actuals from the ledger'!I122 -> 0 | E37: ='Outlook actuals from the ledger'!J122 -> 0 | F37: ='Outlook actuals from the ledger'!K122 -> 0 | G37: ='Outlook actuals from the ledger'!L122 -> 0 | H37: ='Outlook actuals from the ledger'!M122 -> 0
C38: Rent and facilities | D38: ='Outlook actuals from the ledger'!I134 -> 0 | E38: ='Outlook actuals from the ledger'!J134 -> 0 | F38: ='Outlook actuals from the ledger'!K134 -> 0 | G38: ='Outlook actuals from the ledger'!L134 -> 0 | H38: ='Outlook actuals from the ledger'!M134 -> 0
C39: Professional fees | D39: ='Outlook actuals from the ledger'!I146 -> 0 | E39: ='Outlook actuals from the ledger'!J146 -> 0 | F39: ='Outlook actuals from the ledger'!K146 -> 0 | G39: ='Outlook actuals from the ledger'!L146 -> 0 | H39: ='Outlook actuals from the ledger'!M146 -> 0
C40: Net | D40: ='Outlook actuals from the ledger'!I158 -> 3928704 | E40: ='Outlook actuals from the ledger'!J158 -> 3656009 | F40: ='Outlook actuals from the ledger'!K158 -> 3756291 | G40: ='Outlook actuals from the ledger'!L158 -> 3847840.5 | H40: ='Outlook actuals from the ledger'!M158 -> 3920949.5
B41: Sales | C41: Revenue | D41: ='Outlook actuals from the ledger'!I3 -> 0 | E41: ='Outlook actuals from the ledger'!J3 -> 0 | F41: ='Outlook actuals from the ledger'!K3 -> 0 | G41: ='Outlook actuals from the ledger'!L3 -> 0 | H41: ='Outlook actuals from the ledger'!M3 -> 0
C42: Cost of revenue: hosting | D42: ='Outlook actuals from the ledger'!I15 -> 0 | E42: ='Outlook actuals from the ledger'!J15 -> 0 | F42: ='Outlook actuals from the ledger'!K15 -> 0 | G42: ='Outlook actuals from the ledger'!L15 -> 0 | H42: ='Outlook actuals from the ledger'!M15 -> 0
C43: Cost of revenue: support | D43: ='Outlook actuals from the ledger'!I27 -> 0 | E43: ='Outlook actuals from the ledger'!J27 -> 0 | F43: ='Outlook actuals from the ledger'!K27 -> 0 | G43: ='Outlook actuals from the ledger'!L27 -> 0 | H43: ='Outlook actuals from the ledger'!M27 -> 0
C44: Salaries | D44: ='Outlook actuals from the ledger'!I39 -> -359403 | E44: ='Outlook actuals from the ledger'!J39 -> -360709 | F44: ='Outlook actuals from the ledger'!K39 -> -359877 | G44: ='Outlook actuals from the ledger'!L39 -> -398750 | H44: ='Outlook actuals from the ledger'!M39 -> -412500
C45: Benefits and payroll taxes | D45: ='Outlook actuals from the ledger'!I51 -> -69735 | E45: ='Outlook actuals from the ledger'!J51 -> -68580 | F45: ='Outlook actuals from the ledger'!K51 -> -75337 | G45: ='Outlook actuals from the ledger'!L51 -> -85332.5 | H45: ='Outlook actuals from the ledger'!M51 -> -88275
C46: Commissions | D46: ='Outlook actuals from the ledger'!I63 -> -216081 | E46: ='Outlook actuals from the ledger'!J63 -> -210832 | F46: ='Outlook actuals from the ledger'!K63 -> -200551 | G46: ='Outlook actuals from the ledger'!L63 -> -217627.56 | H46: ='Outlook actuals from the ledger'!M63 -> -221762.49
C47: Contractors | D47: ='Outlook actuals from the ledger'!I75 -> 0 | E47: ='Outlook actuals from the ledger'!J75 -> 0 | F47: ='Outlook actuals from the ledger'!K75 -> 0 | G47: ='Outlook actuals from the ledger'!L75 -> 0 | H47: ='Outlook actuals from the ledger'!M75 -> 0
C48: Cloud and infrastructure | D48: ='Outlook actuals from the ledger'!I87 -> 0 | E48: ='Outlook actuals from the ledger'!J87 -> 0 | F48: ='Outlook actuals from the ledger'!K87 -> 0 | G48: ='Outlook actuals from the ledger'!L87 -> 0 | H48: ='Outlook actuals from the ledger'!M87 -> 0
C49: Marketing programs | D49: ='Outlook actuals from the ledger'!I99 -> 0 | E49: ='Outlook actuals from the ledger'!J99 -> 0 | F49: ='Outlook actuals from the ledger'!K99 -> 0 | G49: ='Outlook actuals from the ledger'!L99 -> 0 | H49: ='Outlook actuals from the ledger'!M99 -> 0
C50: Software and tools | D50: ='Outlook actuals from the ledger'!I111 -> -9511 | E50: ='Outlook actuals from the ledger'!J111 -> -8630 | F50: ='Outlook actuals from the ledger'!K111 -> -9093 | G50: ='Outlook actuals from the ledger'!L111 -> -9147.558 | H50: ='Outlook actuals from the ledger'!M111 -> -9202.4433
C51: Travel and events | D51: ='Outlook actuals from the ledger'!I123 -> -38349 | E51: ='Outlook actuals from the ledger'!J123 -> -40348 | F51: ='Outlook actuals from the ledger'!K123 -> -38613 | G51: ='Outlook actuals from the ledger'!L123 -> -38844.678 | H51: ='Outlook actuals from the ledger'!M123 -> -39077.746
C52: Rent and facilities | D52: ='Outlook actuals from the ledger'!I135 -> 0 | E52: ='Outlook actuals from the ledger'!J135 -> 0 | F52: ='Outlook actuals from the ledger'!K135 -> 0 | G52: ='Outlook actuals from the ledger'!L135 -> 0 | H52: ='Outlook actuals from the ledger'!M135 -> 0
C53: Professional fees | D53: ='Outlook actuals from the ledger'!I147 -> 0 | E53: ='Outlook actuals from the ledger'!J147 -> 0 | F53: ='Outlook actuals from the ledger'!K147 -> 0 | G53: ='Outlook actuals from the ledger'!L147 -> 0 | H53: ='Outlook actuals from the ledger'!M147 -> 0
C54: Net | D54: ='Outlook actuals from the ledger'!I159 -> -693079 | E54: ='Outlook actuals from the ledger'!J159 -> -689099 | F54: ='Outlook actuals from the ledger'!K159 -> -683471 | G54: ='Outlook actuals from the ledger'!L159 -> -749702.3 | H54: ='Outlook actuals from the ledger'!M159 -> -770817.68
B55: Marketing | C55: Revenue | D55: ='Outlook actuals from the ledger'!I4 -> 0 | E55: ='Outlook actuals from the ledger'!J4 -> 0 | F55: ='Outlook actuals from the ledger'!K4 -> 0 | G55: ='Outlook actuals from the ledger'!L4 -> 0 | H55: ='Outlook actuals from the ledger'!M4 -> 0
C56: Cost of revenue: hosting | D56: ='Outlook actuals from the ledger'!I16 -> 0 | E56: ='Outlook actuals from the ledger'!J16 -> 0 | F56: ='Outlook actuals from the ledger'!K16 -> 0 | G56: ='Outlook actuals from the ledger'!L16 -> 0 | H56: ='Outlook actuals from the ledger'!M16 -> 0
C57: Cost of revenue: support | D57: ='Outlook actuals from the ledger'!I28 -> 0 | E57: ='Outlook actuals from the ledger'!J28 -> 0 | F57: ='Outlook actuals from the ledger'!K28 -> 0 | G57: ='Outlook actuals from the ledger'!L28 -> 0 | H57: ='Outlook actuals from the ledger'!M28 -> 0
C58: Salaries | D58: ='Outlook actuals from the ledger'!I40 -> -119301 | E58: ='Outlook actuals from the ledger'!J40 -> -115211 | F58: ='Outlook actuals from the ledger'!K40 -> -124744 | G58: ='Outlook actuals from the ledger'!L40 -> -128333.33 | H58: ='Outlook actuals from the ledger'!M40 -> -140000
C59: Benefits and payroll taxes | D59: ='Outlook actuals from the ledger'!I52 -> -26927 | E59: ='Outlook actuals from the ledger'!J52 -> -27433 | F59: ='Outlook actuals from the ledger'!K52 -> -27222 | G59: ='Outlook actuals from the ledger'!L52 -> -27463.333 | H59: ='Outlook actuals from the ledger'!M52 -> -29960
C60: Commissions | D60: ='Outlook actuals from the ledger'!I64 -> 0 | E60: ='Outlook actuals from the ledger'!J64 -> 0 | F60: ='Outlook actuals from the ledger'!K64 -> 0 | G60: ='Outlook actuals from the ledger'!L64 -> 0 | H60: ='Outlook actuals from the ledger'!M64 -> 0
C61: Contractors | D61: ='Outlook actuals from the ledger'!I76 -> 0 | E61: ='Outlook actuals from the ledger'!J76 -> 0 | F61: ='Outlook actuals from the ledger'!K76 -> 0 | G61: ='Outlook actuals from the ledger'!L76 -> 0 | H61: ='Outlook actuals from the ledger'!M76 -> 0
C62: Cloud and infrastructure | D62: ='Outlook actuals from the ledger'!I88 -> 0 | E62: ='Outlook actuals from the ledger'!J88 -> 0 | F62: ='Outlook actuals from the ledger'!K88 -> 0 | G62: ='Outlook actuals from the ledger'!L88 -> 0 | H62: ='Outlook actuals from the ledger'!M88 -> 0
C63: Marketing programs | D63: ='Outlook actuals from the ledger'!I100 -> -380672 | E63: ='Outlook actuals from the ledger'!J100 -> -381495 | F63: ='Outlook actuals from the ledger'!K100 -> -346268 | G63: ='Outlook actuals from the ledger'!L100 -> -384321.02 | H63: ='Outlook actuals from the ledger'!M100 -> -391623.12
C64: Software and tools | D64: ='Outlook actuals from the ledger'!I112 -> -13782 | E64: ='Outlook actuals from the ledger'!J112 -> -14598 | F64: ='Outlook actuals from the ledger'!K112 -> -13303 | G64: ='Outlook actuals from the ledger'!L112 -> -13382.818 | H64: ='Outlook actuals from the ledger'!M112 -> -13463.115
C65: Travel and events | D65: ='Outlook actuals from the ledger'!I124 -> -12636 | E65: ='Outlook actuals from the ledger'!J124 -> -11908 | F65: ='Outlook actuals from the ledger'!K124 -> -11756 | G65: ='Outlook actuals from the ledger'!L124 -> -11826.536 | H65: ='Outlook actuals from the ledger'!M124 -> -11897.495
C66: Rent and facilities | D66: ='Outlook actuals from the ledger'!I136 -> 0 | E66: ='Outlook actuals from the ledger'!J136 -> 0 | F66: ='Outlook actuals from the ledger'!K136 -> 0 | G66: ='Outlook actuals from the ledger'!L136 -> 0 | H66: ='Outlook actuals from the ledger'!M136 -> 0
C67: Professional fees | D67: ='Outlook actuals from the ledger'!I148 -> 0 | E67: ='Outlook actuals from the ledger'!J148 -> 0 | F67: ='Outlook actuals from the ledger'!K148 -> 0 | G67: ='Outlook actuals from the ledger'!L148 -> 0 | H67: ='Outlook actuals from the ledger'!M148 -> 0
C68: Net | D68: ='Outlook actuals from the ledger'!I160 -> -553318 | E68: ='Outlook actuals from the ledger'!J160 -> -550645 | F68: ='Outlook actuals from the ledger'!K160 -> -523293 | G68: ='Outlook actuals from the ledger'!L160 -> -565327.04 | H68: ='Outlook actuals from the ledger'!M160 -> -586943.73
B69: Engineering | C69: Revenue | D69: ='Outlook actuals from the ledger'!I5 -> 0 | E69: ='Outlook actuals from the ledger'!J5 -> 0 | F69: ='Outlook actuals from the ledger'!K5 -> 0 | G69: ='Outlook actuals from the ledger'!L5 -> 0 | H69: ='Outlook actuals from the ledger'!M5 -> 0
C70: Cost of revenue: hosting | D70: ='Outlook actuals from the ledger'!I17 -> 0 | E70: ='Outlook actuals from the ledger'!J17 -> 0 | F70: ='Outlook actuals from the ledger'!K17 -> 0 | G70: ='Outlook actuals from the ledger'!L17 -> 0 | H70: ='Outlook actuals from the ledger'!M17 -> 0
C71: Cost of revenue: support | D71: ='Outlook actuals from the ledger'!I29 -> 0 | E71: ='Outlook actuals from the ledger'!J29 -> 0 | F71: ='Outlook actuals from the ledger'!K29 -> 0 | G71: ='Outlook actuals from the ledger'!L29 -> 0 | H71: ='Outlook actuals from the ledger'!M29 -> 0
C72: Salaries | D72: ='Outlook actuals from the ledger'!I41 -> -741138 | E72: ='Outlook actuals from the ledger'!J41 -> -707984 | F72: ='Outlook actuals from the ledger'!K41 -> -720855 | G72: ='Outlook actuals from the ledger'!L41 -> -823333.33 | H72: ='Outlook actuals from the ledger'!M41 -> -839166.67
C73: Benefits and payroll taxes | D73: ='Outlook actuals from the ledger'!I53 -> -152701 | E73: ='Outlook actuals from the ledger'!J53 -> -153575 | F73: ='Outlook actuals from the ledger'!K53 -> -172110 | G73: ='Outlook actuals from the ledger'!L53 -> -176193.33 | H73: ='Outlook actuals from the ledger'!M53 -> -179581.67
C74: Commissions | D74: ='Outlook actuals from the ledger'!I65 -> 0 | E74: ='Outlook actuals from the ledger'!J65 -> 0 | F74: ='Outlook actuals from the ledger'!K65 -> 0 | G74: ='Outlook actuals from the ledger'!L65 -> 0 | H74: ='Outlook actuals from the ledger'!M65 -> 0
C75: Contractors | D75: ='Outlook actuals from the ledger'!I77 -> -60119 | E75: ='Outlook actuals from the ledger'!J77 -> -64804 | F75: ='Outlook actuals from the ledger'!K77 -> -63416 | G75: ='Outlook actuals from the ledger'!L77 -> -63796.496 | H75: ='Outlook actuals from the ledger'!M77 -> -64179.275
C76: Cloud and infrastructure | D76: ='Outlook actuals from the ledger'!I89 -> -456521 | E76: ='Outlook actuals from the ledger'!J89 -> -403736 | F76: ='Outlook actuals from the ledger'!K89 -> -417258 | G76: ='Outlook actuals from the ledger'!L89 -> -412103.26 | H76: ='Outlook actuals from the ledger'!M89 -> -419933.22
C77: Marketing programs | D77: ='Outlook actuals from the ledger'!I101 -> 0 | E77: ='Outlook actuals from the ledger'!J101 -> 0 | F77: ='Outlook actuals from the ledger'!K101 -> 0 | G77: ='Outlook actuals from the ledger'!L101 -> 0 | H77: ='Outlook actuals from the ledger'!M101 -> 0
C78: Software and tools | D78: ='Outlook actuals from the ledger'!I113 -> -21510 | E78: ='Outlook actuals from the ledger'!J113 -> -22118 | F78: ='Outlook actuals from the ledger'!K113 -> -22109 | G78: ='Outlook actuals from the ledger'!L113 -> -22241.654 | H78: ='Outlook actuals from the ledger'!M113 -> -22375.104
C79: Travel and events | D79: ='Outlook actuals from the ledger'!I125 -> 0 | E79: ='Outlook actuals from the ledger'!J125 -> 0 | F79: ='Outlook actuals from the ledger'!K125 -> 0 | G79: ='Outlook actuals from the ledger'!L125 -> 0 | H79: ='Outlook actuals from the ledger'!M125 -> 0
C80: Rent and facilities | D80: ='Outlook actuals from the ledger'!I137 -> 0 | E80: ='Outlook actuals from the ledger'!J137 -> 0 | F80: ='Outlook actuals from the ledger'!K137 -> 0 | G80: ='Outlook actuals from the ledger'!L137 -> 0 | H80: ='Outlook actuals from the ledger'!M137 -> 0
C81: Professional fees | D81: ='Outlook actuals from the ledger'!I149 -> 0 | E81: ='Outlook actuals from the ledger'!J149 -> 0 | F81: ='Outlook actuals from the ledger'!K149 -> 0 | G81: ='Outlook actuals from the ledger'!L149 -> 0 | H81: ='Outlook actuals from the ledger'!M149 -> 0
C82: Net | D82: ='Outlook actuals from the ledger'!I161 -> -1431989 | E82: ='Outlook actuals from the ledger'!J161 -> -1352217 | F82: ='Outlook actuals from the ledger'!K161 -> -1395748 | G82: ='Outlook actuals from the ledger'!L161 -> -1497668.1 | H82: ='Outlook actuals from the ledger'!M161 -> -1525235.9
B83: Customer success | C83: Revenue | D83: ='Outlook actuals from the ledger'!I6 -> 0 | E83: ='Outlook actuals from the ledger'!J6 -> 0 | F83: ='Outlook actuals from the ledger'!K6 -> 0 | G83: ='Outlook actuals from the ledger'!L6 -> 0 | H83: ='Outlook actuals from the ledger'!M6 -> 0
C84: Cost of revenue: hosting | D84: ='Outlook actuals from the ledger'!I18 -> 0 | E84: ='Outlook actuals from the ledger'!J18 -> 0 | F84: ='Outlook actuals from the ledger'!K18 -> 0 | G84: ='Outlook actuals from the ledger'!L18 -> 0 | H84: ='Outlook actuals from the ledger'!M18 -> 0
C85: Cost of revenue: support | D85: ='Outlook actuals from the ledger'!I30 -> 0 | E85: ='Outlook actuals from the ledger'!J30 -> 0 | F85: ='Outlook actuals from the ledger'!K30 -> 0 | G85: ='Outlook actuals from the ledger'!L30 -> 0 | H85: ='Outlook actuals from the ledger'!M30 -> 0
C86: Salaries | D86: ='Outlook actuals from the ledger'!I42 -> -130875 | E86: ='Outlook actuals from the ledger'!J42 -> -132654 | F86: ='Outlook actuals from the ledger'!K42 -> -144753 | G86: ='Outlook actuals from the ledger'!L42 -> -137500 | H86: ='Outlook actuals from the ledger'!M42 -> -146666.67
C87: Benefits and payroll taxes | D87: ='Outlook actuals from the ledger'!I54 -> -26010 | E87: ='Outlook actuals from the ledger'!J54 -> -28004 | F87: ='Outlook actuals from the ledger'!K54 -> -31417 | G87: ='Outlook actuals from the ledger'!L54 -> -29425 | H87: ='Outlook actuals from the ledger'!M54 -> -31386.667
C88: Commissions | D88: ='Outlook actuals from the ledger'!I66 -> 0 | E88: ='Outlook actuals from the ledger'!J66 -> 0 | F88: ='Outlook actuals from the ledger'!K66 -> 0 | G88: ='Outlook actuals from the ledger'!L66 -> 0 | H88: ='Outlook actuals from the ledger'!M66 -> 0
C89: Contractors | D89: ='Outlook actuals from the ledger'!I78 -> 0 | E89: ='Outlook actuals from the ledger'!J78 -> 0 | F89: ='Outlook actuals from the ledger'!K78 -> 0 | G89: ='Outlook actuals from the ledger'!L78 -> 0 | H89: ='Outlook actuals from the ledger'!M78 -> 0
C90: Cloud and infrastructure | D90: ='Outlook actuals from the ledger'!I90 -> 0 | E90: ='Outlook actuals from the ledger'!J90 -> 0 | F90: ='Outlook actuals from the ledger'!K90 -> 0 | G90: ='Outlook actuals from the ledger'!L90 -> 0 | H90: ='Outlook actuals from the ledger'!M90 -> 0
C91: Marketing programs | D91: ='Outlook actuals from the ledger'!I102 -> 0 | E91: ='Outlook actuals from the ledger'!J102 -> 0 | F91: ='Outlook actuals from the ledger'!K102 -> 0 | G91: ='Outlook actuals from the ledger'!L102 -> 0 | H91: ='Outlook actuals from the ledger'!M102 -> 0
C92: Software and tools | D92: ='Outlook actuals from the ledger'!I114 -> -7561 | E92: ='Outlook actuals from the ledger'!J114 -> -7273 | F92: ='Outlook actuals from the ledger'!K114 -> -6767 | G92: ='Outlook actuals from the ledger'!L114 -> -6807.602 | H92: ='Outlook actuals from the ledger'!M114 -> -6848.4476
C93: Travel and events | D93: ='Outlook actuals from the ledger'!I126 -> -4341 | E93: ='Outlook actuals from the ledger'!J126 -> -4266 | F93: ='Outlook actuals from the ledger'!K126 -> -4049 | G93: ='Outlook actuals from the ledger'!L126 -> -4073.294 | H93: ='Outlook actuals from the ledger'!M126 -> -4097.7338
C94: Rent and facilities | D94: ='Outlook actuals from the ledger'!I138 -> 0 | E94: ='Outlook actuals from the ledger'!J138 -> 0 | F94: ='Outlook actuals from the ledger'!K138 -> 0 | G94: ='Outlook actuals from the ledger'!L138 -> 0 | H94: ='Outlook actuals from the ledger'!M138 -> 0
C95: Professional fees | D95: ='Outlook actuals from the ledger'!I150 -> 0 | E95: ='Outlook actuals from the ledger'!J150 -> 0 | F95: ='Outlook actuals from the ledger'!K150 -> 0 | G95: ='Outlook actuals from the ledger'!L150 -> 0 | H95: ='Outlook actuals from the ledger'!M150 -> 0
C96: Net | D96: ='Outlook actuals from the ledger'!I162 -> -168787 | E96: ='Outlook actuals from the ledger'!J162 -> -172197 | F96: ='Outlook actuals from the ledger'!K162 -> -186986 | G96: ='Outlook actuals from the ledger'!L162 -> -177805.9 | H96: ='Outlook actuals from the ledger'!M162 -> -188999.51
B97: G&A | C97: Revenue | D97: ='Outlook actuals from the ledger'!I7 -> 0 | E97: ='Outlook actuals from the ledger'!J7 -> 0 | F97: ='Outlook actuals from the ledger'!K7 -> 0 | G97: ='Outlook actuals from the ledger'!L7 -> 0 | H97: ='Outlook actuals from the ledger'!M7 -> 0
C98: Cost of revenue: hosting | D98: ='Outlook actuals from the ledger'!I19 -> 0 | E98: ='Outlook actuals from the ledger'!J19 -> 0 | F98: ='Outlook actuals from the ledger'!K19 -> 0 | G98: ='Outlook actuals from the ledger'!L19 -> 0 | H98: ='Outlook actuals from the ledger'!M19 -> 0
C99: Cost of revenue: support | D99: ='Outlook actuals from the ledger'!I31 -> 0 | E99: ='Outlook actuals from the ledger'!J31 -> 0 | F99: ='Outlook actuals from the ledger'!K31 -> 0 | G99: ='Outlook actuals from the ledger'!L31 -> 0 | H99: ='Outlook actuals from the ledger'!M31 -> 0
C100: Salaries | D100: ='Outlook actuals from the ledger'!I43 -> -142220 | E100: ='Outlook actuals from the ledger'!J43 -> -145483 | F100: ='Outlook actuals from the ledger'!K43 -> -139270 | G100: ='Outlook actuals from the ledger'!L43 -> -150000 | H100: ='Outlook actuals from the ledger'!M43 -> -150000
C101: Benefits and payroll taxes | D101: ='Outlook actuals from the ledger'!I55 -> -29107 | E101: ='Outlook actuals from the ledger'!J55 -> -27624 | F101: ='Outlook actuals from the ledger'!K55 -> -28152 | G101: ='Outlook actuals from the ledger'!L55 -> -32100 | H101: ='Outlook actuals from the ledger'!M55 -> -32100
C102: Commissions | D102: ='Outlook actuals from the ledger'!I67 -> 0 | E102: ='Outlook actuals from the ledger'!J67 -> 0 | F102: ='Outlook actuals from the ledger'!K67 -> 0 | G102: ='Outlook actuals from the ledger'!L67 -> 0 | H102: ='Outlook actuals from the ledger'!M67 -> 0
...

Sheet Forecast drivers
A1: line | B1: Jan-26 | C1: Feb-26 | D1: Mar-26 | E1: Apr-26 | F1: May-26 | G1: Jun-26 | H1: Jul-26 | I1: Aug-26 | J1: Sep-26 | K1: Oct-26 | L1: Nov-26 | M1: Dec-26
A2: Revenue growth per month | J2: 0.019 | K2: 0.019 | L2: 0.019 | M2: 0.019
A3: Hosting cost, % of revenue | J3: 0.118 | K3: 0.118 | L3: 0.118 | M3: 0.118
A4: Support cost, % of revenue | J4: 0.051 | K4: 0.051 | L4: 0.051 | M4: 0.051
A5: Benefits, % of salaries | J5: 0.214 | K5: 0.214 | L5: 0.214 | M5: 0.214
A6: Commissions, % of revenue | J6: 0.047 | K6: 0.047 | L6: 0.047 | M6: 0.047
A7: Marketing programs, % of revenue | J7: 0.083 | K7: 0.083 | L7: 0.083 | M7: 0.083
A8: Cloud, % of revenue | J8: 0.089 | K8: 0.089 | L8: 0.089 | M8: 0.089
A9: Other opex growth per month | J9: 0.006 | K9: 0.006 | L9: 0.006 | M9: 0.006

Sheet Headcount plan
A1: line | B1: subsidiary | C1: department | D1: Jan-26 | E1: Feb-26 | F1: Mar-26 | G1: Apr-26 | H1: May-26 | I1: Jun-26 | J1: Jul-26 | K1: Aug-26 | L1: Sep-26 | M1: Oct-26 | N1: Nov-26 | O1: Dec-26
A2: Heads (period end) | B2: United States | C2: Company (revenue and cost of revenue)
A3: Heads (period end) | B3: United States | C3: Sales | D3: 22 | E3: 23 | F3: 23 | G3: 24 | H3: 24 | I3: 25 | J3: 25 | K3: 26 | L3: 29 | M3: 30 | N3: 30 | O3: 31
A4: Heads (period end) | B4: United States | C4: Marketing | D4: 9 | E4: 9 | F4: 10 | G4: 10 | H4: 10 | I4: 10 | J4: 11 | K4: 11 | L4: 11 | M4: 12 | N4: 12 | O4: 12
A5: Heads (period end) | B5: United States | C5: Engineering | D5: 39 | E5: 40 | F5: 42 | G5: 43 | H5: 44 | I5: 46 | J5: 47 | K5: 48 | L5: 52 | M5: 53 | N5: 54 | O5: 55
A6: Heads (period end) | B6: United States | C6: Customer success | D6: 12 | E6: 13 | F6: 13 | G6: 13 | H6: 14 | I6: 14 | J6: 14 | K6: 15 | L6: 15 | M6: 16 | N6: 16 | O6: 16
A7: Heads (period end) | B7: United States | C7: G&A | D7: 10 | E7: 10 | F7: 10 | G7: 11 | H7: 11 | I7: 11 | J7: 11 | K7: 11 | L7: 12 | M7: 12 | N7: 12 | O7: 12
A8: Heads (period end) | B8: United Kingdom | C8: Company (revenue and cost of revenue)
A9: Heads (period end) | B9: United Kingdom | C9: Sales | D9: 9 | E9: 9 | F9: 9 | G9: 9 | H9: 9 | I9: 9 | J9: 9 | K9: 9 | L9: 12 | M9: 12 | N9: 12 | O9: 12
A10: Heads (period end) | B10: United Kingdom | C10: Marketing | D10: 4 | E10: 4 | F10: 5 | G10: 5 | H10: 5 | I10: 5 | J10: 6 | K10: 6 | L10: 6 | M10: 6 | N10: 6 | O10: 6
A11: Heads (period end) | B11: United Kingdom | C11: Engineering | D11: 17 | E11: 17 | F11: 19 | G11: 19 | H11: 20 | I11: 20 | J11: 21 | K11: 21 | L11: 25 | M11: 25 | N11: 26 | O11: 26
A12: Heads (period end) | B12: United Kingdom | C12: Customer success | D12: 5 | E12: 5 | F12: 5 | G12: 5 | H12: 6 | I12: 6 | J12: 6 | K12: 6 | L12: 6 | M12: 6 | N12: 6 | O12: 6
A13: Heads (period end) | B13: United Kingdom | C13: G&A | D13: 4 | E13: 4 | F13: 4 | G13: 4 | H13: 4 | I13: 4 | J13: 4 | K13: 4 | L13: 5 | M13: 5 | N13: 5 | O13: 5
A14: Loaded cost per head, annual | B14: United States | C14: Company (revenue and cost of revenue)
A15: Loaded cost per head, annual | B15: United States | C15: Sales | D15: 165000 | E15: 165000 | F15: 165000 | G15: 165000 | H15: 165000 | I15: 165000 | J15: 165000 | K15: 165000 | L15: 165000 | M15: 165000 | N15: 165000 | O15: 165000
A16: Loaded cost per head, annual | B16: United States | C16: Marketing | D16: 140000 | E16: 140000 | F16: 140000 | G16: 140000 | H16: 140000 | I16: 140000 | J16: 140000 | K16: 140000 | L16: 140000 | M16: 140000 | N16: 140000 | O16: 140000
A17: Loaded cost per head, annual | B17: United States | C17: Engineering | D17: 190000 | E17: 190000 | F17: 190000 | G17: 190000 | H17: 190000 | I17: 190000 | J17: 190000 | K17: 190000 | L17: 190000 | M17: 190000 | N17: 190000 | O17: 190000
A18: Loaded cost per head, annual | B18: United States | C18: Customer success | D18: 110000 | E18: 110000 | F18: 110000 | G18: 110000 | H18: 110000 | I18: 110000 | J18: 110000 | K18: 110000 | L18: 110000 | M18: 110000 | N18: 110000 | O18: 110000
A19: Loaded cost per head, annual | B19: United States | C19: G&A | D19: 150000 | E19: 150000 | F19: 150000 | G19: 150000 | H19: 150000 | I19: 150000 | J19: 150000 | K19: 150000 | L19: 150000 | M19: 150000 | N19: 150000 | O19: 150000
A20: Loaded cost per head, annual | B20: United Kingdom | C20: Company (revenue and cost of revenue)
A21: Loaded cost per head, annual | B21: United Kingdom | C21: Sales | D21: 140000 | E21: 140000 | F21: 140000 | G21: 140000 | H21: 140000 | I21: 140000 | J21: 140000 | K21: 140000 | L21: 140000 | M21: 140000 | N21: 140000 | O21: 140000
A22: Loaded cost per head, annual | B22: United Kingdom | C22: Marketing | D22: 119000 | E22: 119000 | F22: 119000 | G22: 119000 | H22: 119000 | I22: 119000 | J22: 119000 | K22: 119000 | L22: 119000 | M22: 119000 | N22: 119000 | O22: 119000
A23: Loaded cost per head, annual | B23: United Kingdom | C23: Engineering | D23: 162000 | E23: 162000 | F23: 162000 | G23: 162000 | H23: 162000 | I23: 162000 | J23: 162000 | K23: 162000 | L23: 162000 | M23: 162000 | N23: 162000 | O23: 162000
A24: Loaded cost per head, annual | B24: United Kingdom | C24: Customer success | D24: 94000 | E24: 94000 | F24: 94000 | G24: 94000 | H24: 94000 | I24: 94000 | J24: 94000 | K24: 94000 | L24: 94000 | M24: 94000 | N24: 94000 | O24: 94000
A25: Loaded cost per head, annual | B25: United Kingdom | C25: G&A | D25: 128000 | E25: 128000 | F25: 128000 | G25: 128000 | H25: 128000 | I25: 128000 | J25: 128000 | K25: 128000 | L25: 128000 | M25: 128000 | N25: 128000 | O25: 128000
A26: Salary cost (month) | B26: United States | C26: Company (revenue and cost of revenue) | D26: =((-(D2)*D14)/12) -> 0 | E26: =((-(E2)*E14)/12) -> 0 | F26: =((-(F2)*F14)/12) -> 0 | G26: =((-(G2)*G14)/12) -> 0 | H26: =((-(H2)*H14)/12) -> 0 | I26: =((-(I2)*I14)/12) -> 0 | J26: =((-(J2)*J14)/12) -> 0 | K26: =((-(K2)*K14)/12) -> 0 | ... O26: =((-(O2)*O14)/12) -> 0
A27: Salary cost (month) | B27: United States | C27: Sales | D27: =((-(D3)*D15)/12) -> -302500 | E27: =((-(E3)*E15)/12) -> -316250 | F27: =((-(F3)*F15)/12) -> -316250 | G27: =((-(G3)*G15)/12) -> -330000 | H27: =((-(H3)*H15)/12) -> -330000 | I27: =((-(I3)*I15)/12) -> -343750 | J27: =((-(J3)*J15)/12) -> -343750 | K27: =((-(K3)*K15)/12) -> -357500 | ... O27: =((-(O3)*O15)/12) -> -426250
A28: Salary cost (month) | B28: United States | C28: Marketing | D28: =((-(D4)*D16)/12) -> -105000 | E28: =((-(E4)*E16)/12) -> -105000 | F28: =((-(F4)*F16)/12) -> -116666.67 | G28: =((-(G4)*G16)/12) -> -116666.67 | H28: =((-(H4)*H16)/12) -> -116666.67 | I28: =((-(I4)*I16)/12) -> -116666.67 | J28: =((-(J4)*J16)/12) -> -128333.33 | K28: =((-(K4)*K16)/12) -> -128333.33 | ... O28: =((-(O4)*O16)/12) -> -140000
A29: Salary cost (month) | B29: United States | C29: Engineering | D29: =((-(D5)*D17)/12) -> -617500 | E29: =((-(E5)*E17)/12) -> -633333.33 | F29: =((-(F5)*F17)/12) -> -665000 | G29: =((-(G5)*G17)/12) -> -680833.33 | H29: =((-(H5)*H17)/12) -> -696666.67 | I29: =((-(I5)*I17)/12) -> -728333.33 | J29: =((-(J5)*J17)/12) -> -744166.67 | K29: =((-(K5)*K17)/12) -> -760000 | ... O29: =((-(O5)*O17)/12) -> -870833.33
A30: Salary cost (month) | B30: United States | C30: Customer success | D30: =((-(D6)*D18)/12) -> -110000 | E30: =((-(E6)*E18)/12) -> -119166.67 | F30: =((-(F6)*F18)/12) -> -119166.67 | G30: =((-(G6)*G18)/12) -> -119166.67 | H30: =((-(H6)*H18)/12) -> -128333.33 | I30: =((-(I6)*I18)/12) -> -128333.33 | J30: =((-(J6)*J18)/12) -> -128333.33 | K30: =((-(K6)*K18)/12) -> -137500 | ... O30: =((-(O6)*O18)/12) -> -146666.67
A31: Salary cost (month) | B31: United States | C31: G&A | D31: =((-(D7)*D19)/12) -> -125000 | E31: =((-(E7)*E19)/12) -> -125000 | F31: =((-(F7)*F19)/12) -> -125000 | G31: =((-(G7)*G19)/12) -> -137500 | H31: =((-(H7)*H19)/12) -> -137500 | I31: =((-(I7)*I19)/12) -> -137500 | J31: =((-(J7)*J19)/12) -> -137500 | K31: =((-(K7)*K19)/12) -> -137500 | ... O31: =((-(O7)*O19)/12) -> -150000
A32: Salary cost (month) | B32: United Kingdom | C32: Company (revenue and cost of revenue) | D32: =((-(D8)*D20)/12) -> 0 | E32: =((-(E8)*E20)/12) -> 0 | F32: =((-(F8)*F20)/12) -> 0 | G32: =((-(G8)*G20)/12) -> 0 | H32: =((-(H8)*H20)/12) -> 0 | I32: =((-(I8)*I20)/12) -> 0 | J32: =((-(J8)*J20)/12) -> 0 | K32: =((-(K8)*K20)/12) -> 0 | ... O32: =((-(O8)*O20)/12) -> 0
A33: Salary cost (month) | B33: United Kingdom | C33: Sales | D33: =((-(D9)*D21)/12) -> -105000 | E33: =((-(E9)*E21)/12) -> -105000 | F33: =((-(F9)*F21)/12) -> -105000 | G33: =((-(G9)*G21)/12) -> -105000 | H33: =((-(H9)*H21)/12) -> -105000 | I33: =((-(I9)*I21)/12) -> -105000 | J33: =((-(J9)*J21)/12) -> -105000 | K33: =((-(K9)*K21)/12) -> -105000 | ... O33: =((-(O9)*O21)/12) -> -140000
A34: Salary cost (month) | B34: United Kingdom | C34: Marketing | D34: =((-(D10)*D22)/12) -> -39666.667 | E34: =((-(E10)*E22)/12) -> -39666.667 | F34: =((-(F10)*F22)/12) -> -49583.333 | G34: =((-(G10)*G22)/12) -> -49583.333 | H34: =((-(H10)*H22)/12) -> -49583.333 | I34: =((-(I10)*I22)/12) -> -49583.333 | J34: =((-(J10)*J22)/12) -> -59500 | K34: =((-(K10)*K22)/12) -> -59500 | ... O34: =((-(O10)*O22)/12) -> -59500
A35: Salary cost (month) | B35: United Kingdom | C35: Engineering | D35: =((-(D11)*D23)/12) -> -229500 | E35: =((-(E11)*E23)/12) -> -229500 | F35: =((-(F11)*F23)/12) -> -256500 | G35: =((-(G11)*G23)/12) -> -256500 | H35: =((-(H11)*H23)/12) -> -270000 | I35: =((-(I11)*I23)/12) -> -270000 | J35: =((-(J11)*J23)/12) -> -283500 | K35: =((-(K11)*K23)/12) -> -283500 | ... O35: =((-(O11)*O23)/12) -> -351000
A36: Salary cost (month) | B36: United Kingdom | C36: Customer success | D36: =((-(D12)*D24)/12) -> -39166.667 | E36: =((-(E12)*E24)/12) -> -39166.667 | F36: =((-(F12)*F24)/12) -> -39166.667 | G36: =((-(G12)*G24)/12) -> -39166.667 | H36: =((-(H12)*H24)/12) -> -47000 | I36: =((-(I12)*I24)/12) -> -47000 | J36: =((-(J12)*J24)/12) -> -47000 | K36: =((-(K12)*K24)/12) -> -47000 | ... O36: =((-(O12)*O24)/12) -> -47000
A37: Salary cost (month) | B37: United Kingdom | C37: G&A | D37: =((-(D13)*D25)/12) -> -42666.667 | E37: =((-(E13)*E25)/12) -> -42666.667 | F37: =((-(F13)*F25)/12) -> -42666.667 | G37: =((-(G13)*G25)/12) -> -42666.667 | H37: =((-(H13)*H25)/12) -> -42666.667 | I37: =((-(I13)*I25)/12) -> -42666.667 | J37: =((-(J13)*J25)/12) -> -42666.667 | K37: =((-(K13)*K25)/12) -> -42666.667 | ... O37: =((-(O13)*O25)/12) -> -53333.333

Sheet Outlook actuals from the ledger
A1: line | B1: subsidiary | C1: department | D1: Jan-26 | E1: Feb-26 | F1: Mar-26 | G1: Apr-26 | H1: May-26 | I1: Jun-26 | J1: Jul-26 | K1: Aug-26 | L1: Sep-26 | M1: Oct-26 | N1: Nov-26 | O1: Dec-26
A2: Revenue | B2: United States | C2: Company (revenue and cost of revenue) | D2: =SUMIFS('ledger'!$F$2:$F$745,'ledger'!$C$2:$C$745,"=us",'ledger'!$D$2:$D$745,"=company",'ledger'!$E$2:$E$745,"=revenue",'ledger'!$G$2:$G$745,"jan26") -> 4131437 | E2: =SUMIFS('ledger'!$F$2:$F$745,'ledger'!$C$2:$C$745,"=us",'ledger'!$D$2:$D$745,"=company",'ledger'!$E$2:$E$745,"=revenue",'ledger'!$G$2:$G$745,"feb26") -> 4250476 | F2: =SUMIFS('ledger'!$F$2:$F$745,'ledger'!$C$2:$C$745,"=us",'ledger'!$D$2:$D$745,"=company",'ledger'!$E$2:$E$745,"=revenue",'ledger'!$G$2:$G$745,"mar26") -> 4370513 | G2: =SUMIFS('ledger'!$F$2:$F$745,'ledger'!$C$2:$C$745,"=us",'ledger'!$D$2:$D$745,"=company",'ledger'!$E$2:$E$745,"=revenue",'ledger'!$G$2:$G$745,"apr26") -> 4448928 | H2: =SUMIFS('ledger'!$F$2:$F$745,'ledger'!$C$2:$C$745,"=us",'ledger'!$D$2:$D$745,"=company",'ledger'!$E$2:$E$745,"=revenue",'ledger'!$G$2:$G$745,"may26") -> 4429226 | I2: =SUMIFS('ledger'!$F$2:$F$745,'ledger'!$C$2:$C$745,"=us",'ledger'!$D$2:$D$745,"=company",'ledger'!$E$2:$E$745,"=revenue",'ledger'!$G$2:$G$745,"jun26") -> 4725798 | J2: =SUMIFS('ledger'!$F$2:$F$745,'ledger'!$C$2:$C$745,"=us",'ledger'!$D$2:$D$745,"=company",'ledger'!$E$2:$E$745,"=revenue",'ledger'!$G$2:$G$745,"jul26") -> 4406956 | K2: =SUMIFS('ledger'!$F$2:$F$745,'ledger'!$C$2:$C$745,"=us",'ledger'!$D$2:$D$745,"=company",'ledger'!$E$2:$E$745,"=revenue",'ledger'!$G$2:$G$745,"aug26") -> 4544037 | L2: =(K2*(1+'Forecast drivers'!J2)) -> 4630373.7 | M2: =(L2*(1+'Forecast drivers'!K2)) -> 4718350.8 | N2: =(M2*(1+'Forecast drivers'!L2)) -> 4807999.5 | O2: =(N2*(1+'Forecast drivers'!M2)) -> 4899351.5
A3: Revenue | B3: United States | C3: Sales | D3: =SUMIFS('ledger'!$F$2:$F$745,'ledger'!$C$2:$C$745,"=us",'ledger'!$D$2:$D$745,"=sales",'ledger'!$E$2:$E$745,"=revenue",'ledger'!$G$2:$G$745,"jan26") -> 0 | E3: =SUMIFS('ledger'!$F$2:$F$745,'ledger'!$C$2:$C$745,"=us",'ledger'!$D$2:$D$745,"=sales",'ledger'!$E$2:$E$745,"=revenue",'ledger'!$G$2:$G$745,"feb26") -> 0 | F3: =SUMIFS('ledger'!$F$2:$F$745,'ledger'!$C$2:$C$745,"=us",'ledger'!$D$2:$D$745,"=sales",'ledger'!$E$2:$E$745,"=revenue",'ledger'!$G$2:$G$745,"mar26") -> 0 | G3: =SUMIFS('ledger'!$F$2:$F$745,'ledger'!$C$2:$C$745,"=us",'ledger'!$D$2:$D$745,"=sales",'ledger'!$E$2:$E$745,"=revenue",'ledger'!$G$2:$G$745,"apr26") -> 0 | H3: =SUMIFS('ledger'!$F$2:$F$745,'ledger'!$C$2:$C$745,"=us",'ledger'!$D$2:$D$745,"=sales",'ledger'!$E$2:$E$745,"=revenue",'ledger'!$G$2:$G$745,"may26") -> 0 | I3: =SUMIFS('ledger'!$F$2:$F$745,'ledger'!$C$2:$C$745,"=us",'ledger'!$D$2:$D$745,"=sales",'ledger'!$E$2:$E$745,"=revenue",'ledger'!$G$2:$G$745,"jun26") -> 0 | J3: =SUMIFS('ledger'!$F$2:$F$745,'ledger'!$C$2:$C$745,"=us",'ledger'!$D$2:$D$745,"=sales",'ledger'!$E$2:$E$745,"=revenue",'ledger'!$G$2:$G$745,"jul26") -> 0 | K3: =SUMIFS('ledger'!$F$2:$F$745,'ledger'!$C$2:$C$745,"=us",'ledger'!$D$2:$D$745,"=sales",'ledger'!$E$2:$E$745,"=revenue",'ledger'!$G$2:$G$745,"aug26") -> 0 | L3: =(K3*(1+'Forecast drivers'!J9)) -> 0 | M3: =(L3*(1+'Forecast drivers'!K9)) -> 0 | N3: =(M3*(1+'Forecast drivers'!L9)) -> 0 | O3: =(N3*(1+'Forecast drivers'!M9)) -> 0
A4: Revenue | B4: United States | C4: Marketing | D4: =SUMIFS('ledger'!$F$2:$F$745,'ledger'!$C$2:$C$745,"=us",'ledger'!$D$2:$D$745,"=marketing",'ledger'!$E$2:$E$745,"=revenue",'ledger'!$G$2:$G$745,"jan26") -> 0 | E4: =SUMIFS('ledger'!$F$2:$F$745,'ledger'!$C$2:$C$745,"=us",'ledger'!$D$2:$D$745,"=marketing",'ledger'!$E$2:$E$745,"=revenue",'ledger'!$G$2:$G$745,"feb26") -> 0 | F4: =SUMIFS('ledger'!$F$2:$F$745,'ledger'!$C$2:$C$745,"=us",'ledger'!$D$2:$D$745,"=marketing",'ledger'!$E$2:$E$745,"=revenue",'ledger'!$G$2:$G$745,"mar26") -> 0 | G4: =SUMIFS('ledger'!$F$2:$F$745,'ledger'!$C$2:$C$745,"=us",'ledger'!$D$2:$D$745,"=marketing",'ledger'!$E$2:$E$745,"=revenue",'ledger'!$G$2:$G$745,"apr26") -> 0 | H4: =SUMIFS('ledger'!$F$2:$F$745,'ledger'!$C$2:$C$745,"=us",'ledger'!$D$2:$D$745,"=marketing",'ledger'!$E$2:$E$745,"=revenue",'ledger'!$G$2:$G$745,"may26") -> 0 | I4: =SUMIFS('ledger'!$F$2:$F$745,'ledger'!$C$2:$C$745,"=us",'ledger'!$D$2:$D$745,"=marketing",'ledger'!$E$2:$E$745,"=revenue",'ledger'!$G$2:$G$745,"jun26") -> 0 | J4: =SUMIFS('ledger'!$F$2:$F$745,'ledger'!$C$2:$C$745,"=us",'ledger'!$D$2:$D$745,"=marketing",'ledger'!$E$2:$E$745,"=revenue",'ledger'!$G$2:$G$745,"jul26") -> 0 | K4: =SUMIFS('ledger'!$F$2:$F$745,'ledger'!$C$2:$C$745,"=us",'ledger'!$D$2:$D$745,"=marketing",'ledger'!$E$2:$E$745,"=revenue",'ledger'!$G$2:$G$745,"aug26") -> 0 | L4: =(K4*(1+'Forecast drivers'!J9)) -> 0 | M4: =(L4*(1+'Forecast drivers'!K9)) -> 0 | N4: =(M4*(1+'Forecast drivers'!L9)) -> 0 | O4: =(N4*(1+'Forecast drivers'!M9)) -> 0
A5: Revenue | B5: United States | C5: Engineering | D5: =SUMIFS('ledger'!$F$2:$F$745,'ledger'!$C$2:$C$745,"=us",'ledger'!$D$2:$D$745,"=engineering",'ledger'!$E$2:$E$745,"=revenue",'ledger'!$G$2:$G$745,"jan26") -> 0 | E5: =SUMIFS('ledger'!$F$2:$F$745,'ledger'!$C$2:$C$745,"=us",'ledger'!$D$2:$D$745,"=engineering",'ledger'!$E$2:$E$745,"=revenue",'ledger'!$G$2:$G$745,"feb26") -> 0 | F5: =SUMIFS('ledger'!$F$2:$F$745,'ledger'!$C$2:$C$745,"=us",'ledger'!$D$2:$D$745,"=engineering",'ledger'!$E$2:$E$745,"=revenue",'ledger'!$G$2:$G$745,"mar26") -> 0 | G5: =SUMIFS('ledger'!$F$2:$F$745,'ledger'!$C$2:$C$745,"=us",'ledger'!$D$2:$D$745,"=engineering",'ledger'!$E$2:$E$745,"=revenue",'ledger'!$G$2:$G$745,"apr26") -> 0 | H5: =SUMIFS('ledger'!$F$2:$F$745,'ledger'!$C$2:$C$745,"=us",'ledger'!$D$2:$D$745,"=engineering",'ledger'!$E$2:$E$745,"=revenue",'ledger'!$G$2:$G$745,"may26") -> 0 | I5: =SUMIFS('ledger'!$F$2:$F$745,'ledger'!$C$2:$C$745,"=us",'ledger'!$D$2:$D$745,"=engineering",'ledger'!$E$2:$E$745,"=revenue",'ledger'!$G$2:$G$745,"jun26") -> 0 | J5: =SUMIFS('ledger'!$F$2:$F$745,'ledger'!$C$2:$C$745,"=us",'ledger'!$D$2:$D$745,"=engineering",'ledger'!$E$2:$E$745,"=revenue",'ledger'!$G$2:$G$745,"jul26") -> 0 | K5: =SUMIFS('ledger'!$F$2:$F$745,'ledger'!$C$2:$C$745,"=us",'ledger'!$D$2:$D$745,"=engineering",'ledger'!$E$2:$E$745,"=revenue",'ledger'!$G$2:$G$745,"aug26") -> 0 | L5: =(K5*(1+'Forecast drivers'!J9)) -> 0 | M5: =(L5*(1+'Forecast drivers'!K9)) -> 0 | N5: =(M5*(1+'Forecast drivers'!L9)) -> 0 | O5: =(N5*(1+'Forecast drivers'!M9)) -> 0
A6: Revenue | B6: United States | C6: Customer success | D6: =SUMIFS('ledger'!$F$2:$F$745,'ledger'!$C$2:$C$745,"=us",'ledger'!$D$2:$D$745,"=customer_success",'ledger'!$E$2:$E$745,"=revenue",'ledger'!$G$2:$G$745,"jan26") -> 0 | E6: =SUMIFS('ledger'!$F$2:$F$745,'ledger'!$C$2:$C$745,"=us",'ledger'!$D$2:$D$745,"=customer_success",'ledger'!$E$2:$E$745,"=revenue",'ledger'!$G$2:$G$745,"feb26") -> 0 | F6: =SUMIFS('ledger'!$F$2:$F$745,'ledger'!$C$2:$C$745,"=us",'ledger'!$D$2:$D$745,"=customer_success",'ledger'!$E$2:$E$745,"=revenue",'ledger'!$G$2:$G$745,"mar26") -> 0 | G6: =SUMIFS('ledger'!$F$2:$F$745,'ledger'!$C$2:$C$745,"=us",'ledger'!$D$2:$D$745,"=customer_success",'ledger'!$E$2:$E$745,"=revenue",'ledger'!$G$2:$G$745,"apr26") -> 0 | H6: =SUMIFS('ledger'!$F$2:$F$745,'ledger'!$C$2:$C$745,"=us",'ledger'!$D$2:$D$745,"=customer_success",'ledger'!$E$2:$E$745,"=revenue",'ledger'!$G$2:$G$745,"may26") -> 0 | I6: =SUMIFS('ledger'!$F$2:$F$745,'ledger'!$C$2:$C$745,"=us",'ledger'!$D$2:$D$745,"=customer_success",'ledger'!$E$2:$E$745,"=revenue",'ledger'!$G$2:$G$745,"jun26") -> 0 | J6: =SUMIFS('ledger'!$F$2:$F$745,'ledger'!$C$2:$C$745,"=us",'ledger'!$D$2:$D$745,"=customer_success",'ledger'!$E$2:$E$745,"=revenue",'ledger'!$G$2:$G$745,"jul26") -> 0 | K6: =SUMIFS('ledger'!$F$2:$F$745,'ledger'!$C$2:$C$745,"=us",'ledger'!$D$2:$D$745,"=customer_success",'ledger'!$E$2:$E$745,"=revenue",'ledger'!$G$2:$G$745,"aug26") -> 0 | L6: =(K6*(1+'Forecast drivers'!J9)) -> 0 | M6: =(L6*(1+'Forecast drivers'!K9)) -> 0 | N6: =(M6*(1+'Forecast drivers'!L9)) -> 0 | O6: =(N6*(1+'Forecast drivers'!M9)) -> 0
A7: Revenue | B7: United States | C7: G&A | D7: =SUMIFS('ledger'!$F$2:$F$745,'ledger'!$C$2:$C$745,"=us",'ledger'!$D$2:$D$745,"=g_and_a",'ledger'!$E$2:$E$745,"=revenue",'ledger'!$G$2:$G$745,"jan26") -> 0 | E7: =SUMIFS('ledger'!$F$2:$F$745,'ledger'!$C$2:$C$745,"=us",'ledger'!$D$2:$D$745,"=g_and_a",'ledger'!$E$2:$E$745,"=revenue",'ledger'!$G$2:$G$745,"feb26") -> 0 | F7: =SUMIFS('ledger'!$F$2:$F$745,'ledger'!$C$2:$C$745,"=us",'ledger'!$D$2:$D$745,"=g_and_a",'ledger'!$E$2:$E$745,"=revenue",'ledger'!$G$2:$G$745,"mar26") -> 0 | G7: =SUMIFS('ledger'!$F$2:$F$745,'ledger'!$C$2:$C$745,"=us",'ledger'!$D$2:$D$745,"=g_and_a",'ledger'!$E$2:$E$745,"=revenue",'ledger'!$G$2:$G$745,"apr26") -> 0 | H7: =SUMIFS('ledger'!$F$2:$F$745,'ledger'!$C$2:$C$745,"=us",'ledger'!$D$2:$D$745,"=g_and_a",'ledger'!$E$2:$E$745,"=revenue",'ledger'!$G$2:$G$745,"may26") -> 0 | I7: =SUMIFS('ledger'!$F$2:$F$745,'ledger'!$C$2:$C$745,"=us",'ledger'!$D$2:$D$745,"=g_and_a",'ledger'!$E$2:$E$745,"=revenue",'ledger'!$G$2:$G$745,"jun26") -> 0 | J7: =SUMIFS('ledger'!$F$2:$F$745,'ledger'!$C$2:$C$745,"=us",'ledger'!$D$2:$D$745,"=g_and_a",'ledger'!$E$2:$E$745,"=revenue",'ledger'!$G$2:$G$745,"jul26") -> 0 | K7: =SUMIFS('ledger'!$F$2:$F$745,'ledger'!$C$2:$C$745,"=us",'ledger'!$D$2:$D$745,"=g_and_a",'ledger'!$E$2:$E$745,"=revenue",'ledger'!$G$2:$G$745,"aug26") -> 0 | L7: =(K7*(1+'Forecast drivers'!J9)) -> 0 | M7: =(L7*(1+'Forecast drivers'!K9)) -> 0 | N7: =(M7*(1+'Forecast drivers'!L9)) -> 0 | O7: =(N7*(1+'Forecast drivers'!M9)) -> 0
A8: Revenue | B8: United Kingdom | C8: Company (revenue and cost of revenue) | D8: =SUMIFS('ledger'!$F$2:$F$745,'ledger'!$C$2:$C$745,"=uk",'ledger'!$D$2:$D$745,"=company",'ledger'!$E$2:$E$745,"=revenue",'ledger'!$G$2:$G$745,"jan26") -> 1673940 | E8: =SUMIFS('ledger'!$F$2:$F$745,'ledger'!$C$2:$C$745,"=uk",'ledger'!$D$2:$D$745,"=company",'ledger'!$E$2:$E$745,"=revenue",'ledger'!$G$2:$G$745,"feb26") -> 1721315 | F8: =SUMIFS('ledger'!$F$2:$F$745,'ledger'!$C$2:$C$745,"=uk",'ledger'!$D$2:$D$745,"=company",'ledger'!$E$2:$E$745,"=revenue",'ledger'!$G$2:$G$745,"mar26") -> 1792887 | G8: =SUMIFS('ledger'!$F$2:$F$745,'ledger'!$C$2:$C$745,"=uk",'ledger'!$D$2:$D$745,"=company",'ledger'!$E$2:$E$745,"=revenue",'ledger'!$G$2:$G$745,"apr26") -> 1859611 | H8: =SUMIFS('ledger'!$F$2:$F$745,'ledger'!$C$2:$C$745,"=uk",'ledger'!$D$2:$D$745,"=company",'ledger'!$E$2:$E$745,"=revenue",'ledger'!$G$2:$G$745,"may26") -> 1874770 | I8: =SUMIFS('ledger'!$F$2:$F$745,'ledger'!$C$2:$C$745,"=uk",'ledger'!$D$2:$D$745,"=company",'ledger'!$E$2:$E$745,"=revenue",'ledger'!$G$2:$G$745,"jun26") -> 1971962 | J8: =SUMIFS('ledger'!$F$2:$F$745,'ledger'!$C$2:$C$745,"=uk",'ledger'!$D$2:$D$745,"=company",'ledger'!$E$2:$E$745,"=revenue",'ledger'!$G$2:$G$745,"jul26") -> 1948393 | K8: =SUMIFS('ledger'!$F$2:$F$745,'ledger'!$C$2:$C$745,"=uk",'ledger'!$D$2:$D$745,"=company",'ledger'!$E$2:$E$745,"=revenue",'ledger'!$G$2:$G$745,"aug26") -> 1943549 | L8: =(K8*(1+'Forecast drivers'!J2)) -> 1980476.4 | M8: =(L8*(1+'Forecast drivers'!K2)) -> 2018105.5 | N8: =(M8*(1+'Forecast drivers'!L2)) -> 2056449.5 | O8: =(N8*(1+'Forecast drivers'!M2)) -> 2095522
A9: Revenue | B9: United Kingdom | C9: Sales | D9: =SUMIFS('ledger'!$F$2:$F$745,'ledger'!$C$2:$C$745,"=uk",'ledger'!$D$2:$D$745,"=sales",'ledger'!$E$2:$E$745,"=revenue",'ledger'!$G$2:$G$745,"jan26") -> 0 | E9: =SUMIFS('ledger'!$F$2:$F$745,'ledger'!$C$2:$C$745,"=uk",'ledger'!$D$2:$D$745,"=sales",'ledger'!$E$2:$E$745,"=revenue",'ledger'!$G$2:$G$745,"feb26") -> 0 | F9: =SUMIFS('ledger'!$F$2:$F$745,'ledger'!$C$2:$C$745,"=uk",'ledger'!$D$2:$D$745,"=sales",'ledger'!$E$2:$E$745,"=revenue",'ledger'!$G$2:$G$745,"mar26") -> 0 | G9: =SUMIFS('ledger'!$F$2:$F$745,'ledger'!$C$2:$C$745,"=uk",'ledger'!$D$2:$D$745,"=sales",'ledger'!$E$2:$E$745,"=revenue",'ledger'!$G$2:$G$745,"apr26") -> 0 | H9: =SUMIFS('ledger'!$F$2:$F$745,'ledger'!$C$2:$C$745,"=uk",'ledger'!$D$2:$D$745,"=sales",'ledger'!$E$2:$E$745,"=revenue",'ledger'!$G$2:$G$745,"may26") -> 0 | I9: =SUMIFS('ledger'!$F$2:$F$745,'ledger'!$C$2:$C$745,"=uk",'ledger'!$D$2:$D$745,"=sales",'ledger'!$E$2:$E$745,"=revenue",'ledger'!$G$2:$G$745,"jun26") -> 0 | J9: =SUMIFS('ledger'!$F$2:$F$745,'ledger'!$C$2:$C$745,"=uk",'ledger'!$D$2:$D$745,"=sales",'ledger'!$E$2:$E$745,"=revenue",'ledger'!$G$2:$G$745,"jul26") -> 0 | K9: =SUMIFS('ledger'!$F$2:$F$745,'ledger'!$C$2:$C$745,"=uk",'ledger'!$D$2:$D$745,"=sales",'ledger'!$E$2:$E$745,"=revenue",'ledger'!$G$2:$G$745,"aug26") -> 0 | L9: =(K9*(1+'Forecast drivers'!J9)) -> 0 | M9: =(L9*(1+'Forecast drivers'!K9)) -> 0 | N9: =(M9*(1+'Forecast drivers'!L9)) -> 0 | O9: =(N9*(1+'Forecast drivers'!M9)) -> 0
A10: Revenue | B10: United Kingdom | C10: Marketing | D10: =SUMIFS('ledger'!$F$2:$F$745,'ledger'!$C$2:$C$745,"=uk",'ledger'!$D$2:$D$745,"=marketing",'ledger'!$E$2:$E$745,"=revenue",'ledger'!$G$2:$G$745,"jan26") -> 0 | E10: =SUMIFS('ledger'!$F$2:$F$745,'ledger'!$C$2:$C$745,"=uk",'ledger'!$D$2:$D$745,"=marketing",'ledger'!$E$2:$E$745,"=revenue",'ledger'!$G$2:$G$745,"feb26") -> 0 | F10: =SUMIFS('ledger'!$F$2:$F$745,'ledger'!$C$2:$C$745,"=uk",'ledger'!$D$2:$D$745,"=marketing",'ledger'!$E$2:$E$745,"=revenue",'ledger'!$G$2:$G$745,"mar26") -> 0 | G10: =SUMIFS('ledger'!$F$2:$F$745,'ledger'!$C$2:$C$745,"=uk",'ledger'!$D$2:$D$745,"=marketing",'ledger'!$E$2:$E$745,"=revenue",'ledger'!$G$2:$G$745,"apr26") -> 0 | H10: =SUMIFS('ledger'!$F$2:$F$745,'ledger'!$C$2:$C$745,"=uk",'ledger'!$D$2:$D$745,"=marketing",'ledger'!$E$2:$E$745,"=revenue",'ledger'!$G$2:$G$745,"may26") -> 0 | I10: =SUMIFS('ledger'!$F$2:$F$745,'ledger'!$C$2:$C$745,"=uk",'ledger'!$D$2:$D$745,"=marketing",'ledger'!$E$2:$E$745,"=revenue",'ledger'!$G$2:$G$745,"jun26") -> 0 | J10: =SUMIFS('ledger'!$F$2:$F$745,'ledger'!$C$2:$C$745,"=uk",'ledger'!$D$2:$D$745,"=marketing",'ledger'!$E$2:$E$745,"=revenue",'ledger'!$G$2:$G$745,"jul26") -> 0 | K10: =SUMIFS('ledger'!$F$2:$F$745,'ledger'!$C$2:$C$745,"=uk",'ledger'!$D$2:$D$745,"=marketing",'ledger'!$E$2:$E$745,"=revenue",'ledger'!$G$2:$G$745,"aug26") -> 0 | L10: =(K10*(1+'Forecast drivers'!J9)) -> 0 | M10: =(L10*(1+'Forecast drivers'!K9)) -> 0 | N10: =(M10*(1+'Forecast drivers'!L9)) -> 0 | O10: =(N10*(1+'Forecast drivers'!M9)) -> 0
A11: Revenue | B11: United Kingdom | C11: Engineering | D11: =SUMIFS('ledger'!$F$2:$F$745,'ledger'!$C$2:$C$745,"=uk",'ledger'!$D$2:$D$745,"=engineering",'ledger'!$E$2:$E$745,"=revenue",'ledger'!$G$2:$G$745,"jan26") -> 0 | E11: =SUMIFS('ledger'!$F$2:$F$745,'ledger'!$C$2:$C$745,"=uk",'ledger'!$D$2:$D$745,"=engineering",'ledger'!$E$2:$E$745,"=revenue",'ledger'!$G$2:$G$745,"feb26") -> 0 | F11: =SUMIFS('ledger'!$F$2:$F$745,'ledger'!$C$2:$C$745,"=uk",'ledger'!$D$2:$D$745,"=engineering",'ledger'!$E$2:$E$745,"=revenue",'ledger'!$G$2:$G$745,"mar26") -> 0 | G11: =SUMIFS('ledger'!$F$2:$F$745,'ledger'!$C$2:$C$745,"=uk",'ledger'!$D$2:$D$745,"=engineering",'ledger'!$E$2:$E$745,"=revenue",'ledger'!$G$2:$G$745,"apr26") -> 0 | H11: =SUMIFS('ledger'!$F$2:$F$745,'ledger'!$C$2:$C$745,"=uk",'ledger'!$D$2:$D$745,"=engineering",'ledger'!$E$2:$E$745,"=revenue",'ledger'!$G$2:$G$745,"may26") -> 0 | I11: =SUMIFS('ledger'!$F$2:$F$745,'ledger'!$C$2:$C$745,"=uk",'ledger'!$D$2:$D$745,"=engineering",'ledger'!$E$2:$E$745,"=revenue",'ledger'!$G$2:$G$745,"jun26") -> 0 | J11: =SUMIFS('ledger'!$F$2:$F$745,'ledger'!$C$2:$C$745,"=uk",'ledger'!$D$2:$D$745,"=engineering",'ledger'!$E$2:$E$745,"=revenue",'ledger'!$G$2:$G$745,"jul26") -> 0 | K11: =SUMIFS('ledger'!$F$2:$F$745,'ledger'!$C$2:$C$745,"=uk",'ledger'!$D$2:$D$745,"=engineering",'ledger'!$E$2:$E$745,"=revenue",'ledger'!$G$2:$G$745,"aug26") -> 0 | L11: =(K11*(1+'Forecast drivers'!J9)) -> 0 | M11: =(L11*(1+'Forecast drivers'!K9)) -> 0 | N11: =(M11*(1+'Forecast drivers'!L9)) -> 0 | O11: =(N11*(1+'Forecast drivers'!M9)) -> 0
A12: Revenue | B12: United Kingdom | C12: Customer success | D12: =SUMIFS('ledger'!$F$2:$F$745,'ledger'!$C$2:$C$745,"=uk",'ledger'!$D$2:$D$745,"=customer_success",'ledger'!$E$2:$E$745,"=revenue",'ledger'!$G$2:$G$745,"jan26") -> 0 | E12: =SUMIFS('ledger'!$F$2:$F$745,'ledger'!$C$2:$C$745,"=uk",'ledger'!$D$2:$D$745,"=customer_success",'ledger'!$E$2:$E$745,"=revenue",'ledger'!$G$2:$G$745,"feb26") -> 0 | F12: =SUMIFS('ledger'!$F$2:$F$745,'ledger'!$C$2:$C$745,"=uk",'ledger'!$D$2:$D$745,"=customer_success",'ledger'!$E$2:$E$745,"=revenue",'ledger'!$G$2:$G$745,"mar26") -> 0 | G12: =SUMIFS('ledger'!$F$2:$F$745,'ledger'!$C$2:$C$745,"=uk",'ledger'!$D$2:$D$745,"=customer_success",'ledger'!$E$2:$E$745,"=revenue",'ledger'!$G$2:$G$745,"apr26") -> 0 | H12: =SUMIFS('ledger'!$F$2:$F$745,'ledger'!$C$2:$C$745,"=uk",'ledger'!$D$2:$D$745,"=customer_success",'ledger'!$E$2:$E$745,"=revenue",'ledger'!$G$2:$G$745,"may26") -> 0 | I12: =SUMIFS('ledger'!$F$2:$F$745,'ledger'!$C$2:$C$745,"=uk",'ledger'!$D$2:$D$745,"=customer_success",'ledger'!$E$2:$E$745,"=revenue",'ledger'!$G$2:$G$745,"jun26") -> 0 | J12: =SUMIFS('ledger'!$F$2:$F$745,'ledger'!$C$2:$C$745,"=uk",'ledger'!$D$2:$D$745,"=customer_success",'ledger'!$E$2:$E$745,"=revenue",'ledger'!$G$2:$G$745,"jul26") -> 0 | K12: =SUMIFS('ledger'!$F$2:$F$745,'ledger'!$C$2:$C$745,"=uk",'ledger'!$D$2:$D$745,"=customer_success",'ledger'!$E$2:$E$745,"=revenue",'ledger'!$G$2:$G$745,"aug26") -> 0 | L12: =(K12*(1+'Forecast drivers'!J9)) -> 0 | M12: =(L12*(1+'Forecast drivers'!K9)) -> 0 | N12: =(M12*(1+'Forecast drivers'!L9)) -> 0 | O12: =(N12*(1+'Forecast drivers'!M9)) -> 0
A13: Revenue | B13: United Kingdom | C13: G&A | D13: =SUMIFS('ledger'!$F$2:$F$745,'ledger'!$C$2:$C$745,"=uk",'ledger'!$D$2:$D$745,"=g_and_a",'ledger'!$E$2:$E$745,"=revenue",'ledger'!$G$2:$G$745,"jan26") -> 0 | E13: =SUMIFS('ledger'!$F$2:$F$745,'ledger'!$C$2:$C$745,"=uk",'ledger'!$D$2:$D$745,"=g_and_a",'ledger'!$E$2:$E$745,"=revenue",'ledger'!$G$2:$G$745,"feb26") -> 0 | F13: =SUMIFS('ledger'!$F$2:$F$745,'ledger'!$C$2:$C$745,"=uk",'ledger'!$D$2:$D$745,"=g_and_a",'ledger'!$E$2:$E$745,"=revenue",'ledger'!$G$2:$G$745,"mar26") -> 0 | G13: =SUMIFS('ledger'!$F$2:$F$745,'ledger'!$C$2:$C$745,"=uk",'ledger'!$D$2:$D$745,"=g_and_a",'ledger'!$E$2:$E$745,"=revenue",'ledger'!$G$2:$G$745,"apr26") -> 0 | H13: =SUMIFS('ledger'!$F$2:$F$745,'ledger'!$C$2:$C$745,"=uk",'ledger'!$D$2:$D$745,"=g_and_a",'ledger'!$E$2:$E$745,"=revenue",'ledger'!$G$2:$G$745,"may26") -> 0 | I13: =SUMIFS('ledger'!$F$2:$F$745,'ledger'!$C$2:$C$745,"=uk",'ledger'!$D$2:$D$745,"=g_and_a",'ledger'!$E$2:$E$745,"=revenue",'ledger'!$G$2:$G$745,"jun26") -> 0 | J13: =SUMIFS('ledger'!$F$2:$F$745,'ledger'!$C$2:$C$745,"=uk",'ledger'!$D$2:$D$745,"=g_and_a",'ledger'!$E$2:$E$745,"=revenue",'ledger'!$G$2:$G$745,"jul26") -> 0 | K13: =SUMIFS('ledger'!$F$2:$F$745,'ledger'!$C$2:$C$745,"=uk",'ledger'!$D$2:$D$745,"=g_and_a",'ledger'!$E$2:$E$745,"=revenue",'ledger'!$G$2:$G$745,"aug26") -> 0 | L13: =(K13*(1+'Forecast drivers'!J9)) -> 0 | M13: =(L13*(1+'Forecast drivers'!K9)) -> 0 | N13: =(M13*(1+'Forecast drivers'!L9)) -> 0 | O13: =(N13*(1+'Forecast drivers'!M9)) -> 0
A14: Cost of revenue: hosting | B14: United States | C14: Company (revenue and cost of revenue) | D14: =SUMIFS('ledger'!$F$2:$F$745,'ledger'!$C$2:$C$745,"=us",'ledger'!$D$2:$D$745,"=company",'ledger'!$E$2:$E$745,"=cogs_hosting",'ledger'!$G$2:$G$745,"jan26") -> -494497 | E14: =SUMIFS('ledger'!$F$2:$F$745,'ledger'!$C$2:$C$745,"=us",'ledger'!$D$2:$D$745,"=company",'ledger'!$E$2:$E$745,"=cogs_hosting",'ledger'!$G$2:$G$745,"feb26") -> -469075 | F14: =SUMIFS('ledger'!$F$2:$F$745,'ledger'!$C$2:$C$745,"=us",'ledger'!$D$2:$D$745,"=company",'ledger'!$E$2:$E$745,"=cogs_hosting",'ledger'!$G$2:$G$745,"mar26") -> -493099 | G14: =SUMIFS('ledger'!$F$2:$F$745,'ledger'!$C$2:$C$745,"=us",'ledger'!$D$2:$D$745,"=company",'ledger'!$E$2:$E$745,"=cogs_hosting",'ledger'!$G$2:$G$745,"apr26") -> -536848 | H14: =SUMIFS('ledger'!$F$2:$F$745,'ledger'!$C$2:$C$745,"=us",'ledger'!$D$2:$D$745,"=company",'ledger'!$E$2:$E$745,"=cogs_hosting",'ledger'!$G$2:$G$745,"may26") -> -544529 | I14: =SUMIFS('ledger'!$F$2:$F$745,'ledger'!$C$2:$C$745,"=us",'ledger'!$D$2:$D$745,"=company",'ledger'!$E$2:$E$745,"=cogs_hosting",'ledger'!$G$2:$G$745,"jun26") -> -565452 | J14: =SUMIFS('ledger'!$F$2:$F$745,'ledger'!$C$2:$C$745,"=us",'ledger'!$D$2:$D$745,"=company",'ledger'!$E$2:$E$745,"=cogs_hosting",'ledger'!$G$2:$G$745,"jul26") -> -519886 | K14: =SUMIFS('ledger'!$F$2:$F$745,'ledger'!$C$2:$C$745,"=us",'ledger'!$D$2:$D$745,"=company",'ledger'!$E$2:$E$745,"=cogs_hosting",'ledger'!$G$2:$G$745,"aug26") -> -545435 | L14: =(-(L2)*'Forecast drivers'!J3) -> -546384.1 | M14: =(-(M2)*'Forecast drivers'!K3) -> -556765.39 | N14: =(-(N2)*'Forecast drivers'!L3) -> -567343.94 | O14: =(-(O2)*'Forecast drivers'!M3) -> -578123.47
A15: Cost of revenue: hosting | B15: United States | C15: Sales | D15: =SUMIFS('ledger'!$F$2:$F$745,'ledger'!$C$2:$C$745,"=us",'ledger'!$D$2:$D$745,"=sales",'ledger'!$E$2:$E$745,"=cogs_hosting",'ledger'!$G$2:$G$745,"jan26") -> 0 | E15: =SUMIFS('ledger'!$F$2:$F$745,'ledger'!$C$2:$C$745,"=us",'ledger'!$D$2:$D$745,"=sales",'ledger'!$E$2:$E$745,"=cogs_hosting",'ledger'!$G$2:$G$745,"feb26") -> 0 | F15: =SUMIFS('ledger'!$F$2:$F$745,'ledger'!$C$2:$C$745,"=us",'ledger'!$D$2:$D$745,"=sales",'ledger'!$E$2:$E$745,"=cogs_hosting",'ledger'!$G$2:$G$745,"mar26") -> 0 | G15: =SUMIFS('ledger'!$F$2:$F$745,'ledger'!$C$2:$C$745,"=us",'ledger'!$D$2:$D$745,"=sales",'ledger'!$E$2:$E$745,"=cogs_hosting",'ledger'!$G$2:$G$745,"apr26") -> 0 | H15: =SUMIFS('ledger'!$F$2:$F$745,'ledger'!$C$2:$C$745,"=us",'ledger'!$D$2:$D$745,"=sales",'ledger'!$E$2:$E$745,"=cogs_hosting",'ledger'!$G$2:$G$745,"may26") -> 0 | I15: =SUMIFS('ledger'!$F$2:$F$745,'ledger'!$C$2:$C$745,"=us",'ledger'!$D$2:$D$745,"=sales",'ledger'!$E$2:$E$745,"=cogs_hosting",'ledger'!$G$2:$G$745,"jun26") -> 0 | J15: =SUMIFS('ledger'!$F$2:$F$745,'ledger'!$C$2:$C$745,"=us",'ledger'!$D$2:$D$745,"=sales",'ledger'!$E$2:$E$745,"=cogs_hosting",'ledger'!$G$2:$G$745,"jul26") -> 0 | K15: =SUMIFS('ledger'!$F$2:$F$745,'ledger'!$C$2:$C$745,"=us",'ledger'!$D$2:$D$745,"=sales",'ledger'!$E$2:$E$745,"=cogs_hosting",'ledger'!$G$2:$G$745,"aug26") -> 0 | L15: =(K15*(1+'Forecast drivers'!J9)) -> 0 | M15: =(L15*(1+'Forecast drivers'!K9)) -> 0 | N15: =(M15*(1+'Forecast drivers'!L9)) -> 0 | O15: =(N15*(1+'Forecast drivers'!M9)) -> 0
A16: Cost of revenue: hosting | B16: United States | C16: Marketing | D16: =SUMIFS('ledger'!$F$2:$F$745,'ledger'!$C$2:$C$745,"=us",'ledger'!$D$2:$D$745,"=marketing",'ledger'!$E$2:$E$745,"=cogs_hosting",'ledger'!$G$2:$G$745,"jan26") -> 0 | E16: =SUMIFS('ledger'!$F$2:$F$745,'ledger'!$C$2:$C$745,"=us",'ledger'!$D$2:$D$745,"=marketing",'ledger'!$E$2:$E$745,"=cogs_hosting",'ledger'!$G$2:$G$745,"feb26") -> 0 | F16: =SUMIFS('ledger'!$F$2:$F$745,'ledger'!$C$2:$C$745,"=us",'ledger'!$D$2:$D$745,"=marketing",'ledger'!$E$2:$E$745,"=cogs_hosting",'ledger'!$G$2:$G$745,"mar26") -> 0 | G16: =SUMIFS('ledger'!$F$2:$F$745,'ledger'!$C$2:$C$745,"=us",'ledger'!$D$2:$D$745,"=marketing",'ledger'!$E$2:$E$745,"=cogs_hosting",'ledger'!$G$2:$G$745,"apr26") -> 0 | H16: =SUMIFS('ledger'!$F$2:$F$745,'ledger'!$C$2:$C$745,"=us",'ledger'!$D$2:$D$745,"=marketing",'ledger'!$E$2:$E$745,"=cogs_hosting",'ledger'!$G$2:$G$745,"may26") -> 0 | I16: =SUMIFS('ledger'!$F$2:$F$745,'ledger'!$C$2:$C$745,"=us",'ledger'!$D$2:$D$745,"=marketing",'ledger'!$E$2:$E$745,"=cogs_hosting",'ledger'!$G$2:$G$745,"jun26") -> 0 | J16: =SUMIFS('ledger'!$F$2:$F$745,'ledger'!$C$2:$C$745,"=us",'ledger'!$D$2:$D$745,"=marketing",'ledger'!$E$2:$E$745,"=cogs_hosting",'ledger'!$G$2:$G$745,"jul26") -> 0 | K16: =SUMIFS('ledger'!$F$2:$F$745,'ledger'!$C$2:$C$745,"=us",'ledger'!$D$2:$D$745,"=marketing",'ledger'!$E$2:$E$745,"=cogs_hosting",'ledger'!$G$2:$G$745,"aug26") -> 0 | L16: =(K16*(1+'Forecast drivers'!J9)) -> 0 | M16: =(L16*(1+'Forecast drivers'!K9)) -> 0 | N16: =(M16*(1+'Forecast drivers'!L9)) -> 0 | O16: =(N16*(1+'Forecast drivers'!M9)) -> 0
A17: Cost of revenue: hosting | B17: United States | C17: Engineering | D17: =SUMIFS('ledger'!$F$2:$F$745,'ledger'!$C$2:$C$745,"=us",'ledger'!$D$2:$D$745,"=engineering",'ledger'!$E$2:$E$745,"=cogs_hosting",'ledger'!$G$2:$G$745,"jan26") -> 0 | E17: =SUMIFS('ledger'!$F$2:$F$745,'ledger'!$C$2:$C$745,"=us",'ledger'!$D$2:$D$745,"=engineering",'ledger'!$E$2:$E$745,"=cogs_hosting",'ledger'!$G$2:$G$745,"feb26") -> 0 | F17: =SUMIFS('ledger'!$F$2:$F$745,'ledger'!$C$2:$C$745,"=us",'ledger'!$D$2:$D$745,"=engineering",'ledger'!$E$2:$E$745,"=cogs_hosting",'ledger'!$G$2:$G$745,"mar26") -> 0 | G17: =SUMIFS('ledger'!$F$2:$F$745,'ledger'!$C$2:$C$745,"=us",'ledger'!$D$2:$D$745,"=engineering",'ledger'!$E$2:$E$745,"=cogs_hosting",'ledger'!$G$2:$G$745,"apr26") -> 0 | H17: =SUMIFS('ledger'!$F$2:$F$745,'ledger'!$C$2:$C$745,"=us",'ledger'!$D$2:$D$745,"=engineering",'ledger'!$E$2:$E$745,"=cogs_hosting",'ledger'!$G$2:$G$745,"may26") -> 0 | I17: =SUMIFS('ledger'!$F$2:$F$745,'ledger'!$C$2:$C$745,"=us",'ledger'!$D$2:$D$745,"=engineering",'ledger'!$E$2:$E$745,"=cogs_hosting",'ledger'!$G$2:$G$745,"jun26") -> 0 | J17: =SUMIFS('ledger'!$F$2:$F$745,'ledger'!$C$2:$C$745,"=us",'ledger'!$D$2:$D$745,"=engineering",'ledger'!$E$2:$E$745,"=cogs_hosting",'ledger'!$G$2:$G$745,"jul26") -> 0 | K17: =SUMIFS('ledger'!$F$2:$F$745,'ledger'!$C$2:$C$745,"=us",'ledger'!$D$2:$D$745,"=engineering",'ledger'!$E$2:$E$745,"=cogs_hosting",'ledger'!$G$2:$G$745,"aug26") -> 0 | L17: =(K17*(1+'Forecast drivers'!J9)) -> 0 | M17: =(L17*(1+'Forecast drivers'!K9)) -> 0 | N17: =(M17*(1+'Forecast drivers'!L9)) -> 0 | O17: =(N17*(1+'Forecast drivers'!M9)) -> 0
A18: Cost of revenue: hosting | B18: United States | C18: Customer success | D18: =SUMIFS('ledger'!$F$2:$F$745,'ledger'!$C$2:$C$745,"=us",'ledger'!$D$2:$D$745,"=customer_success",'ledger'!$E$2:$E$745,"=cogs_hosting",'ledger'!$G$2:$G$745,"jan26") -> 0 | E18: =SUMIFS('ledger'!$F$2:$F$745,'ledger'!$C$2:$C$745,"=us",'ledger'!$D$2:$D$745,"=customer_success",'ledger'!$E$2:$E$745,"=cogs_hosting",'ledger'!$G$2:$G$745,"feb26") -> 0 | F18: =SUMIFS('ledger'!$F$2:$F$745,'ledger'!$C$2:$C$745,"=us",'ledger'!$D$2:$D$745,"=customer_success",'ledger'!$E$2:$E$745,"=cogs_hosting",'ledger'!$G$2:$G$745,"mar26") -> 0 | G18: =SUMIFS('ledger'!$F$2:$F$745,'ledger'!$C$2:$C$745,"=us",'ledger'!$D$2:$D$745,"=customer_success",'ledger'!$E$2:$E$745,"=cogs_hosting",'ledger'!$G$2:$G$745,"apr26") -> 0 | H18: =SUMIFS('ledger'!$F$2:$F$745,'ledger'!$C$2:$C$745,"=us",'ledger'!$D$2:$D$745,"=customer_success",'ledger'!$E$2:$E$745,"=cogs_hosting",'ledger'!$G$2:$G$745,"may26") -> 0 | I18: =SUMIFS('ledger'!$F$2:$F$745,'ledger'!$C$2:$C$745,"=us",'ledger'!$D$2:$D$745,"=customer_success",'ledger'!$E$2:$E$745,"=cogs_hosting",'ledger'!$G$2:$G$745,"jun26") -> 0 | J18: =SUMIFS('ledger'!$F$2:$F$745,'ledger'!$C$2:$C$745,"=us",'ledger'!$D$2:$D$745,"=customer_success",'ledger'!$E$2:$E$745,"=cogs_hosting",'ledger'!$G$2:$G$745,"jul26") -> 0 | K18: =SUMIFS('ledger'!$F$2:$F$745,'ledger'!$C$2:$C$745,"=us",'ledger'!$D$2:$D$745,"=customer_success",'ledger'!$E$2:$E$745,"=cogs_hosting",'ledger'!$G$2:$G$745,"aug26") -> 0 | L18: =(K18*(1+'Forecast drivers'!J9)) -> 0 | M18: =(L18*(1+'Forecast drivers'!K9)) -> 0 | N18: =(M18*(1+'Forecast drivers'!L9)) -> 0 | O18: =(N18*(1+'Forecast drivers'!M9)) -> 0
A19: Cost of revenue: hosting | B19: United States | C19: G&A | D19: =SUMIFS('ledger'!$F$2:$F$745,'ledger'!$C$2:$C$745,"=us",'ledger'!$D$2:$D$745,"=g_and_a",'ledger'!$E$2:$E$745,"=cogs_hosting",'ledger'!$G$2:$G$745,"jan26") -> 0 | E19: =SUMIFS('ledger'!$F$2:$F$745,'ledger'!$C$2:$C$745,"=us",'ledger'!$D$2:$D$745,"=g_and_a",'ledger'!$E$2:$E$745,"=cogs_hosting",'ledger'!$G$2:$G$745,"feb26") -> 0 | F19: =SUMIFS('ledger'!$F$2:$F$745,'ledger'!$C$2:$C$745,"=us",'ledger'!$D$2:$D$745,"=g_and_a",'ledger'!$E$2:$E$745,"=cogs_hosting",'ledger'!$G$2:$G$745,"mar26") -> 0 | G19: =SUMIFS('ledger'!$F$2:$F$745,'ledger'!$C$2:$C$745,"=us",'ledger'!$D$2:$D$745,"=g_and_a",'ledger'!$E$2:$E$745,"=cogs_hosting",'ledger'!$G$2:$G$745,"apr26") -> 0 | H19: =SUMIFS('ledger'!$F$2:$F$745,'ledger'!$C$2:$C$745,"=us",'ledger'!$D$2:$D$745,"=g_and_a",'ledger'!$E$2:$E$745,"=cogs_hosting",'ledger'!$G$2:$G$745,"may26") -> 0 | I19: =SUMIFS('ledger'!$F$2:$F$745,'ledger'!$C$2:$C$745,"=us",'ledger'!$D$2:$D$745,"=g_and_a",'ledger'!$E$2:$E$745,"=cogs_hosting",'ledger'!$G$2:$G$745,"jun26") -> 0 | J19: =SUMIFS('ledger'!$F$2:$F$745,'ledger'!$C$2:$C$745,"=us",'ledger'!$D$2:$D$745,"=g_and_a",'ledger'!$E$2:$E$745,"=cogs_hosting",'ledger'!$G$2:$G$745,"jul26") -> 0 | K19: =SUMIFS('ledger'!$F$2:$F$745,'ledger'!$C$2:$C$745,"=us",'ledger'!$D$2:$D$745,"=g_and_a",'ledger'!$E$2:$E$745,"=cogs_hosting",'ledger'!$G$2:$G$745,"aug26") -> 0 | L19: =(K19*(1+'Forecast drivers'!J9)) -> 0 | M19: =(L19*(1+'Forecast drivers'!K9)) -> 0 | N19: =(M19*(1+'Forecast drivers'!L9)) -> 0 | O19: =(N19*(1+'Forecast drivers'!M9)) -> 0
A20: Cost of revenue: hosting | B20: United Kingdom | C20: Company (revenue and cost of revenue) | D20: =SUMIFS('ledger'!$F$2:$F$745,'ledger'!$C$2:$C$745,"=uk",'ledger'!$D$2:$D$745,"=company",'ledger'!$E$2:$E$745,"=cogs_hosting",'ledger'!$G$2:$G$745,"jan26") -> -200777 | E20: =SUMIFS('ledger'!$F$2:$F$745,'ledger'!$C$2:$C$745,"=uk",'ledger'!$D$2:$D$745,"=company",'ledger'!$E$2:$E$745,"=cogs_hosting",'ledger'!$G$2:$G$745,"feb26") -> -201080 | F20: =SUMIFS('ledger'!$F$2:$F$745,'ledger'!$C$2:$C$745,"=uk",'ledger'!$D$2:$D$745,"=company",'ledger'!$E$2:$E$745,"=cogs_hosting",'ledger'!$G$2:$G$745,"mar26") -> -230118 | G20: =SUMIFS('ledger'!$F$2:$F$745,'ledger'!$C$2:$C$745,"=uk",'ledger'!$D$2:$D$745,"=company",'ledger'!$E$2:$E$745,"=cogs_hosting",'ledger'!$G$2:$G$745,"apr26") -> -217059 | H20: =SUMIFS('ledger'!$F$2:$F$745,'ledger'!$C$2:$C$745,"=uk",'ledger'!$D$2:$D$745,"=company",'ledger'!$E$2:$E$745,"=cogs_hosting",'ledger'!$G$2:$G$745,"may26") -> -219426 | I20: =SUMIFS('ledger'!$F$2:$F$745,'ledger'!$C$2:$C$745,"=uk",'ledger'!$D$2:$D$745,"=company",'ledger'!$E$2:$E$745,"=cogs_hosting",'ledger'!$G$2:$G$745,"jun26") -> -226989 | J20: =SUMIFS('ledger'!$F$2:$F$745,'ledger'!$C$2:$C$745,"=uk",'ledger'!$D$2:$D$745,"=company",'ledger'!$E$2:$E$745,"=cogs_hosting",'ledger'!$G$2:$G$745,"jul26") -> -233588 | K20: =SUMIFS('ledger'!$F$2:$F$745,'ledger'!$C$2:$C$745,"=uk",'ledger'!$D$2:$D$745,"=company",'ledger'!$E$2:$E$745,"=cogs_hosting",'ledger'!$G$2:$G$745,"aug26") -> -243854 | L20: =(-(L8)*'Forecast drivers'!J3) -> -233696.22 | M20: =(-(M8)*'Forecast drivers'!K3) -> -238136.45 | N20: =(-(N8)*'Forecast drivers'!L3) -> -242661.04 | O20: =(-(O8)*'Forecast drivers'!M3) -> -247271.6
A21: Cost of revenue: hosting | B21: United Kingdom | C21: Sales | D21: =SUMIFS('ledger'!$F$2:$F$745,'ledger'!$C$2:$C$745,"=uk",'ledger'!$D$2:$D$745,"=sales",'ledger'!$E$2:$E$745,"=cogs_hosting",'ledger'!$G$2:$G$745,"jan26") -> 0 | E21: =SUMIFS('ledger'!$F$2:$F$745,'ledger'!$C$2:$C$745,"=uk",'ledger'!$D$2:$D$745,"=sales",'ledger'!$E$2:$E$745,"=cogs_hosting",'ledger'!$G$2:$G$745,"feb26") -> 0 | F21: =SUMIFS('ledger'!$F$2:$F$745,'ledger'!$C$2:$C$745,"=uk",'ledger'!$D$2:$D$745,"=sales",'ledger'!$E$2:$E$745,"=cogs_hosting",'ledger'!$G$2:$G$745,"mar26") -> 0 | G21: =SUMIFS('ledger'!$F$2:$F$745,'ledger'!$C$2:$C$745,"=uk",'ledger'!$D$2:$D$745,"=sales",'ledger'!$E$2:$E$745,"=cogs_hosting",'ledger'!$G$2:$G$745,"apr26") -> 0 | H21: =SUMIFS('ledger'!$F$2:$F$745,'ledger'!$C$2:$C$745,"=uk",'ledger'!$D$2:$D$745,"=sales",'ledger'!$E$2:$E$745,"=cogs_hosting",'ledger'!$G$2:$G$745,"may26") -> 0 | I21: =SUMIFS('ledger'!$F$2:$F$745,'ledger'!$C$2:$C$745,"=uk",'ledger'!$D$2:$D$745,"=sales",'ledger'!$E$2:$E$745,"=cogs_hosting",'ledger'!$G$2:$G$745,"jun26") -> 0 | J21: =SUMIFS('ledger'!$F$2:$F$745,'ledger'!$C$2:$C$745,"=uk",'ledger'!$D$2:$D$745,"=sales",'ledger'!$E$2:$E$745,"=cogs_hosting",'ledger'!$G$2:$G$745,"jul26") -> 0 | K21: =SUMIFS('ledger'!$F$2:$F$745,'ledger'!$C$2:$C$745,"=uk",'ledger'!$D$2:$D$745,"=sales",'ledger'!$E$2:$E$745,"=cogs_hosting",'ledger'!$G$2:$G$745,"aug26") -> 0 | L21: =(K21*(1+'Forecast drivers'!J9)) -> 0 | M21: =(L21*(1+'Forecast drivers'!K9)) -> 0 | N21: =(M21*(1+'Forecast drivers'!L9)) -> 0 | O21: =(N21*(1+'Forecast drivers'!M9)) -> 0
A22: Cost of revenue: hosting | B22: United Kingdom | C22: Marketing | D22: =SUMIFS('ledger'!$F$2:$F$745,'ledger'!$C$2:$C$745,"=uk",'ledger'!$D$2:$D$745,"=marketing",'ledger'!$E$2:$E$745,"=cogs_hosting",'ledger'!$G$2:$G$745,"jan26") -> 0 | E22: =SUMIFS('ledger'!$F$2:$F$745,'ledger'!$C$2:$C$745,"=uk",'ledger'!$D$2:$D$745,"=marketing",'ledger'!$E$2:$E$745,"=cogs_hosting",'ledger'!$G$2:$G$745,"feb26") -> 0 | F22: =SUMIFS('ledger'!$F$2:$F$745,'ledger'!$C$2:$C$745,"=uk",'ledger'!$D$2:$D$745,"=marketing",'ledger'!$E$2:$E$745,"=cogs_hosting",'ledger'!$G$2:$G$745,"mar26") -> 0 | G22: =SUMIFS('ledger'!$F$2:$F$745,'ledger'!$C$2:$C$745,"=uk",'ledger'!$D$2:$D$745,"=marketing",'ledger'!$E$2:$E$745,"=cogs_hosting",'ledger'!$G$2:$G$745,"apr26") -> 0 | H22: =SUMIFS('ledger'!$F$2:$F$745,'ledger'!$C$2:$C$745,"=uk",'ledger'!$D$2:$D$745,"=marketing",'ledger'!$E$2:$E$745,"=cogs_hosting",'ledger'!$G$2:$G$745,"may26") -> 0 | I22: =SUMIFS('ledger'!$F$2:$F$745,'ledger'!$C$2:$C$745,"=uk",'ledger'!$D$2:$D$745,"=marketing",'ledger'!$E$2:$E$745,"=cogs_hosting",'ledger'!$G$2:$G$745,"jun26") -> 0 | J22: =SUMIFS('ledger'!$F$2:$F$745,'ledger'!$C$2:$C$745,"=uk",'ledger'!$D$2:$D$745,"=marketing",'ledger'!$E$2:$E$745,"=cogs_hosting",'ledger'!$G$2:$G$745,"jul26") -> 0 | K22: =SUMIFS('ledger'!$F$2:$F$745,'ledger'!$C$2:$C$745,"=uk",'ledger'!$D$2:$D$745,"=marketing",'ledger'!$E$2:$E$745,"=cogs_hosting",'ledger'!$G$2:$G$745,"aug26") -> 0 | L22: =(K22*(1+'Forecast drivers'!J9)) -> 0 | M22: =(L22*(1+'Forecast drivers'!K9)) -> 0 | N22: =(M22*(1+'Forecast drivers'!L9)) -> 0 | O22: =(N22*(1+'Forecast drivers'!M9)) -> 0
A23: Cost of revenue: hosting | B23: United Kingdom | C23: Engineering | D23: =SUMIFS('ledger'!$F$2:$F$745,'ledger'!$C$2:$C$745,"=uk",'ledger'!$D$2:$D$745,"=engineering",'ledger'!$E$2:$E$745,"=cogs_hosting",'ledger'!$G$2:$G$745,"jan26") -> 0 | E23: =SUMIFS('ledger'!$F$2:$F$745,'ledger'!$C$2:$C$745,"=uk",'ledger'!$D$2:$D$745,"=engineering",'ledger'!$E$2:$E$745,"=cogs_hosting",'ledger'!$G$2:$G$745,"feb26") -> 0 | F23: =SUMIFS('ledger'!$F$2:$F$745,'ledger'!$C$2:$C$745,"=uk",'ledger'!$D$2:$D$745,"=engineering",'ledger'!$E$2:$E$745,"=cogs_hosting",'ledger'!$G$2:$G$745,"mar26") -> 0 | G23: =SUMIFS('ledger'!$F$2:$F$745,'ledger'!$C$2:$C$745,"=uk",'ledger'!$D$2:$D$745,"=engineering",'ledger'!$E$2:$E$745,"=cogs_hosting",'ledger'!$G$2:$G$745,"apr26") -> 0 | H23: =SUMIFS('ledger'!$F$2:$F$745,'ledger'!$C$2:$C$745,"=uk",'ledger'!$D$2:$D$745,"=engineering",'ledger'!$E$2:$E$745,"=cogs_hosting",'ledger'!$G$2:$G$745,"may26") -> 0 | I23: =SUMIFS('ledger'!$F$2:$F$745,'ledger'!$C$2:$C$745,"=uk",'ledger'!$D$2:$D$745,"=engineering",'ledger'!$E$2:$E$745,"=cogs_hosting",'ledger'!$G$2:$G$745,"jun26") -> 0 | J23: =SUMIFS('ledger'!$F$2:$F$745,'ledger'!$C$2:$C$745,"=uk",'ledger'!$D$2:$D$745,"=engineering",'ledger'!$E$2:$E$745,"=cogs_hosting",'ledger'!$G$2:$G$745,"jul26") -> 0 | K23: =SUMIFS('ledger'!$F$2:$F$745,'ledger'!$C$2:$C$745,"=uk",'ledger'!$D$2:$D$745,"=engineering",'ledger'!$E$2:$E$745,"=cogs_hosting",'ledger'!$G$2:$G$745,"aug26") -> 0 | L23: =(K23*(1+'Forecast drivers'!J9)) -> 0 | M23: =(L23*(1+'Forecast drivers'!K9)) -> 0 | N23: =(M23*(1+'Forecast drivers'!L9)) -> 0 | O23: =(N23*(1+'Forecast drivers'!M9)) -> 0
A24: Cost of revenue: hosting | B24: United Kingdom | C24: Customer success | D24: =SUMIFS('ledger'!$F$2:$F$745,'ledger'!$C$2:$C$745,"=uk",'ledger'!$D$2:$D$745,"=customer_success",'ledger'!$E$2:$E$745,"=cogs_hosting",'ledger'!$G$2:$G$745,"jan26") -> 0 | E24: =SUMIFS('ledger'!$F$2:$F$745,'ledger'!$C$2:$C$745,"=uk",'ledger'!$D$2:$D$745,"=customer_success",'ledger'!$E$2:$E$745,"=cogs_hosting",'ledger'!$G$2:$G$745,"feb26") -> 0 | F24: =SUMIFS('ledger'!$F$2:$F$745,'ledger'!$C$2:$C$745,"=uk",'ledger'!$D$2:$D$745,"=customer_success",'ledger'!$E$2:$E$745,"=cogs_hosting",'ledger'!$G$2:$G$745,"mar26") -> 0 | G24: =SUMIFS('ledger'!$F$2:$F$745,'ledger'!$C$2:$C$745,"=uk",'ledger'!$D$2:$D$745,"=customer_success",'ledger'!$E$2:$E$745,"=cogs_hosting",'ledger'!$G$2:$G$745,"apr26") -> 0 | H24: =SUMIFS('ledger'!$F$2:$F$745,'ledger'!$C$2:$C$745,"=uk",'ledger'!$D$2:$D$745,"=customer_success",'ledger'!$E$2:$E$745,"=cogs_hosting",'ledger'!$G$2:$G$745,"may26") -> 0 | I24: =SUMIFS('ledger'!$F$2:$F$745,'ledger'!$C$2:$C$745,"=uk",'ledger'!$D$2:$D$745,"=customer_success",'ledger'!$E$2:$E$745,"=cogs_hosting",'ledger'!$G$2:$G$745,"jun26") -> 0 | J24: =SUMIFS('ledger'!$F$2:$F$745,'ledger'!$C$2:$C$745,"=uk",'ledger'!$D$2:$D$745,"=customer_success",'ledger'!$E$2:$E$745,"=cogs_hosting",'ledger'!$G$2:$G$745,"jul26") -> 0 | K24: =SUMIFS('ledger'!$F$2:$F$745,'ledger'!$C$2:$C$745,"=uk",'ledger'!$D$2:$D$745,"=customer_success",'ledger'!$E$2:$E$745,"=cogs_hosting",'ledger'!$G$2:$G$745,"aug26") -> 0 | L24: =(K24*(1+'Forecast drivers'!J9)) -> 0 | M24: =(L24*(1+'Forecast drivers'!K9)) -> 0 | N24: =(M24*(1+'Forecast drivers'!L9)) -> 0 | O24: =(N24*(1+'Forecast drivers'!M9)) -> 0
A25: Cost of revenue: hosting | B25: United Kingdom | C25: G&A | D25: =SUMIFS('ledger'!$F$2:$F$745,'ledger'!$C$2:$C$745,"=uk",'ledger'!$D$2:$D$745,"=g_and_a",'ledger'!$E$2:$E$745,"=cogs_hosting",'ledger'!$G$2:$G$745,"jan26") -> 0 | E25: =SUMIFS('ledger'!$F$2:$F$745,'ledger'!$C$2:$C$745,"=uk",'ledger'!$D$2:$D$745,"=g_and_a",'ledger'!$E$2:$E$745,"=cogs_hosting",'ledger'!$G$2:$G$745,"feb26") -> 0 | F25: =SUMIFS('ledger'!$F$2:$F$745,'ledger'!$C$2:$C$745,"=uk",'ledger'!$D$2:$D$745,"=g_and_a",'ledger'!$E$2:$E$745,"=cogs_hosting",'ledger'!$G$2:$G$745,"mar26") -> 0 | G25: =SUMIFS('ledger'!$F$2:$F$745,'ledger'!$C$2:$C$745,"=uk",'ledger'!$D$2:$D$745,"=g_and_a",'ledger'!$E$2:$E$745,"=cogs_hosting",'ledger'!$G$2:$G$745,"apr26") -> 0 | H25: =SUMIFS('ledger'!$F$2:$F$745,'ledger'!$C$2:$C$745,"=uk",'ledger'!$D$2:$D$745,"=g_and_a",'ledger'!$E$2:$E$745,"=cogs_hosting",'ledger'!$G$2:$G$745,"may26") -> 0 | I25: =SUMIFS('ledger'!$F$2:$F$745,'ledger'!$C$2:$C$745,"=uk",'ledger'!$D$2:$D$745,"=g_and_a",'ledger'!$E$2:$E$745,"=cogs_hosting",'ledger'!$G$2:$G$745,"jun26") -> 0 | J25: =SUMIFS('ledger'!$F$2:$F$745,'ledger'!$C$2:$C$745,"=uk",'ledger'!$D$2:$D$745,"=g_and_a",'ledger'!$E$2:$E$745,"=cogs_hosting",'ledger'!$G$2:$G$745,"jul26") -> 0 | K25: =SUMIFS('ledger'!$F$2:$F$745,'ledger'!$C$2:$C$745,"=uk",'ledger'!$D$2:$D$745,"=g_and_a",'ledger'!$E$2:$E$745,"=cogs_hosting",'ledger'!$G$2:$G$745,"aug26") -> 0 | L25: =(K25*(1+'Forecast drivers'!J9)) -> 0 | M25: =(L25*(1+'Forecast drivers'!K9)) -> 0 | N25: =(M25*(1+'Forecast drivers'!L9)) -> 0 | O25: =(N25*(1+'Forecast drivers'!M9)) -> 0
A26: Cost of revenue: support | B26: United States | C26: Company (revenue and cost of revenue) | D26: =SUMIFS('ledger'!$F$2:$F$745,'ledger'!$C$2:$C$745,"=us",'ledger'!$D$2:$D$745,"=company",'ledger'!$E$2:$E$745,"=cogs_support",'ledger'!$G$2:$G$745,"jan26") -> -206198 | E26: =SUMIFS('ledger'!$F$2:$F$745,'ledger'!$C$2:$C$745,"=us",'ledger'!$D$2:$D$745,"=company",'ledger'!$E$2:$E$745,"=cogs_support",'ledger'!$G$2:$G$745,"feb26") -> -195633 | F26: =SUMIFS('ledger'!$F$2:$F$745,'ledger'!$C$2:$C$745,"=us",'ledger'!$D$2:$D$745,"=company",'ledger'!$E$2:$E$745,"=cogs_support",'ledger'!$G$2:$G$745,"mar26") -> -215884 | G26: =SUMIFS('ledger'!$F$2:$F$745,'ledger'!$C$2:$C$745,"=us",'ledger'!$D$2:$D$745,"=company",'ledger'!$E$2:$E$745,"=cogs_support",'ledger'!$G$2:$G$745,"apr26") -> -233719 | H26: =SUMIFS('ledger'!$F$2:$F$745,'ledger'!$C$2:$C$745,"=us",'ledger'!$D$2:$D$745,"=company",'ledger'!$E$2:$E$745,"=cogs_support",'ledger'!$G$2:$G$745,"may26") -> -235669 | I26: =SUMIFS('ledger'!$F$2:$F$745,'ledger'!$C$2:$C$745,"=us",'ledger'!$D$2:$D$745,"=company",'ledger'!$E$2:$E$745,"=cogs_support",'ledger'!$G$2:$G$745,"jun26") -> -231642 | J26: =SUMIFS('ledger'!$F$2:$F$745,'ledger'!$C$2:$C$745,"=us",'ledger'!$D$2:$D$745,"=company",'ledger'!$E$2:$E$745,"=cogs_support",'ledger'!$G$2:$G$745,"jul26") -> -231061 | K26: =SUMIFS('ledger'!$F$2:$F$745,'ledger'!$C$2:$C$745,"=us",'ledger'!$D$2:$D$745,"=company",'ledger'!$E$2:$E$745,"=cogs_support",'ledger'!$G$2:$G$745,"aug26") -> -242311 | L26: =(-(L2)*'Forecast drivers'!J4) -> -236149.06 | M26: =(-(M2)*'Forecast drivers'!K4) -> -240635.89 | N26: =(-(N2)*'Forecast drivers'!L4) -> -245207.97 | O26: =(-(O2)*'Forecast drivers'!M4) -> -249866.92
A27: Cost of revenue: support | B27: United States | C27: Sales | D27: =SUMIFS('ledger'!$F$2:$F$745,'ledger'!$C$2:$C$745,"=us",'ledger'!$D$2:$D$745,"=sales",'ledger'!$E$2:$E$745,"=cogs_support",'ledger'!$G$2:$G$745,"jan26") -> 0 | E27: =SUMIFS('ledger'!$F$2:$F$745,'ledger'!$C$2:$C$745,"=us",'ledger'!$D$2:$D$745,"=sales",'ledger'!$E$2:$E$745,"=cogs_support",'ledger'!$G$2:$G$745,"feb26") -> 0 | F27: =SUMIFS('ledger'!$F$2:$F$745,'ledger'!$C$2:$C$745,"=us",'ledger'!$D$2:$D$745,"=sales",'ledger'!$E$2:$E$745,"=cogs_support",'ledger'!$G$2:$G$745,"mar26") -> 0 | G27: =SUMIFS('ledger'!$F$2:$F$745,'ledger'!$C$2:$C$745,"=us",'ledger'!$D$2:$D$745,"=sales",'ledger'!$E$2:$E$745,"=cogs_support",'ledger'!$G$2:$G$745,"apr26") -> 0 | H27: =SUMIFS('ledger'!$F$2:$F$745,'ledger'!$C$2:$C$745,"=us",'ledger'!$D$2:$D$745,"=sales",'ledger'!$E$2:$E$745,"=cogs_support",'ledger'!$G$2:$G$745,"may26") -> 0 | I27: =SUMIFS('ledger'!$F$2:$F$745,'ledger'!$C$2:$C$745,"=us",'ledger'!$D$2:$D$745,"=sales",'ledger'!$E$2:$E$745,"=cogs_support",'ledger'!$G$2:$G$745,"jun26") -> 0 | J27: =SUMIFS('ledger'!$F$2:$F$745,'ledger'!$C$2:$C$745,"=us",'ledger'!$D$2:$D$745,"=sales",'ledger'!$E$2:$E$745,"=cogs_support",'ledger'!$G$2:$G$745,"jul26") -> 0 | K27: =SUMIFS('ledger'!$F$2:$F$745,'ledger'!$C$2:$C$745,"=us",'ledger'!$D$2:$D$745,"=sales",'ledger'!$E$2:$E$745,"=cogs_support",'ledger'!$G$2:$G$745,"aug26") -> 0 | L27: =(K27*(1+'Forecast drivers'!J9)) -> 0 | M27: =(L27*(1+'Forecast drivers'!K9)) -> 0 | N27: =(M27*(1+'Forecast drivers'!L9)) -> 0 | O27: =(N27*(1+'Forecast drivers'!M9)) -> 0
A28: Cost of revenue: support | B28: United States | C28: Marketing | D28: =SUMIFS('ledger'!$F$2:$F$745,'ledger'!$C$2:$C$745,"=us",'ledger'!$D$2:$D$745,"=marketing",'ledger'!$E$2:$E$745,"=cogs_support",'ledger'!$G$2:$G$745,"jan26") -> 0 | E28: =SUMIFS('ledger'!$F$2:$F$745,'ledger'!$C$2:$C$745,"=us",'ledger'!$D$2:$D$745,"=marketing",'ledger'!$E$2:$E$745,"=cogs_support",'ledger'!$G$2:$G$745,"feb26") -> 0 | F28: =SUMIFS('ledger'!$F$2:$F$745,'ledger'!$C$2:$C$745,"=us",'ledger'!$D$2:$D$745,"=marketing",'ledger'!$E$2:$E$745,"=cogs_support",'ledger'!$G$2:$G$745,"mar26") -> 0 | G28: =SUMIFS('ledger'!$F$2:$F$745,'ledger'!$C$2:$C$745,"=us",'ledger'!$D$2:$D$745,"=marketing",'ledger'!$E$2:$E$745,"=cogs_support",'ledger'!$G$2:$G$745,"apr26") -> 0 | H28: =SUMIFS('ledger'!$F$2:$F$745,'ledger'!$C$2:$C$745,"=us",'ledger'!$D$2:$D$745,"=marketing",'ledger'!$E$2:$E$745,"=cogs_support",'ledger'!$G$2:$G$745,"may26") -> 0 | I28: =SUMIFS('ledger'!$F$2:$F$745,'ledger'!$C$2:$C$745,"=us",'ledger'!$D$2:$D$745,"=marketing",'ledger'!$E$2:$E$745,"=cogs_support",'ledger'!$G$2:$G$745,"jun26") -> 0 | J28: =SUMIFS('ledger'!$F$2:$F$745,'ledger'!$C$2:$C$745,"=us",'ledger'!$D$2:$D$745,"=marketing",'ledger'!$E$2:$E$745,"=cogs_support",'ledger'!$G$2:$G$745,"jul26") -> 0 | K28: =SUMIFS('ledger'!$F$2:$F$745,'ledger'!$C$2:$C$745,"=us",'ledger'!$D$2:$D$745,"=marketing",'ledger'!$E$2:$E$745,"=cogs_support",'ledger'!$G$2:$G$745,"aug26") -> 0 | L28: =(K28*(1+'Forecast drivers'!J9)) -> 0 | M28: =(L28*(1+'Forecast drivers'!K9)) -> 0 | N28: =(M28*(1+'Forecast drivers'!L9)) -> 0 | O28: =(N28*(1+'Forecast drivers'!M9)) -> 0
A29: Cost of revenue: support | B29: United States | C29: Engineering | D29: =SUMIFS('ledger'!$F$2:$F$745,'ledger'!$C$2:$C$745,"=us",'ledger'!$D$2:$D$745,"=engineering",'ledger'!$E$2:$E$745,"=cogs_support",'ledger'!$G$2:$G$745,"jan26") -> 0 | E29: =SUMIFS('ledger'!$F$2:$F$745,'ledger'!$C$2:$C$745,"=us",'ledger'!$D$2:$D$745,"=engineering",'ledger'!$E$2:$E$745,"=cogs_support",'ledger'!$G$2:$G$745,"feb26") -> 0 | F29: =SUMIFS('ledger'!$F$2:$F$745,'ledger'!$C$2:$C$745,"=us",'ledger'!$D$2:$D$745,"=engineering",'ledger'!$E$2:$E$745,"=cogs_support",'ledger'!$G$2:$G$745,"mar26") -> 0 | G29: =SUMIFS('ledger'!$F$2:$F$745,'ledger'!$C$2:$C$745,"=us",'ledger'!$D$2:$D$745,"=engineering",'ledger'!$E$2:$E$745,"=cogs_support",'ledger'!$G$2:$G$745,"apr26") -> 0 | H29: =SUMIFS('ledger'!$F$2:$F$745,'ledger'!$C$2:$C$745,"=us",'ledger'!$D$2:$D$745,"=engineering",'ledger'!$E$2:$E$745,"=cogs_support",'ledger'!$G$2:$G$745,"may26") -> 0 | I29: =SUMIFS('ledger'!$F$2:$F$745,'ledger'!$C$2:$C$745,"=us",'ledger'!$D$2:$D$745,"=engineering",'ledger'!$E$2:$E$745,"=cogs_support",'ledger'!$G$2:$G$745,"jun26") -> 0 | J29: =SUMIFS('ledger'!$F$2:$F$745,'ledger'!$C$2:$C$745,"=us",'ledger'!$D$2:$D$745,"=engineering",'ledger'!$E$2:$E$745,"=cogs_support",'ledger'!$G$2:$G$745,"jul26") -> 0 | K29: =SUMIFS('ledger'!$F$2:$F$745,'ledger'!$C$2:$C$745,"=us",'ledger'!$D$2:$D$745,"=engineering",'ledger'!$E$2:$E$745,"=cogs_support",'ledger'!$G$2:$G$745,"aug26") -> 0 | L29: =(K29*(1+'Forecast drivers'!J9)) -> 0 | M29: =(L29*(1+'Forecast drivers'!K9)) -> 0 | N29: =(M29*(1+'Forecast drivers'!L9)) -> 0 | O29: =(N29*(1+'Forecast drivers'!M9)) -> 0
A30: Cost of revenue: support | B30: United States | C30: Customer success | D30: =SUMIFS('ledger'!$F$2:$F$745,'ledger'!$C$2:$C$745,"=us",'ledger'!$D$2:$D$745,"=customer_success",'ledger'!$E$2:$E$745,"=cogs_support",'ledger'!$G$2:$G$745,"jan26") -> 0 | E30: =SUMIFS('ledger'!$F$2:$F$745,'ledger'!$C$2:$C$745,"=us",'ledger'!$D$2:$D$745,"=customer_success",'ledger'!$E$2:$E$745,"=cogs_support",'ledger'!$G$2:$G$745,"feb26") -> 0 | F30: =SUMIFS('ledger'!$F$2:$F$745,'ledger'!$C$2:$C$745,"=us",'ledger'!$D$2:$D$745,"=customer_success",'ledger'!$E$2:$E$745,"=cogs_support",'ledger'!$G$2:$G$745,"mar26") -> 0 | G30: =SUMIFS('ledger'!$F$2:$F$745,'ledger'!$C$2:$C$745,"=us",'ledger'!$D$2:$D$745,"=customer_success",'ledger'!$E$2:$E$745,"=cogs_support",'ledger'!$G$2:$G$745,"apr26") -> 0 | H30: =SUMIFS('ledger'!$F$2:$F$745,'ledger'!$C$2:$C$745,"=us",'ledger'!$D$2:$D$745,"=customer_success",'ledger'!$E$2:$E$745,"=cogs_support",'ledger'!$G$2:$G$745,"may26") -> 0 | I30: =SUMIFS('ledger'!$F$2:$F$745,'ledger'!$C$2:$C$745,"=us",'ledger'!$D$2:$D$745,"=customer_success",'ledger'!$E$2:$E$745,"=cogs_support",'ledger'!$G$2:$G$745,"jun26") -> 0 | J30: =SUMIFS('ledger'!$F$2:$F$745,'ledger'!$C$2:$C$745,"=us",'ledger'!$D$2:$D$745,"=customer_success",'ledger'!$E$2:$E$745,"=cogs_support",'ledger'!$G$2:$G$745,"jul26") -> 0 | K30: =SUMIFS('ledger'!$F$2:$F$745,'ledger'!$C$2:$C$745,"=us",'ledger'!$D$2:$D$745,"=customer_success",'ledger'!$E$2:$E$745,"=cogs_support",'ledger'!$G$2:$G$745,"aug26") -> 0 | L30: =(K30*(1+'Forecast drivers'!J9)) -> 0 | M30: =(L30*(1+'Forecast drivers'!K9)) -> 0 | N30: =(M30*(1+'Forecast drivers'!L9)) -> 0 | O30: =(N30*(1+'Forecast drivers'!M9)) -> 0
A31: Cost of revenue: support | B31: United States | C31: G&A | D31: =SUMIFS('ledger'!$F$2:$F$745,'ledger'!$C$2:$C$745,"=us",'ledger'!$D$2:$D$745,"=g_and_a",'ledger'!$E$2:$E$745,"=cogs_support",'ledger'!$G$2:$G$745,"jan26") -> 0 | E31: =SUMIFS('ledger'!$F$2:$F$745,'ledger'!$C$2:$C$745,"=us",'ledger'!$D$2:$D$745,"=g_and_a",'ledger'!$E$2:$E$745,"=cogs_support",'ledger'!$G$2:$G$745,"feb26") -> 0 | F31: =SUMIFS('ledger'!$F$2:$F$745,'ledger'!$C$2:$C$745,"=us",'ledger'!$D$2:$D$745,"=g_and_a",'ledger'!$E$2:$E$745,"=cogs_support",'ledger'!$G$2:$G$745,"mar26") -> 0 | G31: =SUMIFS('ledger'!$F$2:$F$745,'ledger'!$C$2:$C$745,"=us",'ledger'!$D$2:$D$745,"=g_and_a",'ledger'!$E$2:$E$745,"=cogs_support",'ledger'!$G$2:$G$745,"apr26") -> 0 | H31: =SUMIFS('ledger'!$F$2:$F$745,'ledger'!$C$2:$C$745,"=us",'ledger'!$D$2:$D$745,"=g_and_a",'ledger'!$E$2:$E$745,"=cogs_support",'ledger'!$G$2:$G$745,"may26") -> 0 | I31: =SUMIFS('ledger'!$F$2:$F$745,'ledger'!$C$2:$C$745,"=us",'ledger'!$D$2:$D$745,"=g_and_a",'ledger'!$E$2:$E$745,"=cogs_support",'ledger'!$G$2:$G$745,"jun26") -> 0 | J31: =SUMIFS('ledger'!$F$2:$F$745,'ledger'!$C$2:$C$745,"=us",'ledger'!$D$2:$D$745,"=g_and_a",'ledger'!$E$2:$E$745,"=cogs_support",'ledger'!$G$2:$G$745,"jul26") -> 0 | K31: =SUMIFS('ledger'!$F$2:$F$745,'ledger'!$C$2:$C$745,"=us",'ledger'!$D$2:$D$745,"=g_and_a",'ledger'!$E$2:$E$745,"=cogs_support",'ledger'!$G$2:$G$745,"aug26") -> 0 | L31: =(K31*(1+'Forecast drivers'!J9)) -> 0 | M31: =(L31*(1+'Forecast drivers'!K9)) -> 0 | N31: =(M31*(1+'Forecast drivers'!L9)) -> 0 | O31: =(N31*(1+'Forecast drivers'!M9)) -> 0
A32: Cost of revenue: support | B32: United Kingdom | C32: Company (revenue and cost of revenue) | D32: =SUMIFS('ledger'!$F$2:$F$745,'ledger'!$C$2:$C$745,"=uk",'ledger'!$D$2:$D$745,"=company",'ledger'!$E$2:$E$745,"=cogs_support",'ledger'!$G$2:$G$745,"jan26") -> -84698 | E32: =SUMIFS('ledger'!$F$2:$F$745,'ledger'!$C$2:$C$745,"=uk",'ledger'!$D$2:$D$745,"=company",'ledger'!$E$2:$E$745,"=cogs_support",'ledger'!$G$2:$G$745,"feb26") -> -86620 | F32: =SUMIFS('ledger'!$F$2:$F$745,'ledger'!$C$2:$C$745,"=uk",'ledger'!$D$2:$D$745,"=company",'ledger'!$E$2:$E$745,"=cogs_support",'ledger'!$G$2:$G$745,"mar26") -> -95686 | G32: =SUMIFS('ledger'!$F$2:$F$745,'ledger'!$C$2:$C$745,"=uk",'ledger'!$D$2:$D$745,"=company",'ledger'!$E$2:$E$745,"=cogs_support",'ledger'!$G$2:$G$745,"apr26") -> -100346 | H32: =SUMIFS('ledger'!$F$2:$F$745,'ledger'!$C$2:$C$745,"=uk",'ledger'!$D$2:$D$745,"=company",'ledger'!$E$2:$E$745,"=cogs_support",'ledger'!$G$2:$G$745,"may26") -> -96682 | I32: =SUMIFS('ledger'!$F$2:$F$745,'ledger'!$C$2:$C$745,"=uk",'ledger'!$D$2:$D$745,"=company",'ledger'!$E$2:$E$745,"=cogs_support",'ledger'!$G$2:$G$745,"jun26") -> -111277 | J32: =SUMIFS('ledger'!$F$2:$F$745,'ledger'!$C$2:$C$745,"=uk",'ledger'!$D$2:$D$745,"=company",'ledger'!$E$2:$E$745,"=cogs_support",'ledger'!$G$2:$G$745,"jul26") -> -86485 | K32: =SUMIFS('ledger'!$F$2:$F$745,'ledger'!$C$2:$C$745,"=uk",'ledger'!$D$2:$D$745,"=company",'ledger'!$E$2:$E$745,"=cogs_support",'ledger'!$G$2:$G$745,"aug26") -> -101610 | L32: =(-(L8)*'Forecast drivers'!J4) -> -101004.3 | M32: =(-(M8)*'Forecast drivers'!K4) -> -102923.38 | N32: =(-(N8)*'Forecast drivers'!L4) -> -104878.92 | O32: =(-(O8)*'Forecast drivers'!M4) -> -106871.62
A33: Cost of revenue: support | B33: United Kingdom | C33: Sales | D33: =SUMIFS('ledger'!$F$2:$F$745,'ledger'!$C$2:$C$745,"=uk",'ledger'!$D$2:$D$745,"=sales",'ledger'!$E$2:$E$745,"=cogs_support",'ledger'!$G$2:$G$745,"jan26") -> 0 | E33: =SUMIFS('ledger'!$F$2:$F$745,'ledger'!$C$2:$C$745,"=uk",'ledger'!$D$2:$D$745,"=sales",'ledger'!$E$2:$E$745,"=cogs_support",'ledger'!$G$2:$G$745,"feb26") -> 0 | F33: =SUMIFS('ledger'!$F$2:$F$745,'ledger'!$C$2:$C$745,"=uk",'ledger'!$D$2:$D$745,"=sales",'ledger'!$E$2:$E$745,"=cogs_support",'ledger'!$G$2:$G$745,"mar26") -> 0 | G33: =SUMIFS('ledger'!$F$2:$F$745,'ledger'!$C$2:$C$745,"=uk",'ledger'!$D$2:$D$745,"=sales",'ledger'!$E$2:$E$745,"=cogs_support",'ledger'!$G$2:$G$745,"apr26") -> 0 | H33: =SUMIFS('ledger'!$F$2:$F$745,'ledger'!$C$2:$C$745,"=uk",'ledger'!$D$2:$D$745,"=sales",'ledger'!$E$2:$E$745,"=cogs_support",'ledger'!$G$2:$G$745,"may26") -> 0 | I33: =SUMIFS('ledger'!$F$2:$F$745,'ledger'!$C$2:$C$745,"=uk",'ledger'!$D$2:$D$745,"=sales",'ledger'!$E$2:$E$745,"=cogs_support",'ledger'!$G$2:$G$745,"jun26") -> 0 | J33: =SUMIFS('ledger'!$F$2:$F$745,'ledger'!$C$2:$C$745,"=uk",'ledger'!$D$2:$D$745,"=sales",'ledger'!$E$2:$E$745,"=cogs_support",'ledger'!$G$2:$G$745,"jul26") -> 0 | K33: =SUMIFS('ledger'!$F$2:$F$745,'ledger'!$C$2:$C$745,"=uk",'ledger'!$D$2:$D$745,"=sales",'ledger'!$E$2:$E$745,"=cogs_support",'ledger'!$G$2:$G$745,"aug26") -> 0 | L33: =(K33*(1+'Forecast drivers'!J9)) -> 0 | M33: =(L33*(1+'Forecast drivers'!K9)) -> 0 | N33: =(M33*(1+'Forecast drivers'!L9)) -> 0 | O33: =(N33*(1+'Forecast drivers'!M9)) -> 0
A34: Cost of revenue: support | B34: United Kingdom | C34: Marketing | D34: =SUMIFS('ledger'!$F$2:$F$745,'ledger'!$C$2:$C$745,"=uk",'ledger'!$D$2:$D$745,"=marketing",'ledger'!$E$2:$E$745,"=cogs_support",'ledger'!$G$2:$G$745,"jan26") -> 0 | E34: =SUMIFS('ledger'!$F$2:$F$745,'ledger'!$C$2:$C$745,"=uk",'ledger'!$D$2:$D$745,"=marketing",'ledger'!$E$2:$E$745,"=cogs_support",'ledger'!$G$2:$G$745,"feb26") -> 0 | F34: =SUMIFS('ledger'!$F$2:$F$745,'ledger'!$C$2:$C$745,"=uk",'ledger'!$D$2:$D$745,"=marketing",'ledger'!$E$2:$E$745,"=cogs_support",'ledger'!$G$2:$G$745,"mar26") -> 0 | G34: =SUMIFS('ledger'!$F$2:$F$745,'ledger'!$C$2:$C$745,"=uk",'ledger'!$D$2:$D$745,"=marketing",'ledger'!$E$2:$E$745,"=cogs_support",'ledger'!$G$2:$G$745,"apr26") -> 0 | H34: =SUMIFS('ledger'!$F$2:$F$745,'ledger'!$C$2:$C$745,"=uk",'ledger'!$D$2:$D$745,"=marketing",'ledger'!$E$2:$E$745,"=cogs_support",'ledger'!$G$2:$G$745,"may26") -> 0 | I34: =SUMIFS('ledger'!$F$2:$F$745,'ledger'!$C$2:$C$745,"=uk",'ledger'!$D$2:$D$745,"=marketing",'ledger'!$E$2:$E$745,"=cogs_support",'ledger'!$G$2:$G$745,"jun26") -> 0 | J34: =SUMIFS('ledger'!$F$2:$F$745,'ledger'!$C$2:$C$745,"=uk",'ledger'!$D$2:$D$745,"=marketing",'ledger'!$E$2:$E$745,"=cogs_support",'ledger'!$G$2:$G$745,"jul26") -> 0 | K34: =SUMIFS('ledger'!$F$2:$F$745,'ledger'!$C$2:$C$745,"=uk",'ledger'!$D$2:$D$745,"=marketing",'ledger'!$E$2:$E$745,"=cogs_support",'ledger'!$G$2:$G$745,"aug26") -> 0 | L34: =(K34*(1+'Forecast drivers'!J9)) -> 0 | M34: =(L34*(1+'Forecast drivers'!K9)) -> 0 | N34: =(M34*(1+'Forecast drivers'!L9)) -> 0 | O34: =(N34*(1+'Forecast drivers'!M9)) -> 0
A35: Cost of revenue: support | B35: United Kingdom | C35: Engineering | D35: =SUMIFS('ledger'!$F$2:$F$745,'ledger'!$C$2:$C$745,"=uk",'ledger'!$D$2:$D$745,"=engineering",'ledger'!$E$2:$E$745,"=cogs_support",'ledger'!$G$2:$G$745,"jan26") -> 0 | E35: =SUMIFS('ledger'!$F$2:$F$745,'ledger'!$C$2:$C$745,"=uk",'ledger'!$D$2:$D$745,"=engineering",'ledger'!$E$2:$E$745,"=cogs_support",'ledger'!$G$2:$G$745,"feb26") -> 0 | F35: =SUMIFS('ledger'!$F$2:$F$745,'ledger'!$C$2:$C$745,"=uk",'ledger'!$D$2:$D$745,"=engineering",'ledger'!$E$2:$E$745,"=cogs_support",'ledger'!$G$2:$G$745,"mar26") -> 0 | G35: =SUMIFS('ledger'!$F$2:$F$745,'ledger'!$C$2:$C$745,"=uk",'ledger'!$D$2:$D$745,"=engineering",'ledger'!$E$2:$E$745,"=cogs_support",'ledger'!$G$2:$G$745,"apr26") -> 0 | H35: =SUMIFS('ledger'!$F$2:$F$745,'ledger'!$C$2:$C$745,"=uk",'ledger'!$D$2:$D$745,"=engineering",'ledger'!$E$2:$E$745,"=cogs_support",'ledger'!$G$2:$G$745,"may26") -> 0 | I35: =SUMIFS('ledger'!$F$2:$F$745,'ledger'!$C$2:$C$745,"=uk",'ledger'!$D$2:$D$745,"=engineering",'ledger'!$E$2:$E$745,"=cogs_support",'ledger'!$G$2:$G$745,"jun26") -> 0 | J35: =SUMIFS('ledger'!$F$2:$F$745,'ledger'!$C$2:$C$745,"=uk",'ledger'!$D$2:$D$745,"=engineering",'ledger'!$E$2:$E$745,"=cogs_support",'ledger'!$G$2:$G$745,"jul26") -> 0 | K35: =SUMIFS('ledger'!$F$2:$F$745,'ledger'!$C$2:$C$745,"=uk",'ledger'!$D$2:$D$745,"=engineering",'ledger'!$E$2:$E$745,"=cogs_support",'ledger'!$G$2:$G$745,"aug26") -> 0 | L35: =(K35*(1+'Forecast drivers'!J9)) -> 0 | M35: =(L35*(1+'Forecast drivers'!K9)) -> 0 | N35: =(M35*(1+'Forecast drivers'!L9)) -> 0 | O35: =(N35*(1+'Forecast drivers'!M9)) -> 0
A36: Cost of revenue: support | B36: United Kingdom | C36: Customer success | D36: =SUMIFS('ledger'!$F$2:$F$745,'ledger'!$C$2:$C$745,"=uk",'ledger'!$D$2:$D$745,"=customer_success",'ledger'!$E$2:$E$745,"=cogs_support",'ledger'!$G$2:$G$745,"jan26") -> 0 | E36: =SUMIFS('ledger'!$F$2:$F$745,'ledger'!$C$2:$C$745,"=uk",'ledger'!$D$2:$D$745,"=customer_success",'ledger'!$E$2:$E$745,"=cogs_support",'ledger'!$G$2:$G$745,"feb26") -> 0 | F36: =SUMIFS('ledger'!$F$2:$F$745,'ledger'!$C$2:$C$745,"=uk",'ledger'!$D$2:$D$745,"=customer_success",'ledger'!$E$2:$E$745,"=cogs_support",'ledger'!$G$2:$G$745,"mar26") -> 0 | G36: =SUMIFS('ledger'!$F$2:$F$745,'ledger'!$C$2:$C$745,"=uk",'ledger'!$D$2:$D$745,"=customer_success",'ledger'!$E$2:$E$745,"=cogs_support",'ledger'!$G$2:$G$745,"apr26") -> 0 | H36: =SUMIFS('ledger'!$F$2:$F$745,'ledger'!$C$2:$C$745,"=uk",'ledger'!$D$2:$D$745,"=customer_success",'ledger'!$E$2:$E$745,"=cogs_support",'ledger'!$G$2:$G$745,"may26") -> 0 | I36: =SUMIFS('ledger'!$F$2:$F$745,'ledger'!$C$2:$C$745,"=uk",'ledger'!$D$2:$D$745,"=customer_success",'ledger'!$E$2:$E$745,"=cogs_support",'ledger'!$G$2:$G$745,"jun26") -> 0 | J36: =SUMIFS('ledger'!$F$2:$F$745,'ledger'!$C$2:$C$745,"=uk",'ledger'!$D$2:$D$745,"=customer_success",'ledger'!$E$2:$E$745,"=cogs_support",'ledger'!$G$2:$G$745,"jul26") -> 0 | K36: =SUMIFS('ledger'!$F$2:$F$745,'ledger'!$C$2:$C$745,"=uk",'ledger'!$D$2:$D$745,"=customer_success",'ledger'!$E$2:$E$745,"=cogs_support",'ledger'!$G$2:$G$745,"aug26") -> 0 | L36: =(K36*(1+'Forecast drivers'!J9)) -> 0 | M36: =(L36*(1+'Forecast drivers'!K9)) -> 0 | N36: =(M36*(1+'Forecast drivers'!L9)) -> 0 | O36: =(N36*(1+'Forecast drivers'!M9)) -> 0
A37: Cost of revenue: support | B37: United Kingdom | C37: G&A | D37: =SUMIFS('ledger'!$F$2:$F$745,'ledger'!$C$2:$C$745,"=uk",'ledger'!$D$2:$D$745,"=g_and_a",'ledger'!$E$2:$E$745,"=cogs_support",'ledger'!$G$2:$G$745,"jan26") -> 0 | E37: =SUMIFS('ledger'!$F$2:$F$745,'ledger'!$C$2:$C$745,"=uk",'ledger'!$D$2:$D$745,"=g_and_a",'ledger'!$E$2:$E$745,"=cogs_support",'ledger'!$G$2:$G$745,"feb26") -> 0 | F37: =SUMIFS('ledger'!$F$2:$F$745,'ledger'!$C$2:$C$745,"=uk",'ledger'!$D$2:$D$745,"=g_and_a",'ledger'!$E$2:$E$745,"=cogs_support",'ledger'!$G$2:$G$745,"mar26") -> 0 | G37: =SUMIFS('ledger'!$F$2:$F$745,'ledger'!$C$2:$C$745,"=uk",'ledger'!$D$2:$D$745,"=g_and_a",'ledger'!$E$2:$E$745,"=cogs_support",'ledger'!$G$2:$G$745,"apr26") -> 0 | H37: =SUMIFS('ledger'!$F$2:$F$745,'ledger'!$C$2:$C$745,"=uk",'ledger'!$D$2:$D$745,"=g_and_a",'ledger'!$E$2:$E$745,"=cogs_support",'ledger'!$G$2:$G$745,"may26") -> 0 | I37: =SUMIFS('ledger'!$F$2:$F$745,'ledger'!$C$2:$C$745,"=uk",'ledger'!$D$2:$D$745,"=g_and_a",'ledger'!$E$2:$E$745,"=cogs_support",'ledger'!$G$2:$G$745,"jun26") -> 0 | J37: =SUMIFS('ledger'!$F$2:$F$745,'ledger'!$C$2:$C$745,"=uk",'ledger'!$D$2:$D$745,"=g_and_a",'ledger'!$E$2:$E$745,"=cogs_support",'ledger'!$G$2:$G$745,"jul26") -> 0 | K37: =SUMIFS('ledger'!$F$2:$F$745,'ledger'!$C$2:$C$745,"=uk",'ledger'!$D$2:$D$745,"=g_and_a",'ledger'!$E$2:$E$745,"=cogs_support",'ledger'!$G$2:$G$745,"aug26") -> 0 | L37: =(K37*(1+'Forecast drivers'!J9)) -> 0 | M37: =(L37*(1+'Forecast drivers'!K9)) -> 0 | N37: =(M37*(1+'Forecast drivers'!L9)) -> 0 | O37: =(N37*(1+'Forecast drivers'!M9)) -> 0
A38: Salaries | B38: United States | C38: Company (revenue and cost of revenue) | D38: =SUMIFS('ledger'!$F$2:$F$745,'ledger'!$C$2:$C$745,"=us",'ledger'!$D$2:$D$745,"=company",'ledger'!$E$2:$E$745,"=salaries",'ledger'!$G$2:$G$745,"jan26") -> 0 | E38: =SUMIFS('ledger'!$F$2:$F$745,'ledger'!$C$2:$C$745,"=us",'ledger'!$D$2:$D$745,"=company",'ledger'!$E$2:$E$745,"=salaries",'ledger'!$G$2:$G$745,"feb26") -> 0 | F38: =SUMIFS('ledger'!$F$2:$F$745,'ledger'!$C$2:$C$745,"=us",'ledger'!$D$2:$D$745,"=company",'ledger'!$E$2:$E$745,"=salaries",'ledger'!$G$2:$G$745,"mar26") -> 0 | G38: =SUMIFS('ledger'!$F$2:$F$745,'ledger'!$C$2:$C$745,"=us",'ledger'!$D$2:$D$745,"=company",'ledger'!$E$2:$E$745,"=salaries",'ledger'!$G$2:$G$745,"apr26") -> 0 | H38: =SUMIFS('ledger'!$F$2:$F$745,'ledger'!$C$2:$C$745,"=us",'ledger'!$D$2:$D$745,"=company",'ledger'!$E$2:$E$745,"=salaries",'ledger'!$G$2:$G$745,"may26") -> 0 | I38: =SUMIFS('ledger'!$F$2:$F$745,'ledger'!$C$2:$C$745,"=us",'ledger'!$D$2:$D$745,"=company",'ledger'!$E$2:$E$745,"=salaries",'ledger'!$G$2:$G$745,"jun26") -> 0 | J38: =SUMIFS('ledger'!$F$2:$F$745,'ledger'!$C$2:$C$745,"=us",'ledger'!$D$2:$D$745,"=company",'ledger'!$E$2:$E$745,"=salaries",'ledger'!$G$2:$G$745,"jul26") -> 0 | K38: =SUMIFS('ledger'!$F$2:$F$745,'ledger'!$C$2:$C$745,"=us",'ledger'!$D$2:$D$745,"=company",'ledger'!$E$2:$E$745,"=salaries",'ledger'!$G$2:$G$745,"aug26") -> 0 | L38: ='Headcount plan'!L26 -> 0 | M38: ='Headcount plan'!M26 -> 0 | N38: ='Headcount plan'!N26 -> 0 | O38: ='Headcount plan'!O26 -> 0
A39: Salaries | B39: United States | C39: Sales | D39: =SUMIFS('ledger'!$F$2:$F$745,'ledger'!$C$2:$C$745,"=us",'ledger'!$D$2:$D$745,"=sales",'ledger'!$E$2:$E$745,"=salaries",'ledger'!$G$2:$G$745,"jan26") -> -324068 | E39: =SUMIFS('ledger'!$F$2:$F$745,'ledger'!$C$2:$C$745,"=us",'ledger'!$D$2:$D$745,"=sales",'ledger'!$E$2:$E$745,"=salaries",'ledger'!$G$2:$G$745,"feb26") -> -331696 | F39: =SUMIFS('ledger'!$F$2:$F$745,'ledger'!$C$2:$C$745,"=us",'ledger'!$D$2:$D$745,"=sales",'ledger'!$E$2:$E$745,"=salaries",'ledger'!$G$2:$G$745,"mar26") -> -285280 | G39: =SUMIFS('ledger'!$F$2:$F$745,'ledger'!$C$2:$C$745,"=us",'ledger'!$D$2:$D$745,"=sales",'ledger'!$E$2:$E$745,"=salaries",'ledger'!$G$2:$G$745,"apr26") -> -332655 | H39: =SUMIFS('ledger'!$F$2:$F$745,'ledger'!$C$2:$C$745,"=us",'ledger'!$D$2:$D$745,"=sales",'ledger'!$E$2:$E$745,"=salaries",'ledger'!$G$2:$G$745,"may26") -> -355616 | I39: =SUMIFS('ledger'!$F$2:$F$745,'ledger'!$C$2:$C$745,"=us",'ledger'!$D$2:$D$745,"=sales",'ledger'!$E$2:$E$745,"=salaries",'ledger'!$G$2:$G$745,"jun26") -> -359403 | J39: =SUMIFS('ledger'!$F$2:$F$745,'ledger'!$C$2:$C$745,"=us",'ledger'!$D$2:$D$745,"=sales",'ledger'!$E$2:$E$745,"=salaries",'ledger'!$G$2:$G$745,"jul26") -> -360709 | K39: =SUMIFS('ledger'!$F$2:$F$745,'ledger'!$C$2:$C$745,"=us",'ledger'!$D$2:$D$745,"=sales",'ledger'!$E$2:$E$745,"=salaries",'ledger'!$G$2:$G$745,"aug26") -> -359877 | L39: ='Headcount plan'!L27 -> -398750 | M39: ='Headcount plan'!M27 -> -412500 | N39: ='Headcount plan'!N27 -> -412500 | O39: ='Headcount plan'!O27 -> -426250
A40: Salaries | B40: United States | C40: Marketing | D40: =SUMIFS('ledger'!$F$2:$F$745,'ledger'!$C$2:$C$745,"=us",'ledger'!$D$2:$D$745,"=marketing",'ledger'!$E$2:$E$745,"=salaries",'ledger'!$G$2:$G$745,"jan26") -> -102781 | E40: =SUMIFS('ledger'!$F$2:$F$745,'ledger'!$C$2:$C$745,"=us",'ledger'!$D$2:$D$745,"=marketing",'ledger'!$E$2:$E$745,"=salaries",'ledger'!$G$2:$G$745,"feb26") -> -99891 | F40: =SUMIFS('ledger'!$F$2:$F$745,'ledger'!$C$2:$C$745,"=us",'ledger'!$D$2:$D$745,"=marketing",'ledger'!$E$2:$E$745,"=salaries",'ledger'!$G$2:$G$745,"mar26") -> -115634 | G40: =SUMIFS('ledger'!$F$2:$F$745,'ledger'!$C$2:$C$745,"=us",'ledger'!$D$2:$D$745,"=marketing",'ledger'!$E$2:$E$745,"=salaries",'ledger'!$G$2:$G$745,"apr26") -> -110169 | H40: =SUMIFS('ledger'!$F$2:$F$745,'ledger'!$C$2:$C$745,"=us",'ledger'!$D$2:$D$745,"=marketing",'ledger'!$E$2:$E$745,"=salaries",'ledger'!$G$2:$G$745,"may26") -> -118123 | I40: =SUMIFS('ledger'!$F$2:$F$745,'ledger'!$C$2:$C$745,"=us",'ledger'!$D$2:$D$745,"=marketing",'ledger'!$E$2:$E$745,"=salaries",'ledger'!$G$2:$G$745,"jun26") -> -119301 | J40: =SUMIFS('ledger'!$F$2:$F$745,'ledger'!$C$2:$C$745,"=us",'ledger'!$D$2:$D$745,"=marketing",'ledger'!$E$2:$E$745,"=salaries",'ledger'!$G$2:$G$745,"jul26") -> -115211 | K40: =SUMIFS('ledger'!$F$2:$F$745,'ledger'!$C$2:$C$745,"=us",'ledger'!$D$2:$D$745,"=marketing",'ledger'!$E$2:$E$745,"=salaries",'ledger'!$G$2:$G$745,"aug26") -> -124744 | L40: ='Headcount plan'!L28 -> -128333.33 | M40: ='Headcount plan'!M28 -> -140000 | N40: ='Headcount plan'!N28 -> -140000 | O40: ='Headcount plan'!O28 -> -140000
A41: Salaries | B41: United States | C41: Engineering | D41: =SUMIFS('ledger'!$F$2:$F$745,'ledger'!$C$2:$C$745,"=us",'ledger'!$D$2:$D$745,"=engineering",'ledger'!$E$2:$E$745,"=salaries",'ledger'!$G$2:$G$745,"jan26") -> -605683 | E41: =SUMIFS('ledger'!$F$2:$F$745,'ledger'!$C$2:$C$745,"=us",'ledger'!$D$2:$D$745,"=engineering",'ledger'!$E$2:$E$745,"=salaries",'ledger'!$G$2:$G$745,"feb26") -> -645821 | F41: =SUMIFS('ledger'!$F$2:$F$745,'ledger'!$C$2:$C$745,"=us",'ledger'!$D$2:$D$745,"=engineering",'ledger'!$E$2:$E$745,"=salaries",'ledger'!$G$2:$G$745,"mar26") -> -681570 | G41: =SUMIFS('ledger'!$F$2:$F$745,'ledger'!$C$2:$C$745,"=us",'ledger'!$D$2:$D$745,"=engineering",'ledger'!$E$2:$E$745,"=salaries",'ledger'!$G$2:$G$745,"apr26") -> -655016 | H41: =SUMIFS('ledger'!$F$2:$F$745,'ledger'!$C$2:$C$745,"=us",'ledger'!$D$2:$D$745,"=engineering",'ledger'!$E$2:$E$745,"=salaries",'ledger'!$G$2:$G$745,"may26") -> -644680 | I41: =SUMIFS('ledger'!$F$2:$F$745,'ledger'!$C$2:$C$745,"=us",'ledger'!$D$2:$D$745,"=engineering",'ledger'!$E$2:$E$745,"=salaries",'ledger'!$G$2:$G$745,"jun26") -> -741138 | J41: =SUMIFS('ledger'!$F$2:$F$745,'ledger'!$C$2:$C$745,"=us",'ledger'!$D$2:$D$745,"=engineering",'ledger'!$E$2:$E$745,"=salaries",'ledger'!$G$2:$G$745,"jul26") -> -707984 | K41: =SUMIFS('ledger'!$F$2:$F$745,'ledger'!$C$2:$C$745,"=us",'ledger'!$D$2:$D$745,"=engineering",'ledger'!$E$2:$E$745,"=salaries",'ledger'!$G$2:$G$745,"aug26") -> -720855 | L41: ='Headcount plan'!L29 -> -823333.33 | M41: ='Headcount plan'!M29 -> -839166.67 | N41: ='Headcount plan'!N29 -> -855000 | O41: ='Headcount plan'!O29 -> -870833.33
A42: Salaries | B42: United States | C42: Customer success | D42: =SUMIFS('ledger'!$F$2:$F$745,'ledger'!$C$2:$C$745,"=us",'ledger'!$D$2:$D$745,"=customer_success",'ledger'!$E$2:$E$745,"=salaries",'ledger'!$G$2:$G$745,"jan26") -> -97216 | E42: =SUMIFS('ledger'!$F$2:$F$745,'ledger'!$C$2:$C$745,"=us",'ledger'!$D$2:$D$745,"=customer_success",'ledger'!$E$2:$E$745,"=salaries",'ledger'!$G$2:$G$745,"feb26") -> -129293 | F42: =SUMIFS('ledger'!$F$2:$F$745,'ledger'!$C$2:$C$745,"=us",'ledger'!$D$2:$D$745,"=customer_success",'ledger'!$E$2:$E$745,"=salaries",'ledger'!$G$2:$G$745,"mar26") -> -116378 | G42: =SUMIFS('ledger'!$F$2:$F$745,'ledger'!$C$2:$C$745,"=us",'ledger'!$D$2:$D$745,"=customer_success",'ledger'!$E$2:$E$745,"=salaries",'ledger'!$G$2:$G$745,"apr26") -> -125083 | H42: =SUMIFS('ledger'!$F$2:$F$745,'ledger'!$C$2:$C$745,"=us",'ledger'!$D$2:$D$745,"=customer_success",'ledger'!$E$2:$E$745,"=salaries",'ledger'!$G$2:$G$745,"may26") -> -121837 | I42: =SUMIFS('ledger'!$F$2:$F$745,'ledger'!$C$2:$C$745,"=us",'ledger'!$D$2:$D$745,"=customer_success",'ledger'!$E$2:$E$745,"=salaries",'ledger'!$G$2:$G$745,"jun26") -> -130875 | J42: =SUMIFS('ledger'!$F$2:$F$745,'ledger'!$C$2:$C$745,"=us",'ledger'!$D$2:$D$745,"=customer_success",'ledger'!$E$2:$E$745,"=salaries",'ledger'!$G$2:$G$745,"jul26") -> -132654 | K42: =SUMIFS('ledger'!$F$2:$F$745,'ledger'!$C$2:$C$745,"=us",'ledger'!$D$2:$D$745,"=customer_success",'ledger'!$E$2:$E$745,"=salaries",'ledger'!$G$2:$G$745,"aug26") -> -144753 | L42: ='Headcount plan'!L30 -> -137500 | M42: ='Headcount plan'!M30 -> -146666.67 | N42: ='Headcount plan'!N30 -> -146666.67 | O42: ='Headcount plan'!O30 -> -146666.67
A43: Salaries | B43: United States | C43: G&A | D43: =SUMIFS('ledger'!$F$2:$F$745,'ledger'!$C$2:$C$745,"=us",'ledger'!$D$2:$D$745,"=g_and_a",'ledger'!$E$2:$E$745,"=salaries",'ledger'!$G$2:$G$745,"jan26") -> -118201 | E43: =SUMIFS('ledger'!$F$2:$F$745,'ledger'!$C$2:$C$745,"=us",'ledger'!$D$2:$D$745,"=g_and_a",'ledger'!$E$2:$E$745,"=salaries",'ledger'!$G$2:$G$745,"feb26") -> -132880 | F43: =SUMIFS('ledger'!$F$2:$F$745,'ledger'!$C$2:$C$745,"=us",'ledger'!$D$2:$D$745,"=g_and_a",'ledger'!$E$2:$E$745,"=salaries",'ledger'!$G$2:$G$745,"mar26") -> -123630 | G43: =SUMIFS('ledger'!$F$2:$F$745,'ledger'!$C$2:$C$745,"=us",'ledger'!$D$2:$D$745,"=g_and_a",'ledger'!$E$2:$E$745,"=salaries",'ledger'!$G$2:$G$745,"apr26") -> -136182 | H43: =SUMIFS('ledger'!$F$2:$F$745,'ledger'!$C$2:$C$745,"=us",'ledger'!$D$2:$D$745,"=g_and_a",'ledger'!$E$2:$E$745,"=salaries",'ledger'!$G$2:$G$745,"may26") -> -137379 | I43: =SUMIFS('ledger'!$F$2:$F$745,'ledger'!$C$2:$C$745,"=us",'ledger'!$D$2:$D$745,"=g_and_a",'ledger'!$E$2:$E$745,"=salaries",'ledger'!$G$2:$G$745,"jun26") -> -142220 | J43: =SUMIFS('ledger'!$F$2:$F$745,'ledger'!$C$2:$C$745,"=us",'ledger'!$D$2:$D$745,"=g_and_a",'ledger'!$E$2:$E$745,"=salaries",'ledger'!$G$2:$G$745,"jul26") -> -145483 | K43: =SUMIFS('ledger'!$F$2:$F$745,'ledger'!$C$2:$C$745,"=us",'ledger'!$D$2:$D$745,"=g_and_a",'ledger'!$E$2:$E$745,"=salaries",'ledger'!$G$2:$G$745,"aug26") -> -139270 | L43: ='Headcount plan'!L31 -> -150000 | M43: ='Headcount plan'!M31 -> -150000 | N43: ='Headcount plan'!N31 -> -150000 | O43: ='Headcount plan'!O31 -> -150000
A44: Salaries | B44: United Kingdom | C44: Company (revenue and cost of revenue) | D44: =SUMIFS('ledger'!$F$2:$F$745,'ledger'!$C$2:$C$745,"=uk",'ledger'!$D$2:$D$745,"=company",'ledger'!$E$2:$E$745,"=salaries",'ledger'!$G$2:$G$745,"jan26") -> 0 | E44: =SUMIFS('ledger'!$F$2:$F$745,'ledger'!$C$2:$C$745,"=uk",'ledger'!$D$2:$D$745,"=company",'ledger'!$E$2:$E$745,"=salaries",'ledger'!$G$2:$G$745,"feb26") -> 0 | F44: =SUMIFS('ledger'!$F$2:$F$745,'ledger'!$C$2:$C$745,"=uk",'ledger'!$D$2:$D$745,"=company",'ledger'!$E$2:$E$745,"=salaries",'ledger'!$G$2:$G$745,"mar26") -> 0 | G44: =SUMIFS('ledger'!$F$2:$F$745,'ledger'!$C$2:$C$745,"=uk",'ledger'!$D$2:$D$745,"=company",'ledger'!$E$2:$E$745,"=salaries",'ledger'!$G$2:$G$745,"apr26") -> 0 | H44: =SUMIFS('ledger'!$F$2:$F$745,'ledger'!$C$2:$C$745,"=uk",'ledger'!$D$2:$D$745,"=company",'ledger'!$E$2:$E$745,"=salaries",'ledger'!$G$2:$G$745,"may26") -> 0 | I44: =SUMIFS('ledger'!$F$2:$F$745,'ledger'!$C$2:$C$745,"=uk",'ledger'!$D$2:$D$745,"=company",'ledger'!$E$2:$E$745,"=salaries",'ledger'!$G$2:$G$745,"jun26") -> 0 | J44: =SUMIFS('ledger'!$F$2:$F$745,'ledger'!$C$2:$C$745,"=uk",'ledger'!$D$2:$D$745,"=company",'ledger'!$E$2:$E$745,"=salaries",'ledger'!$G$2:$G$745,"jul26") -> 0 | K44: =SUMIFS('ledger'!$F$2:$F$745,'ledger'!$C$2:$C$745,"=uk",'ledger'!$D$2:$D$745,"=company",'ledger'!$E$2:$E$745,"=salaries",'ledger'!$G$2:$G$745,"aug26") -> 0 | L44: ='Headcount plan'!L32 -> 0 | M44: ='Headcount plan'!M32 -> 0 | N44: ='Headcount plan'!N32 -> 0 | O44: ='Headcount plan'!O32 -> 0
A45: Salaries | B45: United Kingdom | C45: Sales | D45: =SUMIFS('ledger'!$F$2:$F$745,'ledger'!$C$2:$C$745,"=uk",'ledger'!$D$2:$D$745,"=sales",'ledger'!$E$2:$E$745,"=salaries",'ledger'!$G$2:$G$745,"jan26") -> -107807 | E45: =SUMIFS('ledger'!$F$2:$F$745,'ledger'!$C$2:$C$745,"=uk",'ledger'!$D$2:$D$745,"=sales",'ledger'!$E$2:$E$745,"=salaries",'ledger'!$G$2:$G$745,"feb26") -> -102751 | F45: =SUMIFS('ledger'!$F$2:$F$745,'ledger'!$C$2:$C$745,"=uk",'ledger'!$D$2:$D$745,"=sales",'ledger'!$E$2:$E$745,"=salaries",'ledger'!$G$2:$G$745,"mar26") -> -104991 | G45: =SUMIFS('ledger'!$F$2:$F$745,'ledger'!$C$2:$C$745,"=uk",'ledger'!$D$2:$D$745,"=sales",'ledger'!$E$2:$E$745,"=salaries",'ledger'!$G$2:$G$745,"apr26") -> -96613 | H45: =SUMIFS('ledger'!$F$2:$F$745,'ledger'!$C$2:$C$745,"=uk",'ledger'!$D$2:$D$745,"=sales",'ledger'!$E$2:$E$745,"=salaries",'ledger'!$G$2:$G$745,"may26") -> -114264 | I45: =SUMIFS('ledger'!$F$2:$F$745,'ledger'!$C$2:$C$745,"=uk",'ledger'!$D$2:$D$745,"=sales",'ledger'!$E$2:$E$745,"=salaries",'ledger'!$G$2:$G$745,"jun26") -> -107649 | J45: =SUMIFS('ledger'!$F$2:$F$745,'ledger'!$C$2:$C$745,"=uk",'ledger'!$D$2:$D$745,"=sales",'ledger'!$E$2:$E$745,"=salaries",'ledger'!$G$2:$G$745,"jul26") -> -104386 | K45: =SUMIFS('ledger'!$F$2:$F$745,'ledger'!$C$2:$C$745,"=uk",'ledger'!$D$2:$D$745,"=sales",'ledger'!$E$2:$E$745,"=salaries",'ledger'!$G$2:$G$745,"aug26") -> -102538 | L45: ='Headcount plan'!L33 -> -140000 | M45: ='Headcount plan'!M33 -> -140000 | N45: ='Headcount plan'!N33 -> -140000 | O45: ='Headcount plan'!O33 -> -140000
A46: Salaries | B46: United Kingdom | C46: Marketing | D46: =SUMIFS('ledger'!$F$2:$F$745,'ledger'!$C$2:$C$745,"=uk",'ledger'!$D$2:$D$745,"=marketing",'ledger'!$E$2:$E$745,"=salaries",'ledger'!$G$2:$G$745,"jan26") -> -41807 | E46: =SUMIFS('ledger'!$F$2:$F$745,'ledger'!$C$2:$C$745,"=uk",'ledger'!$D$2:$D$745,"=marketing",'ledger'!$E$2:$E$745,"=salaries",'ledger'!$G$2:$G$745,"feb26") -> -41127 | F46: =SUMIFS('ledger'!$F$2:$F$745,'ledger'!$C$2:$C$745,"=uk",'ledger'!$D$2:$D$745,"=marketing",'ledger'!$E$2:$E$745,"=salaries",'ledger'!$G$2:$G$745,"mar26") -> -54274 | G46: =SUMIFS('ledger'!$F$2:$F$745,'ledger'!$C$2:$C$745,"=uk",'ledger'!$D$2:$D$745,"=marketing",'ledger'!$E$2:$E$745,"=salaries",'ledger'!$G$2:$G$745,"apr26") -> -48926 | H46: =SUMIFS('ledger'!$F$2:$F$745,'ledger'!$C$2:$C$745,"=uk",'ledger'!$D$2:$D$745,"=marketing",'ledger'!$E$2:$E$745,"=salaries",'ledger'!$G$2:$G$745,"may26") -> -52481 | I46: =SUMIFS('ledger'!$F$2:$F$745,'ledger'!$C$2:$C$745,"=uk",'ledger'!$D$2:$D$745,"=marketing",'ledger'!$E$2:$E$745,"=salaries",'ledger'!$G$2:$G$745,"jun26") -> -50528 | J46: =SUMIFS('ledger'!$F$2:$F$745,'ledger'!$C$2:$C$745,"=uk",'ledger'!$D$2:$D$745,"=marketing",'ledger'!$E$2:$E$745,"=salaries",'ledger'!$G$2:$G$745,"jul26") -> -61037 | K46: =SUMIFS('ledger'!$F$2:$F$745,'ledger'!$C$2:$C$745,"=uk",'ledger'!$D$2:$D$745,"=marketing",'ledger'!$E$2:$E$745,"=salaries",'ledger'!$G$2:$G$745,"aug26") -> -57649 | L46: ='Headcount plan'!L34 -> -59500 | M46: ='Headcount plan'!M34 -> -59500 | N46: ='Headcount plan'!N34 -> -59500 | O46: ='Headcount plan'!O34 -> -59500
A47: Salaries | B47: United Kingdom | C47: Engineering | D47: =SUMIFS('ledger'!$F$2:$F$745,'ledger'!$C$2:$C$745,"=uk",'ledger'!$D$2:$D$745,"=engineering",'ledger'!$E$2:$E$745,"=salaries",'ledger'!$G$2:$G$745,"jan26") -> -210545 | E47: =SUMIFS('ledger'!$F$2:$F$745,'ledger'!$C$2:$C$745,"=uk",'ledger'!$D$2:$D$745,"=engineering",'ledger'!$E$2:$E$745,"=salaries",'ledger'!$G$2:$G$745,"feb26") -> -245903 | F47: =SUMIFS('ledger'!$F$2:$F$745,'ledger'!$C$2:$C$745,"=uk",'ledger'!$D$2:$D$745,"=engineering",'ledger'!$E$2:$E$745,"=salaries",'ledger'!$G$2:$G$745,"mar26") -> -260203 | G47: =SUMIFS('ledger'!$F$2:$F$745,'ledger'!$C$2:$C$745,"=uk",'ledger'!$D$2:$D$745,"=engineering",'ledger'!$E$2:$E$745,"=salaries",'ledger'!$G$2:$G$745,"apr26") -> -257552 | H47: =SUMIFS('ledger'!$F$2:$F$745,'ledger'!$C$2:$C$745,"=uk",'ledger'!$D$2:$D$745,"=engineering",'ledger'!$E$2:$E$745,"=salaries",'ledger'!$G$2:$G$745,"may26") -> -243600 | I47: =SUMIFS('ledger'!$F$2:$F$745,'ledger'!$C$2:$C$745,"=uk",'ledger'!$D$2:$D$745,"=engineering",'ledger'!$E$2:$E$745,"=salaries",'ledger'!$G$2:$G$745,"jun26") -> -271505 | J47: =SUMIFS('ledger'!$F$2:$F$745,'ledger'!$C$2:$C$745,"=uk",'ledger'!$D$2:$D$745,"=engineering",'ledger'!$E$2:$E$745,"=salaries",'ledger'!$G$2:$G$745,"jul26") -> -330478 | K47: =SUMIFS('ledger'!$F$2:$F$745,'ledger'!$C$2:$C$745,"=uk",'ledger'!$D$2:$D$745,"=engineering",'ledger'!$E$2:$E$745,"=salaries",'ledger'!$G$2:$G$745,"aug26") -> -274849 | L47: ='Headcount plan'!L35 -> -337500 | M47: ='Headcount plan'!M35 -> -337500 | N47: ='Headcount plan'!N35 -> -351000 | O47: ='Headcount plan'!O35 -> -351000
A48: Salaries | B48: United Kingdom | C48: Customer success | D48: =SUMIFS('ledger'!$F$2:$F$745,'ledger'!$C$2:$C$745,"=uk",'ledger'!$D$2:$D$745,"=customer_success",'ledger'!$E$2:$E$745,"=salaries",'ledger'!$G$2:$G$745,"jan26") -> -40115 | E48: =SUMIFS('ledger'!$F$2:$F$745,'ledger'!$C$2:$C$745,"=uk",'ledger'!$D$2:$D$745,"=customer_success",'ledger'!$E$2:$E$745,"=salaries",'ledger'!$G$2:$G$745,"feb26") -> -37833 | F48: =SUMIFS('ledger'!$F$2:$F$745,'ledger'!$C$2:$C$745,"=uk",'ledger'!$D$2:$D$745,"=customer_success",'ledger'!$E$2:$E$745,"=salaries",'ledger'!$G$2:$G$745,"mar26") -> -42120 | G48: =SUMIFS('ledger'!$F$2:$F$745,'ledger'!$C$2:$C$745,"=uk",'ledger'!$D$2:$D$745,"=customer_success",'ledger'!$E$2:$E$745,"=salaries",'ledger'!$G$2:$G$745,"apr26") -> -38369 | H48: =SUMIFS('ledger'!$F$2:$F$745,'ledger'!$C$2:$C$745,"=uk",'ledger'!$D$2:$D$745,"=customer_success",'ledger'!$E$2:$E$745,"=salaries",'ledger'!$G$2:$G$745,"may26") -> -48255 | I48: =SUMIFS('ledger'!$F$2:$F$745,'ledger'!$C$2:$C$745,"=uk",'ledger'!$D$2:$D$745,"=customer_success",'ledger'!$E$2:$E$745,"=salaries",'ledger'!$G$2:$G$745,"jun26") -> -46644 | J48: =SUMIFS('ledger'!$F$2:$F$745,'ledger'!$C$2:$C$745,"=uk",'ledger'!$D$2:$D$745,"=customer_success",'ledger'!$E$2:$E$745,"=salaries",'ledger'!$G$2:$G$745,"jul26") -> -47230 | K48: =SUMIFS('ledger'!$F$2:$F$745,'ledger'!$C$2:$C$745,"=uk",'ledger'!$D$2:$D$745,"=customer_success",'ledger'!$E$2:$E$745,"=salaries",'ledger'!$G$2:$G$745,"aug26") -> -47453 | L48: ='Headcount plan'!L36 -> -47000 | M48: ='Headcount plan'!M36 -> -47000 | N48: ='Headcount plan'!N36 -> -47000 | O48: ='Headcount plan'!O36 -> -47000
A49: Salaries | B49: United Kingdom | C49: G&A | D49: =SUMIFS('ledger'!$F$2:$F$745,'ledger'!$C$2:$C$745,"=uk",'ledger'!$D$2:$D$745,"=g_and_a",'ledger'!$E$2:$E$745,"=salaries",'ledger'!$G$2:$G$745,"jan26") -> -42626 | E49: =SUMIFS('ledger'!$F$2:$F$745,'ledger'!$C$2:$C$745,"=uk",'ledger'!$D$2:$D$745,"=g_and_a",'ledger'!$E$2:$E$745,"=salaries",'ledger'!$G$2:$G$745,"feb26") -> -42732 | F49: =SUMIFS('ledger'!$F$2:$F$745,'ledger'!$C$2:$C$745,"=uk",'ledger'!$D$2:$D$745,"=g_and_a",'ledger'!$E$2:$E$745,"=salaries",'ledger'!$G$2:$G$745,"mar26") -> -45785 | G49: =SUMIFS('ledger'!$F$2:$F$745,'ledger'!$C$2:$C$745,"=uk",'ledger'!$D$2:$D$745,"=g_and_a",'ledger'!$E$2:$E$745,"=salaries",'ledger'!$G$2:$G$745,"apr26") -> -43607 | H49: =SUMIFS('ledger'!$F$2:$F$745,'ledger'!$C$2:$C$745,"=uk",'ledger'!$D$2:$D$745,"=g_and_a",'ledger'!$E$2:$E$745,"=salaries",'ledger'!$G$2:$G$745,"may26") -> -42907 | I49: =SUMIFS('ledger'!$F$2:$F$745,'ledger'!$C$2:$C$745,"=uk",'ledger'!$D$2:$D$745,"=g_and_a",'ledger'!$E$2:$E$745,"=salaries",'ledger'!$G$2:$G$745,"jun26") -> -42749 | J49: =SUMIFS('ledger'!$F$2:$F$745,'ledger'!$C$2:$C$745,"=uk",'ledger'!$D$2:$D$745,"=g_and_a",'ledger'!$E$2:$E$745,"=salaries",'ledger'!$G$2:$G$745,"jul26") -> -41177 | K49: =SUMIFS('ledger'!$F$2:$F$745,'ledger'!$C$2:$C$745,"=uk",'ledger'!$D$2:$D$745,"=g_and_a",'ledger'!$E$2:$E$745,"=salaries",'ledger'!$G$2:$G$745,"aug26") -> -41301 | L49: ='Headcount plan'!L37 -> -53333.333 | M49: ='Headcount plan'!M37 -> -53333.333 | N49: ='Headcount plan'!N37 -> -53333.333 | O49: ='Headcount plan'!O37 -> -53333.333
A50: Benefits and payroll taxes | B50: United States | C50: Company (revenue and cost of revenue) | D50: =SUMIFS('ledger'!$F$2:$F$745,'ledger'!$C$2:$C$745,"=us",'ledger'!$D$2:$D$745,"=company",'ledger'!$E$2:$E$745,"=benefits",'ledger'!$G$2:$G$745,"jan26") -> 0 | E50: =SUMIFS('ledger'!$F$2:$F$745,'ledger'!$C$2:$C$745,"=us",'ledger'!$D$2:$D$745,"=company",'ledger'!$E$2:$E$745,"=benefits",'ledger'!$G$2:$G$745,"feb26") -> 0 | F50: =SUMIFS('ledger'!$F$2:$F$745,'ledger'!$C$2:$C$745,"=us",'ledger'!$D$2:$D$745,"=company",'ledger'!$E$2:$E$745,"=benefits",'ledger'!$G$2:$G$745,"mar26") -> 0 | G50: =SUMIFS('ledger'!$F$2:$F$745,'ledger'!$C$2:$C$745,"=us",'ledger'!$D$2:$D$745,"=company",'ledger'!$E$2:$E$745,"=benefits",'ledger'!$G$2:$G$745,"apr26") -> 0 | H50: =SUMIFS('ledger'!$F$2:$F$745,'ledger'!$C$2:$C$745,"=us",'ledger'!$D$2:$D$745,"=company",'ledger'!$E$2:$E$745,"=benefits",'ledger'!$G$2:$G$745,"may26") -> 0 | I50: =SUMIFS('ledger'!$F$2:$F$745,'ledger'!$C$2:$C$745,"=us",'ledger'!$D$2:$D$745,"=company",'ledger'!$E$2:$E$745,"=benefits",'ledger'!$G$2:$G$745,"jun26") -> 0 | J50: =SUMIFS('ledger'!$F$2:$F$745,'ledger'!$C$2:$C$745,"=us",'ledger'!$D$2:$D$745,"=company",'ledger'!$E$2:$E$745,"=benefits",'ledger'!$G$2:$G$745,"jul26") -> 0 | K50: =SUMIFS('ledger'!$F$2:$F$745,'ledger'!$C$2:$C$745,"=us",'ledger'!$D$2:$D$745,"=company",'ledger'!$E$2:$E$745,"=benefits",'ledger'!$G$2:$G$745,"aug26") -> 0 | L50: =(L38*'Forecast drivers'!J5) -> 0 | M50: =(M38*'Forecast drivers'!K5) -> 0 | N50: =(N38*'Forecast drivers'!L5) -> 0 | O50: =(O38*'Forecast drivers'!M5) -> 0
A51: Benefits and payroll taxes | B51: United States | C51: Sales | D51: =SUMIFS('ledger'!$F$2:$F$745,'ledger'!$C$2:$C$745,"=us",'ledger'!$D$2:$D$745,"=sales",'ledger'!$E$2:$E$745,"=benefits",'ledger'!$G$2:$G$745,"jan26") -> -66712 | E51: =SUMIFS('ledger'!$F$2:$F$745,'ledger'!$C$2:$C$745,"=us",'ledger'!$D$2:$D$745,"=sales",'ledger'!$E$2:$E$745,"=benefits",'ledger'!$G$2:$G$745,"feb26") -> -65892 | F51: =SUMIFS('ledger'!$F$2:$F$745,'ledger'!$C$2:$C$745,"=us",'ledger'!$D$2:$D$745,"=sales",'ledger'!$E$2:$E$745,"=benefits",'ledger'!$G$2:$G$745,"mar26") -> -65612 | G51: =SUMIFS('ledger'!$F$2:$F$745,'ledger'!$C$2:$C$745,"=us",'ledger'!$D$2:$D$745,"=sales",'ledger'!$E$2:$E$745,"=benefits",'ledger'!$G$2:$G$745,"apr26") -> -73437 | H51: =SUMIFS('ledger'!$F$2:$F$745,'ledger'!$C$2:$C$745,"=us",'ledger'!$D$2:$D$745,"=sales",'ledger'!$E$2:$E$745,"=benefits",'ledger'!$G$2:$G$745,"may26") -> -68526 | I51: =SUMIFS('ledger'!$F$2:$F$745,'ledger'!$C$2:$C$745,"=us",'ledger'!$D$2:$D$745,"=sales",'ledger'!$E$2:$E$745,"=benefits",'ledger'!$G$2:$G$745,"jun26") -> -69735 | J51: =SUMIFS('ledger'!$F$2:$F$745,'ledger'!$C$2:$C$745,"=us",'ledger'!$D$2:$D$745,"=sales",'ledger'!$E$2:$E$745,"=benefits",'ledger'!$G$2:$G$745,"jul26") -> -68580 | K51: =SUMIFS('ledger'!$F$2:$F$745,'ledger'!$C$2:$C$745,"=us",'ledger'!$D$2:$D$745,"=sales",'ledger'!$E$2:$E$745,"=benefits",'ledger'!$G$2:$G$745,"aug26") -> -75337 | L51: =(L39*'Forecast drivers'!J5) -> -85332.5 | M51: =(M39*'Forecast drivers'!K5) -> -88275 | N51: =(N39*'Forecast drivers'!L5) -> -88275 | O51: =(O39*'Forecast drivers'!M5) -> -91217.5
A52: Benefits and payroll taxes | B52: United States | C52: Marketing | D52: =SUMIFS('ledger'!$F$2:$F$745,'ledger'!$C$2:$C$745,"=us",'ledger'!$D$2:$D$745,"=marketing",'ledger'!$E$2:$E$745,"=benefits",'ledger'!$G$2:$G$745,"jan26") -> -22212 | E52: =SUMIFS('ledger'!$F$2:$F$745,'ledger'!$C$2:$C$745,"=us",'ledger'!$D$2:$D$745,"=marketing",'ledger'!$E$2:$E$745,"=benefits",'ledger'!$G$2:$G$745,"feb26") -> -22691 | F52: =SUMIFS('ledger'!$F$2:$F$745,'ledger'!$C$2:$C$745,"=us",'ledger'!$D$2:$D$745,"=marketing",'ledger'!$E$2:$E$745,"=benefits",'ledger'!$G$2:$G$745,"mar26") -> -25215 | G52: =SUMIFS('ledger'!$F$2:$F$745,'ledger'!$C$2:$C$745,"=us",'ledger'!$D$2:$D$745,"=marketing",'ledger'!$E$2:$E$745,"=benefits",'ledger'!$G$2:$G$745,"apr26") -> -24989 | H52: =SUMIFS('ledger'!$F$2:$F$745,'ledger'!$C$2:$C$745,"=us",'ledger'!$D$2:$D$745,"=marketing",'ledger'!$E$2:$E$745,"=benefits",'ledger'!$G$2:$G$745,"may26") -> -24848 | I52: =SUMIFS('ledger'!$F$2:$F$745,'ledger'!$C$2:$C$745,"=us",'ledger'!$D$2:$D$745,"=marketing",'ledger'!$E$2:$E$745,"=benefits",'ledger'!$G$2:$G$745,"jun26") -> -26927 | J52: =SUMIFS('ledger'!$F$2:$F$745,'ledger'!$C$2:$C$745,"=us",'ledger'!$D$2:$D$745,"=marketing",'ledger'!$E$2:$E$745,"=benefits",'ledger'!$G$2:$G$745,"jul26") -> -27433 | K52: =SUMIFS('ledger'!$F$2:$F$745,'ledger'!$C$2:$C$745,"=us",'ledger'!$D$2:$D$745,"=marketing",'ledger'!$E$2:$E$745,"=benefits",'ledger'!$G$2:$G$745,"aug26") -> -27222 | L52: =(L40*'Forecast drivers'!J5) -> -27463.333 | M52: =(M40*'Forecast drivers'!K5) -> -29960 | N52: =(N40*'Forecast drivers'!L5) -> -29960 | O52: =(O40*'Forecast drivers'!M5) -> -29960
A53: Benefits and payroll taxes | B53: United States | C53: Engineering | D53: =SUMIFS('ledger'!$F$2:$F$745,'ledger'!$C$2:$C$745,"=us",'ledger'!$D$2:$D$745,"=engineering",'ledger'!$E$2:$E$745,"=benefits",'ledger'!$G$2:$G$745,"jan26") -> -139371 | E53: =SUMIFS('ledger'!$F$2:$F$745,'ledger'!$C$2:$C$745,"=us",'ledger'!$D$2:$D$745,"=engineering",'ledger'!$E$2:$E$745,"=benefits",'ledger'!$G$2:$G$745,"feb26") -> -130686 | F53: =SUMIFS('ledger'!$F$2:$F$745,'ledger'!$C$2:$C$745,"=us",'ledger'!$D$2:$D$745,"=engineering",'ledger'!$E$2:$E$745,"=benefits",'ledger'!$G$2:$G$745,"mar26") -> -142184 | G53: =SUMIFS('ledger'!$F$2:$F$745,'ledger'!$C$2:$C$745,"=us",'ledger'!$D$2:$D$745,"=engineering",'ledger'!$E$2:$E$745,"=benefits",'ledger'!$G$2:$G$745,"apr26") -> -154501 | H53: =SUMIFS('ledger'!$F$2:$F$745,'ledger'!$C$2:$C$745,"=us",'ledger'!$D$2:$D$745,"=engineering",'ledger'!$E$2:$E$745,"=benefits",'ledger'!$G$2:$G$745,"may26") -> -138545 | I53: =SUMIFS('ledger'!$F$2:$F$745,'ledger'!$C$2:$C$745,"=us",'ledger'!$D$2:$D$745,"=engineering",'ledger'!$E$2:$E$745,"=benefits",'ledger'!$G$2:$G$745,"jun26") -> -152701 | J53: =SUMIFS('ledger'!$F$2:$F$745,'ledger'!$C$2:$C$745,"=us",'ledger'!$D$2:$D$745,"=engineering",'ledger'!$E$2:$E$745,"=benefits",'ledger'!$G$2:$G$745,"jul26") -> -153575 | K53: =SUMIFS('ledger'!$F$2:$F$745,'ledger'!$C$2:$C$745,"=us",'ledger'!$D$2:$D$745,"=engineering",'ledger'!$E$2:$E$745,"=benefits",'ledger'!$G$2:$G$745,"aug26") -> -172110 | L53: =(L41*'Forecast drivers'!J5) -> -176193.33 | M53: =(M41*'Forecast drivers'!K5) -> -179581.67 | N53: =(N41*'Forecast drivers'!L5) -> -182970 | O53: =(O41*'Forecast drivers'!M5) -> -186358.33
A54: Benefits and payroll taxes | B54: United States | C54: Customer success | D54: =SUMIFS('ledger'!$F$2:$F$745,'ledger'!$C$2:$C$745,"=us",'ledger'!$D$2:$D$745,"=customer_success",'ledger'!$E$2:$E$745,"=benefits",'ledger'!$G$2:$G$745,"jan26") -> -22234 | E54: =SUMIFS('ledger'!$F$2:$F$745,'ledger'!$C$2:$C$745,"=us",'ledger'!$D$2:$D$745,"=customer_success",'ledger'!$E$2:$E$745,"=benefits",'ledger'!$G$2:$G$745,"feb26") -> -25376 | F54: =SUMIFS('ledger'!$F$2:$F$745,'ledger'!$C$2:$C$745,"=us",'ledger'!$D$2:$D$745,"=customer_success",'ledger'!$E$2:$E$745,"=benefits",'ledger'!$G$2:$G$745,"mar26") -> -29272 | G54: =SUMIFS('ledger'!$F$2:$F$745,'ledger'!$C$2:$C$745,"=us",'ledger'!$D$2:$D$745,"=customer_success",'ledger'!$E$2:$E$745,"=benefits",'ledger'!$G$2:$G$745,"apr26") -> -26253 | H54: =SUMIFS('ledger'!$F$2:$F$745,'ledger'!$C$2:$C$745,"=us",'ledger'!$D$2:$D$745,"=customer_success",'ledger'!$E$2:$E$745,"=benefits",'ledger'!$G$2:$G$745,"may26") -> -28134 | I54: =SUMIFS('ledger'!$F$2:$F$745,'ledger'!$C$2:$C$745,"=us",'ledger'!$D$2:$D$745,"=customer_success",'ledger'!$E$2:$E$745,"=benefits",'ledger'!$G$2:$G$745,"jun26") -> -26010 | J54: =SUMIFS('ledger'!$F$2:$F$745,'ledger'!$C$2:$C$745,"=us",'ledger'!$D$2:$D$745,"=customer_success",'ledger'!$E$2:$E$745,"=benefits",'ledger'!$G$2:$G$745,"jul26") -> -28004 | K54: =SUMIFS('ledger'!$F$2:$F$745,'ledger'!$C$2:$C$745,"=us",'ledger'!$D$2:$D$745,"=customer_success",'ledger'!$E$2:$E$745,"=benefits",'ledger'!$G$2:$G$745,"aug26") -> -31417 | L54: =(L42*'Forecast drivers'!J5) -> -29425 | M54: =(M42*'Forecast drivers'!K5) -> -31386.667 | N54: =(N42*'Forecast drivers'!L5) -> -31386.667 | O54: =(O42*'Forecast drivers'!M5) -> -31386.667
A55: Benefits and payroll taxes | B55: United States | C55: G&A | D55: =SUMIFS('ledger'!$F$2:$F$745,'ledger'!$C$2:$C$745,"=us",'ledger'!$D$2:$D$745,"=g_and_a",'ledger'!$E$2:$E$745,"=benefits",'ledger'!$G$2:$G$745,"jan26") -> -26915 | E55: =SUMIFS('ledger'!$F$2:$F$745,'ledger'!$C$2:$C$745,"=us",'ledger'!$D$2:$D$745,"=g_and_a",'ledger'!$E$2:$E$745,"=benefits",'ledger'!$G$2:$G$745,"feb26") -> -28180 | F55: =SUMIFS('ledger'!$F$2:$F$745,'ledger'!$C$2:$C$745,"=us",'ledger'!$D$2:$D$745,"=g_and_a",'ledger'!$E$2:$E$745,"=benefits",'ledger'!$G$2:$G$745,"mar26") -> -25343 | G55: =SUMIFS('ledger'!$F$2:$F$745,'ledger'!$C$2:$C$745,"=us",'ledger'!$D$2:$D$745,"=g_and_a",'ledger'!$E$2:$E$745,"=benefits",'ledger'!$G$2:$G$745,"apr26") -> -28713 | H55: =SUMIFS('ledger'!$F$2:$F$745,'ledger'!$C$2:$C$745,"=us",'ledger'!$D$2:$D$745,"=g_and_a",'ledger'!$E$2:$E$745,"=benefits",'ledger'!$G$2:$G$745,"may26") -> -30304 | I55: =SUMIFS('ledger'!$F$2:$F$745,'ledger'!$C$2:$C$745,"=us",'ledger'!$D$2:$D$745,"=g_and_a",'ledger'!$E$2:$E$745,"=benefits",'ledger'!$G$2:$G$745,"jun26") -> -29107 | J55: =SUMIFS('ledger'!$F$2:$F$745,'ledger'!$C$2:$C$745,"=us",'ledger'!$D$2:$D$745,"=g_and_a",'ledger'!$E$2:$E$745,"=benefits",'ledger'!$G$2:$G$745,"jul26") -> -27624 | K55: =SUMIFS('ledger'!$F$2:$F$745,'ledger'!$C$2:$C$745,"=us",'ledger'!$D$2:$D$745,"=g_and_a",'ledger'!$E$2:$E$745,"=benefits",'ledger'!$G$2:$G$745,"aug26") -> -28152 | L55: =(L43*'Forecast drivers'!J5) -> -32100 | M55: =(M43*'Forecast drivers'!K5) -> -32100 | N55: =(N43*'Forecast drivers'!L5) -> -32100 | O55: =(O43*'Forecast drivers'!M5) -> -32100
A56: Benefits and payroll taxes | B56: United Kingdom | C56: Company (revenue and cost of revenue) | D56: =SUMIFS('ledger'!$F$2:$F$745,'ledger'!$C$2:$C$745,"=uk",'ledger'!$D$2:$D$745,"=company",'ledger'!$E$2:$E$745,"=benefits",'ledger'!$G$2:$G$745,"jan26") -> 0 | E56: =SUMIFS('ledger'!$F$2:$F$745,'ledger'!$C$2:$C$745,"=uk",'ledger'!$D$2:$D$745,"=company",'ledger'!$E$2:$E$745,"=benefits",'ledger'!$G$2:$G$745,"feb26") -> 0 | F56: =SUMIFS('ledger'!$F$2:$F$745,'ledger'!$C$2:$C$745,"=uk",'ledger'!$D$2:$D$745,"=company",'ledger'!$E$2:$E$745,"=benefits",'ledger'!$G$2:$G$745,"mar26") -> 0 | G56: =SUMIFS('ledger'!$F$2:$F$745,'ledger'!$C$2:$C$745,"=uk",'ledger'!$D$2:$D$745,"=company",'ledger'!$E$2:$E$745,"=benefits",'ledger'!$G$2:$G$745,"apr26") -> 0 | H56: =SUMIFS('ledger'!$F$2:$F$745,'ledger'!$C$2:$C$745,"=uk",'ledger'!$D$2:$D$745,"=company",'ledger'!$E$2:$E$745,"=benefits",'ledger'!$G$2:$G$745,"may26") -> 0 | I56: =SUMIFS('ledger'!$F$2:$F$745,'ledger'!$C$2:$C$745,"=uk",'ledger'!$D$2:$D$745,"=company",'ledger'!$E$2:$E$745,"=benefits",'ledger'!$G$2:$G$745,"jun26") -> 0 | J56: =SUMIFS('ledger'!$F$2:$F$745,'ledger'!$C$2:$C$745,"=uk",'ledger'!$D$2:$D$745,"=company",'ledger'!$E$2:$E$745,"=benefits",'ledger'!$G$2:$G$745,"jul26") -> 0 | K56: =SUMIFS('ledger'!$F$2:$F$745,'ledger'!$C$2:$C$745,"=uk",'ledger'!$D$2:$D$745,"=company",'ledger'!$E$2:$E$745,"=benefits",'ledger'!$G$2:$G$745,"aug26") -> 0 | L56: =(L44*'Forecast drivers'!J5) -> 0 | M56: =(M44*'Forecast drivers'!K5) -> 0 | N56: =(N44*'Forecast drivers'!L5) -> 0 | O56: =(O44*'Forecast drivers'!M5) -> 0
A57: Benefits and payroll taxes | B57: United Kingdom | C57: Sales | D57: =SUMIFS('ledger'!$F$2:$F$745,'ledger'!$C$2:$C$745,"=uk",'ledger'!$D$2:$D$745,"=sales",'ledger'!$E$2:$E$745,"=benefits",'ledger'!$G$2:$G$745,"jan26") -> -22149 | E57: =SUMIFS('ledger'!$F$2:$F$745,'ledger'!$C$2:$C$745,"=uk",'ledger'!$D$2:$D$745,"=sales",'ledger'!$E$2:$E$745,"=benefits",'ledger'!$G$2:$G$745,"feb26") -> -21722 | F57: =SUMIFS('ledger'!$F$2:$F$745,'ledger'!$C$2:$C$745,"=uk",'ledger'!$D$2:$D$745,"=sales",'ledger'!$E$2:$E$745,"=benefits",'ledger'!$G$2:$G$745,"mar26") -> -23672 | G57: =SUMIFS('ledger'!$F$2:$F$745,'ledger'!$C$2:$C$745,"=uk",'ledger'!$D$2:$D$745,"=sales",'ledger'!$E$2:$E$745,"=benefits",'ledger'!$G$2:$G$745,"apr26") -> -22535 | H57: =SUMIFS('ledger'!$F$2:$F$745,'ledger'!$C$2:$C$745,"=uk",'ledger'!$D$2:$D$745,"=sales",'ledger'!$E$2:$E$745,"=benefits",'ledger'!$G$2:$G$745,"may26") -> -20137 | I57: =SUMIFS('ledger'!$F$2:$F$745,'ledger'!$C$2:$C$745,"=uk",'ledger'!$D$2:$D$745,"=sales",'ledger'!$E$2:$E$745,"=benefits",'ledger'!$G$2:$G$745,"jun26") -> -21574 | J57: =SUMIFS('ledger'!$F$2:$F$745,'ledger'!$C$2:$C$745,"=uk",'ledger'!$D$2:$D$745,"=sales",'ledger'!$E$2:$E$745,"=benefits",'ledger'!$G$2:$G$745,"jul26") -> -23067 | K57: =SUMIFS('ledger'!$F$2:$F$745,'ledger'!$C$2:$C$745,"=uk",'ledger'!$D$2:$D$745,"=sales",'ledger'!$E$2:$E$745,"=benefits",'ledger'!$G$2:$G$745,"aug26") -> -22346 | L57: =(L45*'Forecast drivers'!J5) -> -29960 | M57: =(M45*'Forecast drivers'!K5) -> -29960 | N57: =(N45*'Forecast drivers'!L5) -> -29960 | O57: =(O45*'Forecast drivers'!M5) -> -29960
A58: Benefits and payroll taxes | B58: United Kingdom | C58: Marketing | D58: =SUMIFS('ledger'!$F$2:$F$745,'ledger'!$C$2:$C$745,"=uk",'ledger'!$D$2:$D$745,"=marketing",'ledger'!$E$2:$E$745,"=benefits",'ledger'!$G$2:$G$745,"jan26") -> -8478 | E58: =SUMIFS('ledger'!$F$2:$F$745,'ledger'!$C$2:$C$745,"=uk",'ledger'!$D$2:$D$745,"=marketing",'ledger'!$E$2:$E$745,"=benefits",'ledger'!$G$2:$G$745,"feb26") -> -8115 | F58: =SUMIFS('ledger'!$F$2:$F$745,'ledger'!$C$2:$C$745,"=uk",'ledger'!$D$2:$D$745,"=marketing",'ledger'!$E$2:$E$745,"=benefits",'ledger'!$G$2:$G$745,"mar26") -> -9893 | G58: =SUMIFS('ledger'!$F$2:$F$745,'ledger'!$C$2:$C$745,"=uk",'ledger'!$D$2:$D$745,"=marketing",'ledger'!$E$2:$E$745,"=benefits",'ledger'!$G$2:$G$745,"apr26") -> -10047 | H58: =SUMIFS('ledger'!$F$2:$F$745,'ledger'!$C$2:$C$745,"=uk",'ledger'!$D$2:$D$745,"=marketing",'ledger'!$E$2:$E$745,"=benefits",'ledger'!$G$2:$G$745,"may26") -> -10890 | I58: =SUMIFS('ledger'!$F$2:$F$745,'ledger'!$C$2:$C$745,"=uk",'ledger'!$D$2:$D$745,"=marketing",'ledger'!$E$2:$E$745,"=benefits",'ledger'!$G$2:$G$745,"jun26") -> -10641 | J58: =SUMIFS('ledger'!$F$2:$F$745,'ledger'!$C$2:$C$745,"=uk",'ledger'!$D$2:$D$745,"=marketing",'ledger'!$E$2:$E$745,"=benefits",'ledger'!$G$2:$G$745,"jul26") -> -13564 | K58: =SUMIFS('ledger'!$F$2:$F$745,'ledger'!$C$2:$C$745,"=uk",'ledger'!$D$2:$D$745,"=marketing",'ledger'!$E$2:$E$745,"=benefits",'ledger'!$G$2:$G$745,"aug26") -> -12349 | L58: =(L46*'Forecast drivers'!J5) -> -12733 | M58: =(M46*'Forecast drivers'!K5) -> -12733 | N58: =(N46*'Forecast drivers'!L5) -> -12733 | O58: =(O46*'Forecast drivers'!M5) -> -12733
A59: Benefits and payroll taxes | B59: United Kingdom | C59: Engineering | D59: =SUMIFS('ledger'!$F$2:$F$745,'ledger'!$C$2:$C$745,"=uk",'ledger'!$D$2:$D$745,"=engineering",'ledger'!$E$2:$E$745,"=benefits",'ledger'!$G$2:$G$745,"jan26") -> -49072 | E59: =SUMIFS('ledger'!$F$2:$F$745,'ledger'!$C$2:$C$745,"=uk",'ledger'!$D$2:$D$745,"=engineering",'ledger'!$E$2:$E$745,"=benefits",'ledger'!$G$2:$G$745,"feb26") -> -48125 | F59: =SUMIFS('ledger'!$F$2:$F$745,'ledger'!$C$2:$C$745,"=uk",'ledger'!$D$2:$D$745,"=engineering",'ledger'!$E$2:$E$745,"=benefits",'ledger'!$G$2:$G$745,"mar26") -> -52560 | G59: =SUMIFS('ledger'!$F$2:$F$745,'ledger'!$C$2:$C$745,"=uk",'ledger'!$D$2:$D$745,"=engineering",'ledger'!$E$2:$E$745,"=benefits",'ledger'!$G$2:$G$745,"apr26") -> -54197 | H59: =SUMIFS('ledger'!$F$2:$F$745,'ledger'!$C$2:$C$745,"=uk",'ledger'!$D$2:$D$745,"=engineering",'ledger'!$E$2:$E$745,"=benefits",'ledger'!$G$2:$G$745,"may26") -> -56118 | I59: =SUMIFS('ledger'!$F$2:$F$745,'ledger'!$C$2:$C$745,"=uk",'ledger'!$D$2:$D$745,"=engineering",'ledger'!$E$2:$E$745,"=benefits",'ledger'!$G$2:$G$745,"jun26") -> -60530 | J59: =SUMIFS('ledger'!$F$2:$F$745,'ledger'!$C$2:$C$745,"=uk",'ledger'!$D$2:$D$745,"=engineering",'ledger'!$E$2:$E$745,"=benefits",'ledger'!$G$2:$G$745,"jul26") -> -60587 | K59: =SUMIFS('ledger'!$F$2:$F$745,'ledger'!$C$2:$C$745,"=uk",'ledger'!$D$2:$D$745,"=engineering",'ledger'!$E$2:$E$745,"=benefits",'ledger'!$G$2:$G$745,"aug26") -> -55618 | L59: =(L47*'Forecast drivers'!J5) -> -72225 | M59: =(M47*'Forecast drivers'!K5) -> -72225 | N59: =(N47*'Forecast drivers'!L5) -> -75114 | O59: =(O47*'Forecast drivers'!M5) -> -75114
A60: Benefits and payroll taxes | B60: United Kingdom | C60: Customer success | D60: =SUMIFS('ledger'!$F$2:$F$745,'ledger'!$C$2:$C$745,"=uk",'ledger'!$D$2:$D$745,"=customer_success",'ledger'!$E$2:$E$745,"=benefits",'ledger'!$G$2:$G$745,"jan26") -> -8286 | E60: =SUMIFS('ledger'!$F$2:$F$745,'ledger'!$C$2:$C$745,"=uk",'ledger'!$D$2:$D$745,"=customer_success",'ledger'!$E$2:$E$745,"=benefits",'ledger'!$G$2:$G$745,"feb26") -> -7782 | F60: =SUMIFS('ledger'!$F$2:$F$745,'ledger'!$C$2:$C$745,"=uk",'ledger'!$D$2:$D$745,"=customer_success",'ledger'!$E$2:$E$745,"=benefits",'ledger'!$G$2:$G$745,"mar26") -> -8215 | G60: =SUMIFS('ledger'!$F$2:$F$745,'ledger'!$C$2:$C$745,"=uk",'ledger'!$D$2:$D$745,"=customer_success",'ledger'!$E$2:$E$745,"=benefits",'ledger'!$G$2:$G$745,"apr26") -> -8695 | H60: =SUMIFS('ledger'!$F$2:$F$745,'ledger'!$C$2:$C$745,"=uk",'ledger'!$D$2:$D$745,"=customer_success",'ledger'!$E$2:$E$745,"=benefits",'ledger'!$G$2:$G$745,"may26") -> -10421 | I60: =SUMIFS('ledger'!$F$2:$F$745,'ledger'!$C$2:$C$745,"=uk",'ledger'!$D$2:$D$745,"=customer_success",'ledger'!$E$2:$E$745,"=benefits",'ledger'!$G$2:$G$745,"jun26") -> -9490 | J60: =SUMIFS('ledger'!$F$2:$F$745,'ledger'!$C$2:$C$745,"=uk",'ledger'!$D$2:$D$745,"=customer_success",'ledger'!$E$2:$E$745,"=benefits",'ledger'!$G$2:$G$745,"jul26") -> -10063 | K60: =SUMIFS('ledger'!$F$2:$F$745,'ledger'!$C$2:$C$745,"=uk",'ledger'!$D$2:$D$745,"=customer_success",'ledger'!$E$2:$E$745,"=benefits",'ledger'!$G$2:$G$745,"aug26") -> -10896 | L60: =(L48*'Forecast drivers'!J5) -> -10058 | M60: =(M48*'Forecast drivers'!K5) -> -10058 | N60: =(N48*'Forecast drivers'!L5) -> -10058 | O60: =(O48*'Forecast drivers'!M5) -> -10058
A61: Benefits and payroll taxes | B61: United Kingdom | C61: G&A | D61: =SUMIFS('ledger'!$F$2:$F$745,'ledger'!$C$2:$C$745,"=uk",'ledger'!$D$2:$D$745,"=g_and_a",'ledger'!$E$2:$E$745,"=benefits",'ledger'!$G$2:$G$745,"jan26") -> -8697 | E61: =SUMIFS('ledger'!$F$2:$F$745,'ledger'!$C$2:$C$745,"=uk",'ledger'!$D$2:$D$745,"=g_and_a",'ledger'!$E$2:$E$745,"=benefits",'ledger'!$G$2:$G$745,"feb26") -> -8281 | F61: =SUMIFS('ledger'!$F$2:$F$745,'ledger'!$C$2:$C$745,"=uk",'ledger'!$D$2:$D$745,"=g_and_a",'ledger'!$E$2:$E$745,"=benefits",'ledger'!$G$2:$G$745,"mar26") -> -9018 | G61: =SUMIFS('ledger'!$F$2:$F$745,'ledger'!$C$2:$C$745,"=uk",'ledger'!$D$2:$D$745,"=g_and_a",'ledger'!$E$2:$E$745,"=benefits",'ledger'!$G$2:$G$745,"apr26") -> -8910 | H61: =SUMIFS('ledger'!$F$2:$F$745,'ledger'!$C$2:$C$745,"=uk",'ledger'!$D$2:$D$745,"=g_and_a",'ledger'!$E$2:$E$745,"=benefits",'ledger'!$G$2:$G$745,"may26") -> -9799 | I61: =SUMIFS('ledger'!$F$2:$F$745,'ledger'!$C$2:$C$745,"=uk",'ledger'!$D$2:$D$745,"=g_and_a",'ledger'!$E$2:$E$745,"=benefits",'ledger'!$G$2:$G$745,"jun26") -> -9291 | J61: =SUMIFS('ledger'!$F$2:$F$745,'ledger'!$C$2:$C$745,"=uk",'ledger'!$D$2:$D$745,"=g_and_a",'ledger'!$E$2:$E$745,"=benefits",'ledger'!$G$2:$G$745,"jul26") -> -9259 | K61: =SUMIFS('ledger'!$F$2:$F$745,'ledger'!$C$2:$C$745,"=uk",'ledger'!$D$2:$D$745,"=g_and_a",'ledger'!$E$2:$E$745,"=benefits",'ledger'!$G$2:$G$745,"aug26") -> -8929 | L61: =(L49*'Forecast drivers'!J5) -> -11413.333 | M61: =(M49*'Forecast drivers'!K5) -> -11413.333 | N61: =(N49*'Forecast drivers'!L5) -> -11413.333 | O61: =(O49*'Forecast drivers'!M5) -> -11413.333
A62: Commissions | B62: United States | C62: Company (revenue and cost of revenue) | D62: =SUMIFS('ledger'!$F$2:$F$745,'ledger'!$C$2:$C$745,"=us",'ledger'!$D$2:$D$745,"=company",'ledger'!$E$2:$E$745,"=commissions",'ledger'!$G$2:$G$745,"jan26") -> 0 | E62: =SUMIFS('ledger'!$F$2:$F$745,'ledger'!$C$2:$C$745,"=us",'ledger'!$D$2:$D$745,"=company",'ledger'!$E$2:$E$745,"=commissions",'ledger'!$G$2:$G$745,"feb26") -> 0 | F62: =SUMIFS('ledger'!$F$2:$F$745,'ledger'!$C$2:$C$745,"=us",'ledger'!$D$2:$D$745,"=company",'ledger'!$E$2:$E$745,"=commissions",'ledger'!$G$2:$G$745,"mar26") -> 0 | G62: =SUMIFS('ledger'!$F$2:$F$745,'ledger'!$C$2:$C$745,"=us",'ledger'!$D$2:$D$745,"=company",'ledger'!$E$2:$E$745,"=commissions",'ledger'!$G$2:$G$745,"apr26") -> 0 | H62: =SUMIFS('ledger'!$F$2:$F$745,'ledger'!$C$2:$C$745,"=us",'ledger'!$D$2:$D$745,"=company",'ledger'!$E$2:$E$745,"=commissions",'ledger'!$G$2:$G$745,"may26") -> 0 | I62: =SUMIFS('ledger'!$F$2:$F$745,'ledger'!$C$2:$C$745,"=us",'ledger'!$D$2:$D$745,"=company",'ledger'!$E$2:$E$745,"=commissions",'ledger'!$G$2:$G$745,"jun26") -> 0 | J62: =SUMIFS('ledger'!$F$2:$F$745,'ledger'!$C$2:$C$745,"=us",'ledger'!$D$2:$D$745,"=company",'ledger'!$E$2:$E$745,"=commissions",'ledger'!$G$2:$G$745,"jul26") -> 0 | K62: =SUMIFS('ledger'!$F$2:$F$745,'ledger'!$C$2:$C$745,"=us",'ledger'!$D$2:$D$745,"=company",'ledger'!$E$2:$E$745,"=commissions",'ledger'!$G$2:$G$745,"aug26") -> 0 | L62: =(K62*(1+'Forecast drivers'!J9)) -> 0 | M62: =(L62*(1+'Forecast drivers'!K9)) -> 0 | N62: =(M62*(1+'Forecast drivers'!L9)) -> 0 | O62: =(N62*(1+'Forecast drivers'!M9)) -> 0
A63: Commissions | B63: United States | C63: Sales | D63: =SUMIFS('ledger'!$F$2:$F$745,'ledger'!$C$2:$C$745,"=us",'ledger'!$D$2:$D$745,"=sales",'ledger'!$E$2:$E$745,"=commissions",'ledger'!$G$2:$G$745,"jan26") -> -179708 | E63: =SUMIFS('ledger'!$F$2:$F$745,'ledger'!$C$2:$C$745,"=us",'ledger'!$D$2:$D$745,"=sales",'ledger'!$E$2:$E$745,"=commissions",'ledger'!$G$2:$G$745,"feb26") -> -199370 | F63: =SUMIFS('ledger'!$F$2:$F$745,'ledger'!$C$2:$C$745,"=us",'ledger'!$D$2:$D$745,"=sales",'ledger'!$E$2:$E$745,"=commissions",'ledger'!$G$2:$G$745,"mar26") -> -222066 | G63: =SUMIFS('ledger'!$F$2:$F$745,'ledger'!$C$2:$C$745,"=us",'ledger'!$D$2:$D$745,"=sales",'ledger'!$E$2:$E$745,"=commissions",'ledger'!$G$2:$G$745,"apr26") -> -198137 | H63: =SUMIFS('ledger'!$F$2:$F$745,'ledger'!$C$2:$C$745,"=us",'ledger'!$D$2:$D$745,"=sales",'ledger'!$E$2:$E$745,"=commissions",'ledger'!$G$2:$G$745,"may26") -> -217999 | I63: =SUMIFS('ledger'!$F$2:$F$745,'ledger'!$C$2:$C$745,"=us",'ledger'!$D$2:$D$745,"=sales",'ledger'!$E$2:$E$745,"=commissions",'ledger'!$G$2:$G$745,"jun26") -> -216081 | J63: =SUMIFS('ledger'!$F$2:$F$745,'ledger'!$C$2:$C$745,"=us",'ledger'!$D$2:$D$745,"=sales",'ledger'!$E$2:$E$745,"=commissions",'ledger'!$G$2:$G$745,"jul26") -> -210832 | K63: =SUMIFS('ledger'!$F$2:$F$745,'ledger'!$C$2:$C$745,"=us",'ledger'!$D$2:$D$745,"=sales",'ledger'!$E$2:$E$745,"=commissions",'ledger'!$G$2:$G$745,"aug26") -> -200551 | L63: =(-(L2)*'Forecast drivers'!J6) -> -217627.56 | M63: =(-(M2)*'Forecast drivers'!K6) -> -221762.49 | N63: =(-(N2)*'Forecast drivers'!L6) -> -225975.98 | O63: =(-(O2)*'Forecast drivers'!M6) -> -230269.52
A64: Commissions | B64: United States | C64: Marketing | D64: =SUMIFS('ledger'!$F$2:$F$745,'ledger'!$C$2:$C$745,"=us",'ledger'!$D$2:$D$745,"=marketing",'ledger'!$E$2:$E$745,"=commissions",'ledger'!$G$2:$G$745,"jan26") -> 0 | E64: =SUMIFS('ledger'!$F$2:$F$745,'ledger'!$C$2:$C$745,"=us",'ledger'!$D$2:$D$745,"=marketing",'ledger'!$E$2:$E$745,"=commissions",'ledger'!$G$2:$G$745,"feb26") -> 0 | F64: =SUMIFS('ledger'!$F$2:$F$745,'ledger'!$C$2:$C$745,"=us",'ledger'!$D$2:$D$745,"=marketing",'ledger'!$E$2:$E$745,"=commissions",'ledger'!$G$2:$G$745,"mar26") -> 0 | G64: =SUMIFS('ledger'!$F$2:$F$745,'ledger'!$C$2:$C$745,"=us",'ledger'!$D$2:$D$745,"=marketing",'ledger'!$E$2:$E$745,"=commissions",'ledger'!$G$2:$G$745,"apr26") -> 0 | H64: =SUMIFS('ledger'!$F$2:$F$745,'ledger'!$C$2:$C$745,"=us",'ledger'!$D$2:$D$745,"=marketing",'ledger'!$E$2:$E$745,"=commissions",'ledger'!$G$2:$G$745,"may26") -> 0 | I64: =SUMIFS('ledger'!$F$2:$F$745,'ledger'!$C$2:$C$745,"=us",'ledger'!$D$2:$D$745,"=marketing",'ledger'!$E$2:$E$745,"=commissions",'ledger'!$G$2:$G$745,"jun26") -> 0 | J64: =SUMIFS('ledger'!$F$2:$F$745,'ledger'!$C$2:$C$745,"=us",'ledger'!$D$2:$D$745,"=marketing",'ledger'!$E$2:$E$745,"=commissions",'ledger'!$G$2:$G$745,"jul26") -> 0 | K64: =SUMIFS('ledger'!$F$2:$F$745,'ledger'!$C$2:$C$745,"=us",'ledger'!$D$2:$D$745,"=marketing",'ledger'!$E$2:$E$745,"=commissions",'ledger'!$G$2:$G$745,"aug26") -> 0 | L64: =(K64*(1+'Forecast drivers'!J9)) -> 0 | M64: =(L64*(1+'Forecast drivers'!K9)) -> 0 | N64: =(M64*(1+'Forecast drivers'!L9)) -> 0 | O64: =(N64*(1+'Forecast drivers'!M9)) -> 0
A65: Commissions | B65: United States | C65: Engineering | D65: =SUMIFS('ledger'!$F$2:$F$745,'ledger'!$C$2:$C$745,"=us",'ledger'!$D$2:$D$745,"=engineering",'ledger'!$E$2:$E$745,"=commissions",'ledger'!$G$2:$G$745,"jan26") -> 0 | E65: =SUMIFS('ledger'!$F$2:$F$745,'ledger'!$C$2:$C$745,"=us",'ledger'!$D$2:$D$745,"=engineering",'ledger'!$E$2:$E$745,"=commissions",'ledger'!$G$2:$G$745,"feb26") -> 0 | F65: =SUMIFS('ledger'!$F$2:$F$745,'ledger'!$C$2:$C$745,"=us",'ledger'!$D$2:$D$745,"=engineering",'ledger'!$E$2:$E$745,"=commissions",'ledger'!$G$2:$G$745,"mar26") -> 0 | G65: =SUMIFS('ledger'!$F$2:$F$745,'ledger'!$C$2:$C$745,"=us",'ledger'!$D$2:$D$745,"=engineering",'ledger'!$E$2:$E$745,"=commissions",'ledger'!$G$2:$G$745,"apr26") -> 0 | H65: =SUMIFS('ledger'!$F$2:$F$745,'ledger'!$C$2:$C$745,"=us",'ledger'!$D$2:$D$745,"=engineering",'ledger'!$E$2:$E$745,"=commissions",'ledger'!$G$2:$G$745,"may26") -> 0 | I65: =SUMIFS('ledger'!$F$2:$F$745,'ledger'!$C$2:$C$745,"=us",'ledger'!$D$2:$D$745,"=engineering",'ledger'!$E$2:$E$745,"=commissions",'ledger'!$G$2:$G$745,"jun26") -> 0 | J65: =SUMIFS('ledger'!$F$2:$F$745,'ledger'!$C$2:$C$745,"=us",'ledger'!$D$2:$D$745,"=engineering",'ledger'!$E$2:$E$745,"=commissions",'ledger'!$G$2:$G$745,"jul26") -> 0 | K65: =SUMIFS('ledger'!$F$2:$F$745,'ledger'!$C$2:$C$745,"=us",'ledger'!$D$2:$D$745,"=engineering",'ledger'!$E$2:$E$745,"=commissions",'ledger'!$G$2:$G$745,"aug26") -> 0 | L65: =(K65*(1+'Forecast drivers'!J9)) -> 0 | M65: =(L65*(1+'Forecast drivers'!K9)) -> 0 | N65: =(M65*(1+'Forecast drivers'!L9)) -> 0 | O65: =(N65*(1+'Forecast drivers'!M9)) -> 0
A66: Commissions | B66: United States | C66: Customer success | D66: =SUMIFS('ledger'!$F$2:$F$745,'ledger'!$C$2:$C$745,"=us",'ledger'!$D$2:$D$745,"=customer_success",'ledger'!$E$2:$E$745,"=commissions",'ledger'!$G$2:$G$745,"jan26") -> 0 | E66: =SUMIFS('ledger'!$F$2:$F$745,'ledger'!$C$2:$C$745,"=us",'ledger'!$D$2:$D$745,"=customer_success",'ledger'!$E$2:$E$745,"=commissions",'ledger'!$G$2:$G$745,"feb26") -> 0 | F66: =SUMIFS('ledger'!$F$2:$F$745,'ledger'!$C$2:$C$745,"=us",'ledger'!$D$2:$D$745,"=customer_success",'ledger'!$E$2:$E$745,"=commissions",'ledger'!$G$2:$G$745,"mar26") -> 0 | G66: =SUMIFS('ledger'!$F$2:$F$745,'ledger'!$C$2:$C$745,"=us",'ledger'!$D$2:$D$745,"=customer_success",'ledger'!$E$2:$E$745,"=commissions",'ledger'!$G$2:$G$745,"apr26") -> 0 | H66: =SUMIFS('ledger'!$F$2:$F$745,'ledger'!$C$2:$C$745,"=us",'ledger'!$D$2:$D$745,"=customer_success",'ledger'!$E$2:$E$745,"=commissions",'ledger'!$G$2:$G$745,"may26") -> 0 | I66: =SUMIFS('ledger'!$F$2:$F$745,'ledger'!$C$2:$C$745,"=us",'ledger'!$D$2:$D$745,"=customer_success",'ledger'!$E$2:$E$745,"=commissions",'ledger'!$G$2:$G$745,"jun26") -> 0 | J66: =SUMIFS('ledger'!$F$2:$F$745,'ledger'!$C$2:$C$745,"=us",'ledger'!$D$2:$D$745,"=customer_success",'ledger'!$E$2:$E$745,"=commissions",'ledger'!$G$2:$G$745,"jul26") -> 0 | K66: =SUMIFS('ledger'!$F$2:$F$745,'ledger'!$C$2:$C$745,"=us",'ledger'!$D$2:$D$745,"=customer_success",'ledger'!$E$2:$E$745,"=commissions",'ledger'!$G$2:$G$745,"aug26") -> 0 | L66: =(K66*(1+'Forecast drivers'!J9)) -> 0 | M66: =(L66*(1+'Forecast drivers'!K9)) -> 0 | N66: =(M66*(1+'Forecast drivers'!L9)) -> 0 | O66: =(N66*(1+'Forecast drivers'!M9)) -> 0
A67: Commissions | B67: United States | C67: G&A | D67: =SUMIFS('ledger'!$F$2:$F$745,'ledger'!$C$2:$C$745,"=us",'ledger'!$D$2:$D$745,"=g_and_a",'ledger'!$E$2:$E$745,"=commissions",'ledger'!$G$2:$G$745,"jan26") -> 0 | E67: =SUMIFS('ledger'!$F$2:$F$745,'ledger'!$C$2:$C$745,"=us",'ledger'!$D$2:$D$745,"=g_and_a",'ledger'!$E$2:$E$745,"=commissions",'ledger'!$G$2:$G$745,"feb26") -> 0 | F67: =SUMIFS('ledger'!$F$2:$F$745,'ledger'!$C$2:$C$745,"=us",'ledger'!$D$2:$D$745,"=g_and_a",'ledger'!$E$2:$E$745,"=commissions",'ledger'!$G$2:$G$745,"mar26") -> 0 | G67: =SUMIFS('ledger'!$F$2:$F$745,'ledger'!$C$2:$C$745,"=us",'ledger'!$D$2:$D$745,"=g_and_a",'ledger'!$E$2:$E$745,"=commissions",'ledger'!$G$2:$G$745,"apr26") -> 0 | H67: =SUMIFS('ledger'!$F$2:$F$745,'ledger'!$C$2:$C$745,"=us",'ledger'!$D$2:$D$745,"=g_and_a",'ledger'!$E$2:$E$745,"=commissions",'ledger'!$G$2:$G$745,"may26") -> 0 | I67: =SUMIFS('ledger'!$F$2:$F$745,'ledger'!$C$2:$C$745,"=us",'ledger'!$D$2:$D$745,"=g_and_a",'ledger'!$E$2:$E$745,"=commissions",'ledger'!$G$2:$G$745,"jun26") -> 0 | J67: =SUMIFS('ledger'!$F$2:$F$745,'ledger'!$C$2:$C$745,"=us",'ledger'!$D$2:$D$745,"=g_and_a",'ledger'!$E$2:$E$745,"=commissions",'ledger'!$G$2:$G$745,"jul26") -> 0 | K67: =SUMIFS('ledger'!$F$2:$F$745,'ledger'!$C$2:$C$745,"=us",'ledger'!$D$2:$D$745,"=g_and_a",'ledger'!$E$2:$E$745,"=commissions",'ledger'!$G$2:$G$745,"aug26") -> 0 | L67: =(K67*(1+'Forecast drivers'!J9)) -> 0 | M67: =(L67*(1+'Forecast drivers'!K9)) -> 0 | N67: =(M67*(1+'Forecast drivers'!L9)) -> 0 | O67: =(N67*(1+'Forecast drivers'!M9)) -> 0
A68: Commissions | B68: United Kingdom | C68: Company (revenue and cost of revenue) | D68: =SUMIFS('ledger'!$F$2:$F$745,'ledger'!$C$2:$C$745,"=uk",'ledger'!$D$2:$D$745,"=company",'ledger'!$E$2:$E$745,"=commissions",'ledger'!$G$2:$G$745,"jan26") -> 0 | E68: =SUMIFS('ledger'!$F$2:$F$745,'ledger'!$C$2:$C$745,"=uk",'ledger'!$D$2:$D$745,"=company",'ledger'!$E$2:$E$745,"=commissions",'ledger'!$G$2:$G$745,"feb26") -> 0 | F68: =SUMIFS('ledger'!$F$2:$F$745,'ledger'!$C$2:$C$745,"=uk",'ledger'!$D$2:$D$745,"=company",'ledger'!$E$2:$E$745,"=commissions",'ledger'!$G$2:$G$745,"mar26") -> 0 | G68: =SUMIFS('ledger'!$F$2:$F$745,'ledger'!$C$2:$C$745,"=uk",'ledger'!$D$2:$D$745,"=company",'ledger'!$E$2:$E$745,"=commissions",'ledger'!$G$2:$G$745,"apr26") -> 0 | H68: =SUMIFS('ledger'!$F$2:$F$745,'ledger'!$C$2:$C$745,"=uk",'ledger'!$D$2:$D$745,"=company",'ledger'!$E$2:$E$745,"=commissions",'ledger'!$G$2:$G$745,"may26") -> 0 | I68: =SUMIFS('ledger'!$F$2:$F$745,'ledger'!$C$2:$C$745,"=uk",'ledger'!$D$2:$D$745,"=company",'ledger'!$E$2:$E$745,"=commissions",'ledger'!$G$2:$G$745,"jun26") -> 0 | J68: =SUMIFS('ledger'!$F$2:$F$745,'ledger'!$C$2:$C$745,"=uk",'ledger'!$D$2:$D$745,"=company",'ledger'!$E$2:$E$745,"=commissions",'ledger'!$G$2:$G$745,"jul26") -> 0 | K68: =SUMIFS('ledger'!$F$2:$F$745,'ledger'!$C$2:$C$745,"=uk",'ledger'!$D$2:$D$745,"=company",'ledger'!$E$2:$E$745,"=commissions",'ledger'!$G$2:$G$745,"aug26") -> 0 | L68: =(K68*(1+'Forecast drivers'!J9)) -> 0 | M68: =(L68*(1+'Forecast drivers'!K9)) -> 0 | N68: =(M68*(1+'Forecast drivers'!L9)) -> 0 | O68: =(N68*(1+'Forecast drivers'!M9)) -> 0
A69: Commissions | B69: United Kingdom | C69: Sales | D69: =SUMIFS('ledger'!$F$2:$F$745,'ledger'!$C$2:$C$745,"=uk",'ledger'!$D$2:$D$745,"=sales",'ledger'!$E$2:$E$745,"=commissions",'ledger'!$G$2:$G$745,"jan26") -> -85470 | E69: =SUMIFS('ledger'!$F$2:$F$745,'ledger'!$C$2:$C$745,"=uk",'ledger'!$D$2:$D$745,"=sales",'ledger'!$E$2:$E$745,"=commissions",'ledger'!$G$2:$G$745,"feb26") -> -77441 | F69: =SUMIFS('ledger'!$F$2:$F$745,'ledger'!$C$2:$C$745,"=uk",'ledger'!$D$2:$D$745,"=sales",'ledger'!$E$2:$E$745,"=commissions",'ledger'!$G$2:$G$745,"mar26") -> -87620 | G69: =SUMIFS('ledger'!$F$2:$F$745,'ledger'!$C$2:$C$745,"=uk",'ledger'!$D$2:$D$745,"=sales",'ledger'!$E$2:$E$745,"=commissions",'ledger'!$G$2:$G$745,"apr26") -> -93141 | H69: =SUMIFS('ledger'!$F$2:$F$745,'ledger'!$C$2:$C$745,"=uk",'ledger'!$D$2:$D$745,"=sales",'ledger'!$E$2:$E$745,"=commissions",'ledger'!$G$2:$G$745,"may26") -> -90634 | I69: =SUMIFS('ledger'!$F$2:$F$745,'ledger'!$C$2:$C$745,"=uk",'ledger'!$D$2:$D$745,"=sales",'ledger'!$E$2:$E$745,"=commissions",'ledger'!$G$2:$G$745,"jun26") -> -87211 | J69: =SUMIFS('ledger'!$F$2:$F$745,'ledger'!$C$2:$C$745,"=uk",'ledger'!$D$2:$D$745,"=sales",'ledger'!$E$2:$E$745,"=commissions",'ledger'!$G$2:$G$745,"jul26") -> -86310 | K69: =SUMIFS('ledger'!$F$2:$F$745,'ledger'!$C$2:$C$745,"=uk",'ledger'!$D$2:$D$745,"=sales",'ledger'!$E$2:$E$745,"=commissions",'ledger'!$G$2:$G$745,"aug26") -> -90652 | L69: =(-(L8)*'Forecast drivers'!J6) -> -93082.392 | M69: =(-(M8)*'Forecast drivers'!K6) -> -94850.958 | N69: =(-(N8)*'Forecast drivers'!L6) -> -96653.126 | O69: =(-(O8)*'Forecast drivers'!M6) -> -98489.535
